Workbook
Name OLE_LINK72: ' Exemple avec SCHL'!$G$19

Sheet  Exemple avec SCHL
B1: Identification de l'immeuble | F1: DROITS DE MUTATION (taxe de bienvenue) | M1: Mise de fonds | N1: Prime s'appliquant au montant du prêt | P1: Montant assurance prêt hypothécaire
A2: Date: | F2: Si l'immeuble est à Montréal, inscrire < 1 > =========> | I2: 0 | M2: 0.35 | N2: 0 | O2: =IF(C18>(M2-0.0001),1,0) -> 0 | P2: =B19*O2*N2 -> 0
A3: Adresse complète: | F3: Si l'immeuble est hors Montréal, inscrire < 0 > =======> | M3: 0.25 | N3: 0 | O3: =IF(AND(C18>(M3-0.0001),C18<(M2-0.0001)),1,0) -> 1 | P3: =B19*O3*N3 -> 0
A4: Ville: | F4: Montant sur lequel est calculé le droit de mutation | I4: =MAX(B16,B49) -> 793000 | M4: 0.2 | N4: 0 | O4: =IF(AND(C18>(M4-0.0001),C18<(M3-0.0001)),1,0) -> 0 | P4: =B19*O4*N4 -> 0
A5: Code postal: | F5: Prix d'achat | I5: =B16 -> 685000 | M5: 0.15 | N5: =IF('Financement avec SCHL'!D3=25,2.8%)+IF('Financement avec SCHL'!D3=30,2.8%+0.25%)+IF('Financement avec SCHL'!D3=35,2.8%+0.5%)+IF('Financement avec SCHL'!D3=40,2.8%+0.75%) -> 0.028 | O5: =IF(AND(C18>(M5-0.0001),C18<(M4-0.0001)),1,0) -> 0 | P5: =B19*O5*N5 -> 0
F6: Total évaluation municipale de l'immeuble | I6: =B49 -> 793000 | M6: 0.1 | N6: 0.031 | O6: =IF(AND(C18>(M6-0.0001),C18<(M5-0.0001)),1,0) -> 0 | P6: =B19*O6*N6 -> 0
M7: 0.05 | N7: 0.04 | O7: =IF(AND(C18>(M7-0.0001),C18<(M6-0.0001)),1,0) -> 0 | P7: =B19*O7*N7 -> 0
G8: www.patricemenard.com/indice
B9: Valeur | E9: Dépenses
A10: Valeur marchande de l'immeuble (référence à 13x les revenus) | B10: =B35*C10 -> 708240 | C10: 13 | D10: Taxes municipales (10% à 16%) | E10: 7376 | F10: =E10/B38 -> 0.14557971 | G10: TGA Juste Valeur Machande (JVM) | H10: 0.042
A11: Juste Valeur Marchande de l'immeuble | B11: =B41/H10 -> 537463.05 | C11: =B11/B38 -> 10.607879 | D11: Taxes scolaires (2% à 4%) | E11: 655 | F11: =E11/B38 -> 0.0129277 | G11: TGA Juste Valeur Machande (indice résultat) | H11: =B41/B16 -> 0.032953939
A12: Valeur Économique de l'immeuble | B12: =PV('Financement avec SCHL'!D2/12,'Financement avec SCHL'!D3*12,'Financement avec SCHL'!D4,0,1) -> -513855.67 | C12: =-1*(B12/B38) -> 10.141942 | D12: Assurance (3% à 5%) | E12: 2386 | F12: =E12/B38 -> 0.047092353 | G12: TGA Valeur Économique (indice résultat) | H12: =ABS((B41/B12)) -> 0.04392955
A13: Valeur Paritaire de l'immeuble | B13: =B41/H13 -> 587211.86 | C13: =B13/B38 -> 11.589769 | D13: Chauffage | E13: 0 | F13: =E13/B38 -> 0 | G13: TGA Paritaire (indice résultat) | H13: =(H11+H12)/2 -> 0.038441744
A14: Financement de la banque | B14: =IF(AND(B24>1,B24<5),80%,IF(AND(B24>4,B24<7),75%,IF(B24>6,85%,))) -> 0.75 | D14: Électricité, gaz, huile | E14: 4506 | F14: =E14/B38 -> 0.088934679
A15: Montant que la banque va financer entre JVM et VÉ | B15: =MIN(ABS(B12),ABS(B11)) -> 513855.67 | D15: Partie commune (1%) | E15: 0 | F15: =E15/B38 -> 0 | G15: Ratio de couverture de la dette | H15: =B41/B42 -> 0.73338
A16: Prix d'achat | B16: 685000 | D16: Conciergerie (2% à 5%) | E16: =IF(AND(B24>5,B24<7),B24*125,IF(AND(B24>6,B24<12),B24*175,IF(B24>11,B24*300,))) -> 750 | F16: =E16/B38 -> 0.014802709
A17: Prix par logement | B17: =B16/B24 -> 114166.67 | D17: Entretien (4% à 8%) | E17: 0 | F17: =E17/B38 -> 0 | G17: Ratio minimum d'occupation (TMO) | H17: =(E38+B42)/B38 -> 1.1619726
A18: Mise de fonds initiale | B18: =B16*C18 -> 171250 | C18: =1-B14 -> 0.25 | D18: Administration (3% à 5%) | E18: =IF(AND(B24>1,B24<7),B38*3%,IF(AND(B24>6,B24<12),B38*4%,IF(B24>11,B38*5%,))) -> 1519.992 | F18: =E18/B38 -> 0.03
A19: Montant de l'hypothèque | B19: =B16-B18 -> 513750 | D19: Fonds de prévoyance (10%) | E19: =B38*10% -> 5066.64 | F19: =E19/B38 -> 0.1 | G19: Ratio prix d’achat / Évaluation municipale | H19: =B16/B48 -> 0.86380832
A20: Assurance prêt SCHL | B20: =SUM(P2:P7) -> 0 | C20: =B20/B19 -> 0 | D20: Réserve | E20: =IF(AND(B24>5,B24<12),B24*500,IF(B24>11,B24*500,)) -> 3000 | F20: =E20/B38 -> 0.059210838
A21: GRAND TOTAL du montant de l'hypothèque à financer | B21: =B19+B20 -> 513750 | D21: Frais de gestion (5% à 10%) | E21: =IF(AND(B24>5,B24<12),B38*5%,IF(AND(B24>6,B24<12),B38*5%,IF(B24>11,B38*5%,))) -> 2533.32 | F21: =E21/B38 -> 0.05 | G21: Taux de Rentabilité Interne (TRI) | H21: =IRR('Flux financier avec SCHL'!C24:AB24,0) -> -0.028837269
D22: Publicité (2%) | E22: 0 | F22: =E22/B38 -> 0
B23: Revenus | D23: Eau | E23: 0 | F23: =E23/B38 -> 0 | G23: Valeur Actuelle Nette (VAN) | H23: =NPV(H10,'Flux financier avec SCHL'!C24:AB24)+'Flux financier avec SCHL'!C24 -> -331754.4
A24: Nombre de logement dans l'immeuble | B24: 6 | D24: Égout | E24: 0 | F24: =E24/B38 -> 0
A25: Prix de location ACTUEL par logement (mensuel) | B25: =(((B26*12)/12)/B24) -> 756.66667 | D25: Déneigement | E25: 300 | F25: =E25/B38 -> 0.0059210838 | G25: Délai de récupération MDF (payback) | H25: =B18/B45 -> -20.867432 | I25: ans
A26: Revenu total ACTUEL de location (mensuel) | B26: =B27/12 -> 4540 | D26: Gazon | E26: 0 | F26: =E26/B38 -> 0
A27: Revenu total ACTUEL de location (annuel) | B27: 54480 | D27: Vidange | E27: 0 | F27: =E27/B38 -> 0 | G27: MRB (Multiplicateur de revenu brut) | H27: =B16/B35 -> 12.573421
A28: Nouveau revenu de location ANNUEL (suite au renouvellement de bail) | B28: 54480 | C28: =(B28-B35)/12/B24/B35*100 -> 0 | D28: Buanderie | E28: 0 | F28: =E28/B38 -> 0
A29: Prix du loyer ACTUEL du marché (mensuel) | B29: 756.67 | C29: Mapliv | D29: Cabanons | E29: 0 | F29: =E29/B38 -> 0 | G29: MRN (Multiplicateur de revenu net) | H29: =B16/B41 -> 30.345386
A30: Nouveau revenu total de loyer du marché (mensuel) | B30: =B29*B24 -> 4540.02 | C30: =-1+B30/((B26*12)/12) -> 4.4052863e-06 | D30: Garage | E30: 0 | F30: =E30/B38 -> 0
A31: Nouveau revenu de location annuel (optimisé du marché) | B31: =B30*12 -> 54480.24 | D31: Remise | E31: 0 | F31: =E31/B38 -> 0
A32: Optimisation de la valeur de l'immeuble | B32: =B33-B16 -> 3.0176211 | D32: Stationnements | E32: 0 | F32: =E32/B38 -> 0
A33: Nouvelle valeur marchande de l'immeuble selon le MRB | B33: =B31*H27 -> 685003.02 | C33: =B32/B16*100/100 -> 4.4052863e-06 | D33: Ascenseurs | E33: 0 | F33: =E33/B38 -> 0 | G33: DÉPENSES FIXES D'ACQUISITION | J33: Capitalisable = X
D34: Entretien piscine | E34: 0 | F34: =E34/B38 -> 0 | G34: Droits de mutations (taxe de bienvenue) | H34: =IF(I2=1,ROUND(+(IF(I4<50000.01,I4*0.005,0))+(IF((AND(I4>50000,I4<250000.01)),250+(I4-50000)*0.01,0))+(IF((AND(I4>250000,I4<500000.01)),2250+(I4-250000)*0.015,0))+ (IF((AND(I4>500000,I4<1000000.01)),6000+(I4-500000)*0.02,0))+(IF(I4>1000000,16000+(I4-1000000)*0.025,0)),2),ROUND(+(IF(I4<50000.01,I4*0.005,0))+(IF((AND(I4>50000,I4<250000.01)),250+(I4-50000)*0.01,0))+(IF(I4>250000,2250+(I4-250000)*0.015,0)),2)) -> 10395 | I34: =H34/H50 -> 0.8198095 | J34: X
A35: Total des revenus annuel bruts POTENTIELS | B35: =B38+B36+B37 -> 54480 | D35: Location chauffe-eau | E35: 0 | F35: =E35/B38 -> 0 | G35: Frais de notaire | H35: 1250 | I35: =H35/H50 -> 0.098582191 | J35: X
A36: Taux d'inoccupation des logements (3% à 8%) | B36: =(B26*12)*C36 -> 2724 | C36: 0.05 | D36: Électroménagers | E36: 0 | F36: =E36/B38 -> 0 | G36: Assurance prêt SCHL (TVQ sur le prêt) | H36: =B20*1.09975-B20 -> 0 | I36: =H36/H50 -> 0 | J36: Dépense
A37: Mauvaises créances (1% à 3%) | B37: =(B26*12)*C37 -> 1089.6 | C37: 0.02 | D37: Divers (1% à 5%) | E37: 0 | F37: =E37/B38 -> 0 | G37: Droits d'évaluation SCHL (frais par logement) | H37: =IF(AND(B24>4,B24<101),B24*150*1.14975,IF(B24>100,B24*100*1.14975,)) -> 1034.775 | I37: =H37/H50 -> 0.081608309 | J37: Dépense
A38: Total des revenus annuel bruts EFFECTIFS | B38: =(B26*12)-B36-B37 -> 50666.4 | D38: TOTAL DES DÉPENSES | E38: =B40 -> 28092.952 | F38: =C40 -> 0.55446908 | G38: Ajustement de taxes municipale & scolaire | H38: 0 | I38: =H38/H50 -> 0 | J38: Dépense
G39: Certificat de localisation | H39: 0 | I39: =H39/H50 -> 0 | J39: X
A40: Dépenses annuelles (frais d'exploitation) | B40: =E10+E11+E12+E13+E14+E15+E16+E17+E18+E19+E20+E21+E22+E23+E24+E25+E26+E27+E28+E29+E30+E31+E32+E33+E34+E35++E36+E37 -> 28092.952 | C40: =B40/B38 -> 0.55446908 | G40: Infrastructures | H40: 0 | I40: =H40/H50 -> 0 | J40: X
A41: Revenu net d'opération | B41: =B38-B40 -> 22573.448 | C41: =B41/B38 -> 0.44553092 | G41: Déménagement | H41: 0 | I41: =H41/H50 -> 0 | J41: Dépense
A42: Dette (capital & intérêts) | B42: ='Financement avec SCHL'!D28+'Financement avec SCHL'!E28 -> 30780.016 | C42: =B42/B38 -> 0.60750351 | G42: Inspection du bâtiment | H42: 0 | I42: =H42/H50 -> 0 | J42: X
A43: Encaisse net (cash flow) PAR LOGEMENT | B43: =B44/B24 -> -113.98011 | C43: =C44/12 -> -0.00033278865 | G43: Évaluateur agréé | H43: 0 | I43: =H43/H50 -> 0 | J43: X
A44: Encaisse net (cash flow) MENSUEL | B44: =B45/12 -> -683.88067 | C44: =C45/12 -> -0.0039934637 | G44: Test de pyrite | H44: 0 | I44: =H44/H50 -> 0 | J44: X
A45: Encaisse net (cash flow) ANNUEL | B45: =B41-B42 -> -8206.568 | C45: =B45/B18 -> -0.047921565 | G45: Test d'amiante | H45: 0 | I45: =H45/H50 -> 0 | J45: X
G46: Test d'environnement / Sol | H46: 0 | I46: =H46/H50 -> 0 | J46: X
A47: Évaluation municipale du terrain | B47: 0 | G47: Frais d'incorporation | H47: 0 | I47: =H47/H50 -> 0 | J47: X
A48: Évaluation municipale de la bâtisse | B48: 793000 | G48: Autres | H48: 0 | I48: =H48/H50 -> 0 | J48: X
A49: Total évaluation municipale de l'immeuble | B49: =B47+B48 -> 793000 | G49: Réparations à l'acquisition | H49: 0 | I49: =H49/H50 -> 0 | J49: X
A50: Ratio valeur bâtisse / Valeur total | B50: =B48/(B47+B48) -> 1 | G50: TOTAL A PAYER DES AUTRES DÉPENSES | H50: =SUM(H34:H49) -> 12679.775 | I50: =H50/H50 -> 1
A51: Valeur calcul amortissement | B51: =B50*B16 -> 685000
G52: COUVERTURE DE LA DETTE | H52: RATIO | I52: MISE DE FOND | J52: AMORTISSEMENT
G53: PROPRIÉTAIRE OCCUPANT AVEC SCHL
A54: Total de l'amortissement que je peux prendre (4% MAX) | G54: Duplex | H54: ATD | I54: 0.05 | J54: 25 ans
A55: Évaluation municipale de la bâtisse (4%) | B55: =B48 -> 793000 | D55: Amortissement qui a été pris | E55: Solde | G55: Triplex | H55: ATD | I55: 0.1 | J55: 25 ans
A56: Année 1 | B56: =B55*0.02 -> 15860 | E56: =B55-D56 -> 793000 | G56: Quadruplex | H56: ATD | I56: 0.1 | J56: 25 ans
A57: Année 2 | B57: =E56*0.04 -> 31720 | E57: =E56-D57 -> 793000 | G57: RÈGLES DE FINANCEMENT
A58: Année 3 | B58: =E57*0.04 -> 31720 | E58: =E57-D58 -> 793000 | G58: Salaire et ratio d'emprunt (ABD 39% ou ATD 44%)
A59: Année 4 | B59: =E58*0.04 -> 31720 | E59: =E58-D59 -> 793000 | G59: Valeur de l'immeuble MRB (Multiplicateur de revenu brut)
A60: Année 5 | B60: =E59*0.04 -> 31720 | E60: =E59-D60 -> 793000 | G60: 5-6 logements | H60: 1.10% à 1.30% | I60: 0.15 | J60: jusqu'à 40 ans
A61: Année 6 | B61: =E60*0.04 -> 31720 | E61: =E60-D61 -> 793000 | G61: RÈGLES DE FINANCEMENT: Valeur MRB (Multiplicateur de revenu brut)
A62: Année 7 | B62: =E61*0.04 -> 31720 | E62: =E61-D62 -> 793000 | G62: 7 logements et plus | H62: 1.10% à 1.30% | I62: 0.15 | J62: jusqu'à 40 ans
A63: Année 8 | B63: =E62*0.04 -> 31720 | E63: =E62-D63 -> 793000 | G63: RÈGLES DE FINANCEMENT: Valeur économique, valeur marchande ou coût de reconstruction
A64: Année 9 | B64: =E63*0.04 -> 31720 | E64: =E63-D64 -> 793000
A65: Année 10 | B65: =E64*0.04 -> 31720 | E65: =E64-D65 -> 793000 | G65: PROPRIÉTAIRE NON-OCCUPANT AVEC SCHL
A66: Année 11 | B66: =E65*0.04 -> 31720 | E66: =E65-D66 -> 793000 | G66: Duplex | H66: ATD | I66: 0.2 | J66: 25 ans
A67: Année 12 | B67: =E66*0.04 -> 31720 | E67: =E66-D67 -> 793000 | G67: Triplex | H67: ATD | I67: 0.2 | J67: 25 ans
A68: Année 13 | B68: =E67*0.04 -> 31720 | E68: =E67-D68 -> 793000 | G68: Quadruplex | H68: ATD | I68: 0.2 | J68: 25 ans
A69: Année 14 | B69: =E68*0.04 -> 31720 | E69: =E68-D69 -> 793000 | G69: RÈGLES DE FINANCEMENT
A70: Année 15 | B70: =E69*0.04 -> 31720 | E70: =E69-D70 -> 793000 | G70: Salaire et ratio d'emprunt (ABD 39% ou ATD 44%)
A71: Année 16 | B71: =E70*0.04 -> 31720 | E71: =E70-D71 -> 793000 | G71: Valeur de l'immeuble MRB (Multiplicateur de revenu brut)
A72: Année 17 | B72: =E71*0.04 -> 31720 | E72: =E71-D72 -> 793000 | G72: 5-6 logements | H72: 1.10% à 1.30% | I72: 0.25 | J72: 25 ans
A73: Année 18 | B73: =E72*0.04 -> 31720 | E73: =E72-D73 -> 793000 | G73: RÈGLES DE FINANCEMENT: Valeur économique, valeur marchande ou coût de reconstruction
A74: Année 19 | B74: =E73*0.04 -> 31720 | E74: =E73-D74 -> 793000 | G74: 7 logements et plus | H74: 1.10% à 1.30% | I74: 0.15 | J74: jusqu'à 40 ans
A75: Année 20 | B75: =E74*0.04 -> 31720 | E75: =E74-D75 -> 793000 | G75: RÈGLES DE FINANCEMENT: Valeur économique, valeur marchande ou coût de reconstruction
A76: Année 21 | B76: =E75*0.04 -> 31720 | E76: =E75-D76 -> 793000
A77: Année 22 | B77: =E76*0.04 -> 31720 | E77: =E76-D77 -> 793000 | G77: COUVERTURE DE LA DETTE | H77: RATIO | I77: MISE DE FOND | J77: AMORTISSEMENT
A78: Année 23 | B78: =E77*0.04 -> 31720 | E78: =E77-D78 -> 793000 | G78: PROPRIÉTAIRE OCCUPANT (PRÊT CONVENTIONNEL)
A79: Année 24 | B79: =E78*0.04 -> 31720 | E79: =E78-D79 -> 793000 | G79: Duplex | H79: ATD | I79: 0.2 | J79: jusqu'à 30 ans
A80: Année 25 | B80: =E79*0.04 -> 31720 | E80: =E79-D80 -> 793000 | G80: Triplex | H80: ATD | I80: 0.2 | J80: jusqu'à 30 ans
A81: Année 26 | B81: =E80*0.04 -> 31720 | E81: =E80-D81 -> 793000 | G81: Quadruplex | H81: ATD | I81: 0.2 | J81: jusqu'à 30 ans
A82: Année 27 | B82: =E81*0.04 -> 31720 | E82: =E81-D82 -> 793000 | G82: RÈGLES DE FINANCEMENT
A83: Année 28 | B83: =E82*0.04 -> 31720 | E83: =E82-D83 -> 793000 | G83: Salaire et ratio d'emprunt (ABD 39% ou ATD 44%)
A84: Année 29 | B84: =E83*0.04 -> 31720 | E84: =E83-D84 -> 793000 | G84: Valeur de l'immeuble MRB (Multiplicateur de revenu brut)
A85: Année 30 | B85: =E84*0.04 -> 31720 | E85: =E84-D85 -> 793000 | G85: 5-6 logements | H85: 1.10% à 1.30% | I85: 0.25 | J85: 25 ans
A86: Année 31 | B86: =E85*0.04 -> 31720 | E86: =E85-D86 -> 793000 | G86: RÈGLES DE FINANCEMENT: Valeur MRB (Multiplicateur de revenu brut)
A87: Total amortissement | B87: =E86*0.04 -> 31720 | D87: =SUM(D56:D86) -> 0 | G87: 7 logements et plus | H87: 1.10% à 1.30% | I87: 0.25 | J87: 25 ans
G88: RÈGLES DE FINANCEMENT: Valeur économique, valeur marchande ou coût de reconstruction
G90: PROPRIÉTAIRE NON-OCCUPANT (PRÊT CONVENTIONNEL)
G91: Duplex | H91: ATD | I91: 0.2 | J91: 25 ans
B92: https://www.ratehub.ca/calculatrice-hypothecaire | G92: Triplex | H92: ATD | I92: 0.2 | J92: 25 ans
G93: Quadruplex | H93: ATD | I93: 0.2 | J93: 25 ans
B94: https://support.office.com/fr-fr/excel | G94: RÈGLES DE FINANCEMENT
G95: Salaire et ratio d'emprunt (ABD 39% ou ATD 44%)
G96: Valeur de l'immeuble MRB (Multiplicateur de revenu brut)
G97: 5-6 logements | H97: 1.10% à 1.30% | I97: 0.25 | J97: 25 ans
G98: RÈGLES DE FINANCEMENT: Valeur MRB (Multiplicateur de revenu brut)
G99: 7 logements et plus | H99: 1.10% à 1.30% | I99: 0.25 | J99: 25 ans
G100: RÈGLES DE FINANCEMENT: Valeur économique, valeur marchande ou coût de reconstruction

Sheet Financement avec SCHL
B1: Montant de l'hypothèque à financer | D1: =' Exemple avec SCHL'!B21 -> 513750 | G1: COUVERTURE DE LA DETTE | H1: RATIO | I1: MISE DE FOND | J1: AMORTISSEMENT
B2: Taux d'intérêt annuel | D2: 0.035 | G2: PROPRIÉTAIRE OCCUPANT AVEC SCHL
B3: Période d'amortissement | D3: 25 | E3: ans | G3: Duplex | H3: ATD | I3: 0.05 | J3: 25 ans
B4: Versement mensuel | D4: =SUM(D16:E16) -> 2565.0013 | G4: Triplex | H4: ATD | I4: 0.1 | J4: 25 ans
B5: Total des intérêts payé (10 ans) | D5: =IF(D3=10,D28+D41+D54+D67+D80+D93+D106+D119+D132+D145,0) -> 0 | G5: Quadruplex | H5: ATD | I5: 0.1 | J5: 25 ans
B6: Total des intérêts payé (15 ans) | D6: =IF(D3=15,D28+D41+D54+D67+D80+D93+D106+D119+D132+D145+D158+D171+D184+D197+D210,0) -> 0 | G6: RÈGLES DE FINANCEMENT
B7: Total des intérêts payé (20 ans) | D7: =IF(D3=20,D28+D41+D54+D67+D80+D93+D106+D119+D132+D145+D158+D171+D184+D197+D210+D223+D236+D249+D262+D275,0) -> 0 | G7: Salaire et ratio d'emprunt (ABD 39% ou ATD 44%)
B8: Total des intérêts payé (25 ans) | D8: =IF(D3=25,D28+D41+D54+D67+D80+D93+D106+D119+D132+D145+D158+D171+D184+D197+D210+D223+D236+D249+D262+D275+D288+D301+D314+D327+D340,0) -> 255750.4 | G8: Valeur de l'immeuble MRB (Multiplicateur de revenu brut)
B9: Total des intérêts payé (30 ans) | D9: =IF(D3=30,D28+D41+D54+D67+D80+D93+D106+D119+D132+D145+D158+D171+D184+D197+D210+D223+D236+D249+D262+D275+D288+D301+D314+D327+D340+D353+D366+D379+D392+D405,0) -> 0 | G9: 5-6 logements | H9: 1.10% à 1.30% | I9: 0.15 | J9: jusqu'à 40 ans
B10: Total des intérêts payé (35 ans) | D10: =IF(D3=35,D28+D41+D54+D67+D80+D93+D106+D119+D132+D145+D158+D171+D184+D197+D210+D223+D236+D249+D262+D275+D288+D301+D314+D327+D340+D353+D366+D379+D392+D405+D418+D431+D444+D457+D470,0) -> 0 | G10: RÈGLES DE FINANCEMENT: Valeur MRB (Multiplicateur de revenu brut)
B11: Total des intérêts payé (40 ans) | D11: =IF(D3=40,D28+D41+D54+D67+D80+D93+D106+D119+D132+D145+D158+D171+D184+D197+D210+D223+D236+D249+D262+D275+D288+D301+D314+D327+D340+D353+D366+D379+D392+D405+D418+D431+D444+D457+D470+D483+D496+D509+D522+D535,0) -> 0 | G11: 7 logements et plus | H11: 1.10% à 1.30% | I11: 0.15 | J11: jusqu'à 40 ans
B12: Total payé sur la période d'amortissement (capital et intérêts) | D12: =D1+D28+D41+D54+D67+D80+D93+D106+D119+D132+D145+D158+D171+D184+D197+D210+D223+D236+D249+D262+D275+D288+D301+D314+D327+D340+D353+D366+D379+D392+D405+D418+D431+D444+D457+D470+D483+D496+D509+D522+D535 -> 769500.4 | G12: RÈGLES DE FINANCEMENT: Valeur économique, valeur marchande ou coût de reconstruction
G14: PROPRIÉTAIRE NON-OCCUPANT AVEC SCHL
B15: Période (versements) | C15: Balance due fin période | D15: Intérêts | E15: Capital | G15: Duplex | H15: ATD | I15: 0.2 | J15: 25 ans
B16: 1 | C16: =IF(B16>$D$3*12,0,D1-E16) -> 512672.63 | D16: =IF($D$1<0.001,0,-IPMT(((1+$D$2/2)^(1/6)-1),B16,$D$3*12,$D$1)) -> 1487.6268 | E16: =IF($D$3*12<=B16,D1,-PPMT(((1+$D$2/2)^(1/6)-1),B16,$D$3*12,$D$1)) -> 1077.3745 | G16: Triplex | H16: ATD | I16: 0.2 | J16: 25 ans
B17: 2 | C17: =IF(B17>$D$3*12,0,C16-E17) -> 511592.13 | D17: =IF($D$1<0.001,0,-IPMT(((1+$D$2/2)^(1/6)-1),B17,$D$3*12,$D$1)) -> 1484.5071 | E17: =IF($D$3*12<=B17,C16,-PPMT(((1+$D$2/2)^(1/6)-1),B17,$D$3*12,$D$1)) -> 1080.4942 | G17: Quadruplex | H17: ATD | I17: 0.2 | J17: 25 ans
B18: 3 | C18: =IF(B18>$D$3*12,0,C17-E18) -> 510508.51 | D18: =IF($D$1<0.001,0,-IPMT(((1+$D$2/2)^(1/6)-1),B18,$D$3*12,$D$1)) -> 1481.3784 | E18: =IF($D$3*12<=B18,C17,-PPMT(((1+$D$2/2)^(1/6)-1),B18,$D$3*12,$D$1)) -> 1083.6229 | G18: RÈGLES DE FINANCEMENT
B19: 4 | C19: =IF(B19>$D$3*12,0,C18-E19) -> 509421.75 | D19: =IF($D$1<0.001,0,-IPMT(((1+$D$2/2)^(1/6)-1),B19,$D$3*12,$D$1)) -> 1478.2407 | E19: =IF($D$3*12<=B19,C18,-PPMT(((1+$D$2/2)^(1/6)-1),B19,$D$3*12,$D$1)) -> 1086.7607 | G19: Salaire et ratio d'emprunt (ABD 39% ou ATD 44%)
B20: 5 | C20: =IF(B20>$D$3*12,0,C19-E20) -> 508331.84 | D20: =IF($D$1<0.001,0,-IPMT(((1+$D$2/2)^(1/6)-1),B20,$D$3*12,$D$1)) -> 1475.0938 | E20: =IF($D$3*12<=B20,C19,-PPMT(((1+$D$2/2)^(1/6)-1),B20,$D$3*12,$D$1)) -> 1089.9075 | G20: Valeur de l'immeuble MRB (Multiplicateur de revenu brut)
B21: 6 | C21: =IF(B21>$D$3*12,0,C20-E21) -> 507238.78 | D21: =IF($D$1<0.001,0,-IPMT(((1+$D$2/2)^(1/6)-1),B21,$D$3*12,$D$1)) -> 1471.9379 | E21: =IF($D$3*12<=B21,C20,-PPMT(((1+$D$2/2)^(1/6)-1),B21,$D$3*12,$D$1)) -> 1093.0635 | G21: 5-6 logements | H21: 1.10% à 1.30% | I21: 0.25 | J21: 25 ans
B22: 7 | C22: =IF(B22>$D$3*12,0,C21-E22) -> 506142.55 | D22: =IF($D$1<0.001,0,-IPMT(((1+$D$2/2)^(1/6)-1),B22,$D$3*12,$D$1)) -> 1468.7728 | E22: =IF($D$3*12<=B22,C21,-PPMT(((1+$D$2/2)^(1/6)-1),B22,$D$3*12,$D$1)) -> 1096.2286 | G22: RÈGLES DE FINANCEMENT: Valeur économique, valeur marchande ou coût de reconstruction
B23: 8 | C23: =IF(B23>$D$3*12,0,C22-E23) -> 505043.15 | D23: =IF($D$1<0.001,0,-IPMT(((1+$D$2/2)^(1/6)-1),B23,$D$3*12,$D$1)) -> 1465.5985 | E23: =IF($D$3*12<=B23,C22,-PPMT(((1+$D$2/2)^(1/6)-1),B23,$D$3*12,$D$1)) -> 1099.4028 | G23: 7 logements et plus | H23: 1.10% à 1.30% | I23: 0.15 | J23: jusqu'à 40 ans
B24: 9 | C24: =IF(B24>$D$3*12,0,C23-E24) -> 503940.56 | D24: =IF($D$1<0.001,0,-IPMT(((1+$D$2/2)^(1/6)-1),B24,$D$3*12,$D$1)) -> 1462.415 | E24: =IF($D$3*12<=B24,C23,-PPMT(((1+$D$2/2)^(1/6)-1),B24,$D$3*12,$D$1)) -> 1102.5863 | G24: RÈGLES DE FINANCEMENT: Valeur économique, valeur marchande ou coût de reconstruction
B25: 10 | C25: =IF(B25>$D$3*12,0,C24-E25) -> 502834.78 | D25: =IF($D$1<0.001,0,-IPMT(((1+$D$2/2)^(1/6)-1),B25,$D$3*12,$D$1)) -> 1459.2224 | E25: =IF($D$3*12<=B25,C24,-PPMT(((1+$D$2/2)^(1/6)-1),B25,$D$3*12,$D$1)) -> 1105.779
B26: 11 | C26: =IF(B26>$D$3*12,0,C25-E26) -> 501725.8 | D26: =IF($D$1<0.001,0,-IPMT(((1+$D$2/2)^(1/6)-1),B26,$D$3*12,$D$1)) -> 1456.0204 | E26: =IF($D$3*12<=B26,C25,-PPMT(((1+$D$2/2)^(1/6)-1),B26,$D$3*12,$D$1)) -> 1108.9809 | G26: COUVERTURE DE LA DETTE | H26: RATIO | I26: MISE DE FOND | J26: AMORTISSEMENT
B27: 12 | C27: =IF(B27>$D$3*12,0,C26-E27) -> 500613.61 | D27: =IF($D$1<0.001,0,-IPMT(((1+$D$2/2)^(1/6)-1),B27,$D$3*12,$D$1)) -> 1452.8092 | E27: =IF($D$3*12<=B27,C26,-PPMT(((1+$D$2/2)^(1/6)-1),B27,$D$3*12,$D$1)) -> 1112.1921 | G27: PROPRIÉTAIRE OCCUPANT (PRÊT CONVENTIONNEL)
B28: Total après 1 an | D28: =SUM(D16:D27) -> 17643.623 | E28: =SUM(E16:E27) -> 13136.393 | G28: Duplex | H28: ATD | I28: 0.2 | J28: jusqu'à 30 ans
B29: 13 | C29: =IF(B29>$D$3*12,0,C27-E29) -> 499498.19 | D29: =IF(C27<0.001,0,-IPMT(((1+$D$2/2)^(1/6)-1),B29,$D$3*12,$D$1)) -> 1449.5888 | E29: =IF($D$3*12<=B29,C27,-PPMT(((1+$D$2/2)^(1/6)-1),B29,$D$3*12,$D$1)) -> 1115.4126 | G29: Triplex | H29: ATD | I29: 0.2 | J29: jusqu'à 30 ans
B30: 14 | C30: =IF(B30>$D$3*12,0,C29-E30) -> 498379.55 | D30: =IF(C29<0.001,0,-IPMT(((1+$D$2/2)^(1/6)-1),B30,$D$3*12,$D$1)) -> 1446.3589 | E30: =IF($D$3*12<=B30,C29,-PPMT(((1+$D$2/2)^(1/6)-1),B30,$D$3*12,$D$1)) -> 1118.6424 | G30: Quadruplex | H30: ATD | I30: 0.2 | J30: jusqu'à 30 ans
B31: 15 | C31: =IF(B31>$D$3*12,0,C30-E31) -> 497257.67 | D31: =IF(C30<0.001,0,-IPMT(((1+$D$2/2)^(1/6)-1),B31,$D$3*12,$D$1)) -> 1443.1198 | E31: =IF($D$3*12<=B31,C30,-PPMT(((1+$D$2/2)^(1/6)-1),B31,$D$3*12,$D$1)) -> 1121.8816 | G31: RÈGLES DE FINANCEMENT
B32: 16 | C32: =IF(B32>$D$3*12,0,C31-E32) -> 496132.54 | D32: =IF(C31<0.001,0,-IPMT(((1+$D$2/2)^(1/6)-1),B32,$D$3*12,$D$1)) -> 1439.8712 | E32: =IF($D$3*12<=B32,C31,-PPMT(((1+$D$2/2)^(1/6)-1),B32,$D$3*12,$D$1)) -> 1125.1301 | G32: Salaire et ratio d'emprunt (ABD 39% ou ATD 44%)
B33: 17 | C33: =IF(B33>$D$3*12,0,C32-E33) -> 495004.15 | D33: =IF(C32<0.001,0,-IPMT(((1+$D$2/2)^(1/6)-1),B33,$D$3*12,$D$1)) -> 1436.6133 | E33: =IF($D$3*12<=B33,C32,-PPMT(((1+$D$2/2)^(1/6)-1),B33,$D$3*12,$D$1)) -> 1128.3881 | G33: Valeur de l'immeuble MRB (Multiplicateur de revenu brut)
B34: 18 | C34: =IF(B34>$D$3*12,0,C33-E34) -> 493872.5 | D34: =IF(C33<0.001,0,-IPMT(((1+$D$2/2)^(1/6)-1),B34,$D$3*12,$D$1)) -> 1433.3459 | E34: =IF($D$3*12<=B34,C33,-PPMT(((1+$D$2/2)^(1/6)-1),B34,$D$3*12,$D$1)) -> 1131.6554 | G34: 5-6 logements | H34: 1.10% à 1.30% | I34: 0.25 | J34: 25 ans
B35: 19 | C35: =IF(B35>$D$3*12,0,C34-E35) -> 492737.56 | D35: =IF(C34<0.001,0,-IPMT(((1+$D$2/2)^(1/6)-1),B35,$D$3*12,$D$1)) -> 1430.069 | E35: =IF($D$3*12<=B35,C34,-PPMT(((1+$D$2/2)^(1/6)-1),B35,$D$3*12,$D$1)) -> 1134.9323 | G35: RÈGLES DE FINANCEMENT: Valeur MRB (Multiplicateur de revenu brut)
B36: 20 | C36: =IF(B36>$D$3*12,0,C35-E36) -> 491599.35 | D36: =IF(C35<0.001,0,-IPMT(((1+$D$2/2)^(1/6)-1),B36,$D$3*12,$D$1)) -> 1426.7827 | E36: =IF($D$3*12<=B36,C35,-PPMT(((1+$D$2/2)^(1/6)-1),B36,$D$3*12,$D$1)) -> 1138.2186 | G36: 7 logements et plus | H36: 1.10% à 1.30% | I36: 0.25 | J36: 25 ans
B37: 21 | C37: =IF(B37>$D$3*12,0,C36-E37) -> 490457.83 | D37: =IF(C36<0.001,0,-IPMT(((1+$D$2/2)^(1/6)-1),B37,$D$3*12,$D$1)) -> 1423.4868 | E37: =IF($D$3*12<=B37,C36,-PPMT(((1+$D$2/2)^(1/6)-1),B37,$D$3*12,$D$1)) -> 1141.5145 | G37: RÈGLES DE FINANCEMENT: Valeur économique, valeur marchande ou coût de reconstruction
B38: 22 | C38: =IF(B38>$D$3*12,0,C37-E38) -> 489313.01 | D38: =IF(C37<0.001,0,-IPMT(((1+$D$2/2)^(1/6)-1),B38,$D$3*12,$D$1)) -> 1420.1815 | E38: =IF($D$3*12<=B38,C37,-PPMT(((1+$D$2/2)^(1/6)-1),B38,$D$3*12,$D$1)) -> 1144.8199
B39: 23 | C39: =IF(B39>$D$3*12,0,C38-E39) -> 488164.88 | D39: =IF(C38<0.001,0,-IPMT(((1+$D$2/2)^(1/6)-1),B39,$D$3*12,$D$1)) -> 1416.8665 | E39: =IF($D$3*12<=B39,C38,-PPMT(((1+$D$2/2)^(1/6)-1),B39,$D$3*12,$D$1)) -> 1148.1348 | G39: PROPRIÉTAIRE NON-OCCUPANT (PRÊT CONVENTIONNEL)
B40: 24 | C40: =IF(B40>$D$3*12,0,C39-E40) -> 487013.42 | D40: =IF(C39<0.001,0,-IPMT(((1+$D$2/2)^(1/6)-1),B40,$D$3*12,$D$1)) -> 1413.5419 | E40: =IF($D$3*12<=B40,C39,-PPMT(((1+$D$2/2)^(1/6)-1),B40,$D$3*12,$D$1)) -> 1151.4594 | G40: Duplex | H40: ATD | I40: 0.2 | J40: 25 ans
B41: Total après 2 ans | D41: =SUM(D29:D40) -> 17179.826 | E41: =SUM(E29:E40) -> 13600.19 | G41: Triplex | H41: ATD | I41: 0.2 | J41: 25 ans
B42: 25 | C42: =IF(B42>$D$3*12,0,C40-E42) -> 485858.62 | D42: =IF(C40<0.001,0,-IPMT(((1+$D$2/2)^(1/6)-1),B42,$D$3*12,$D$1)) -> 1410.2077 | E42: =IF($D$3*12<=B42,C40,-PPMT(((1+$D$2/2)^(1/6)-1),B42,$D$3*12,$D$1)) -> 1154.7936 | G42: Quadruplex | H42: ATD | I42: 0.2 | J42: 25 ans
B43: 26 | C43: =IF(B43>$D$3*12,0,C42-E43) -> 484700.49 | D43: =IF(C42<0.001,0,-IPMT(((1+$D$2/2)^(1/6)-1),B43,$D$3*12,$D$1)) -> 1406.8639 | E43: =IF($D$3*12<=B43,C42,-PPMT(((1+$D$2/2)^(1/6)-1),B43,$D$3*12,$D$1)) -> 1158.1375 | G43: RÈGLES DE FINANCEMENT
B44: 27 | C44: =IF(B44>$D$3*12,0,C43-E44) -> 483539 | D44: =IF(C43<0.001,0,-IPMT(((1+$D$2/2)^(1/6)-1),B44,$D$3*12,$D$1)) -> 1403.5103 | E44: =IF($D$3*12<=B44,C43,-PPMT(((1+$D$2/2)^(1/6)-1),B44,$D$3*12,$D$1)) -> 1161.491 | G44: Salaire et ratio d'emprunt (ABD 39% ou ATD 44%)
B45: 28 | C45: =IF(B45>$D$3*12,0,C44-E45) -> 482374.14 | D45: =IF(C44<0.001,0,-IPMT(((1+$D$2/2)^(1/6)-1),B45,$D$3*12,$D$1)) -> 1400.1471 | E45: =IF($D$3*12<=B45,C44,-PPMT(((1+$D$2/2)^(1/6)-1),B45,$D$3*12,$D$1)) -> 1164.8542 | G45: Valeur de l'immeuble MRB (Multiplicateur de revenu brut)
B46: 29 | C46: =IF(B46>$D$3*12,0,C45-E46) -> 481205.91 | D46: =IF(C45<0.001,0,-IPMT(((1+$D$2/2)^(1/6)-1),B46,$D$3*12,$D$1)) -> 1396.7741 | E46: =IF($D$3*12<=B46,C45,-PPMT(((1+$D$2/2)^(1/6)-1),B46,$D$3*12,$D$1)) -> 1168.2272 | G46: 5-6 logements | H46: 1.10% à 1.30% | I46: 0.25 | J46: 25 ans
B47: 30 | C47: =IF(B47>$D$3*12,0,C46-E47) -> 480034.3 | D47: =IF(C46<0.001,0,-IPMT(((1+$D$2/2)^(1/6)-1),B47,$D$3*12,$D$1)) -> 1393.3914 | E47: =IF($D$3*12<=B47,C46,-PPMT(((1+$D$2/2)^(1/6)-1),B47,$D$3*12,$D$1)) -> 1171.61 | G47: RÈGLES DE FINANCEMENT: Valeur MRB (Multiplicateur de revenu brut)
B48: 31 | C48: =IF(B48>$D$3*12,0,C47-E48) -> 478859.3 | D48: =IF(C47<0.001,0,-IPMT(((1+$D$2/2)^(1/6)-1),B48,$D$3*12,$D$1)) -> 1389.9988 | E48: =IF($D$3*12<=B48,C47,-PPMT(((1+$D$2/2)^(1/6)-1),B48,$D$3*12,$D$1)) -> 1175.0025 | G48: 7 logements et plus | H48: 1.10% à 1.30% | I48: 0.25 | J48: 25 ans
B49: 32 | C49: =IF(B49>$D$3*12,0,C48-E49) -> 477680.9 | D49: =IF(C48<0.001,0,-IPMT(((1+$D$2/2)^(1/6)-1),B49,$D$3*12,$D$1)) -> 1386.5965 | E49: =IF($D$3*12<=B49,C48,-PPMT(((1+$D$2/2)^(1/6)-1),B49,$D$3*12,$D$1)) -> 1178.4049 | G49: RÈGLES DE FINANCEMENT: Valeur économique, valeur marchande ou coût de reconstruction
B50: 33 | C50: =IF(B50>$D$3*12,0,C49-E50) -> 476499.08 | D50: =IF(C49<0.001,0,-IPMT(((1+$D$2/2)^(1/6)-1),B50,$D$3*12,$D$1)) -> 1383.1843 | E50: =IF($D$3*12<=B50,C49,-PPMT(((1+$D$2/2)^(1/6)-1),B50,$D$3*12,$D$1)) -> 1181.8171
B51: 34 | C51: =IF(B51>$D$3*12,0,C50-E51) -> 475313.84 | D51: =IF(C50<0.001,0,-IPMT(((1+$D$2/2)^(1/6)-1),B51,$D$3*12,$D$1)) -> 1379.7622 | E51: =IF($D$3*12<=B51,C50,-PPMT(((1+$D$2/2)^(1/6)-1),B51,$D$3*12,$D$1)) -> 1185.2392
B52: 35 | C52: =IF(B52>$D$3*12,0,C51-E52) -> 474125.17 | D52: =IF(C51<0.001,0,-IPMT(((1+$D$2/2)^(1/6)-1),B52,$D$3*12,$D$1)) -> 1376.3301 | E52: =IF($D$3*12<=B52,C51,-PPMT(((1+$D$2/2)^(1/6)-1),B52,$D$3*12,$D$1)) -> 1188.6712
B53: 36 | C53: =IF(B53>$D$3*12,0,C52-E53) -> 472933.06 | D53: =IF(C52<0.001,0,-IPMT(((1+$D$2/2)^(1/6)-1),B53,$D$3*12,$D$1)) -> 1372.8882 | E53: =IF($D$3*12<=B53,C52,-PPMT(((1+$D$2/2)^(1/6)-1),B53,$D$3*12,$D$1)) -> 1192.1131
B54: Total après 3 ans | D54: =SUM(D42:D53) -> 16699.655 | E54: =SUM(E42:E53) -> 14080.361
B55: 37 | C55: =IF(B55>$D$3*12,0,C53-E55) -> 471737.49 | D55: =IF(C53<0.001,0,-IPMT(((1+$D$2/2)^(1/6)-1),B55,$D$3*12,$D$1)) -> 1369.4363 | E55: =IF($D$3*12<=B55,C53,-PPMT(((1+$D$2/2)^(1/6)-1),B55,$D$3*12,$D$1)) -> 1195.565
B56: 38 | C56: =IF(B56>$D$3*12,0,C55-E56) -> 470538.46 | D56: =IF(C55<0.001,0,-IPMT(((1+$D$2/2)^(1/6)-1),B56,$D$3*12,$D$1)) -> 1365.9744 | E56: =IF($D$3*12<=B56,C55,-PPMT(((1+$D$2/2)^(1/6)-1),B56,$D$3*12,$D$1)) -> 1199.0269
B57: 39 | C57: =IF(B57>$D$3*12,0,C56-E57) -> 469335.97 | D57: =IF(C56<0.001,0,-IPMT(((1+$D$2/2)^(1/6)-1),B57,$D$3*12,$D$1)) -> 1362.5025 | E57: =IF($D$3*12<=B57,C56,-PPMT(((1+$D$2/2)^(1/6)-1),B57,$D$3*12,$D$1)) -> 1202.4989
B58: 40 | C58: =IF(B58>$D$3*12,0,C57-E58) -> 468129.98 | D58: =IF(C57<0.001,0,-IPMT(((1+$D$2/2)^(1/6)-1),B58,$D$3*12,$D$1)) -> 1359.0205 | E58: =IF($D$3*12<=B58,C57,-PPMT(((1+$D$2/2)^(1/6)-1),B58,$D$3*12,$D$1)) -> 1205.9809
B59: 41 | C59: =IF(B59>$D$3*12,0,C58-E59) -> 466920.51 | D59: =IF(C58<0.001,0,-IPMT(((1+$D$2/2)^(1/6)-1),B59,$D$3*12,$D$1)) -> 1355.5284 | E59: =IF($D$3*12<=B59,C58,-PPMT(((1+$D$2/2)^(1/6)-1),B59,$D$3*12,$D$1)) -> 1209.4729
B60: 42 | C60: =IF(B60>$D$3*12,0,C59-E60) -> 465707.54 | D60: =IF(C59<0.001,0,-IPMT(((1+$D$2/2)^(1/6)-1),B60,$D$3*12,$D$1)) -> 1352.0262 | E60: =IF($D$3*12<=B60,C59,-PPMT(((1+$D$2/2)^(1/6)-1),B60,$D$3*12,$D$1)) -> 1212.9751
B61: 43 | C61: =IF(B61>$D$3*12,0,C60-E61) -> 464491.05 | D61: =IF(C60<0.001,0,-IPMT(((1+$D$2/2)^(1/6)-1),B61,$D$3*12,$D$1)) -> 1348.5139 | E61: =IF($D$3*12<=B61,C60,-PPMT(((1+$D$2/2)^(1/6)-1),B61,$D$3*12,$D$1)) -> 1216.4874
B62: 44 | C62: =IF(B62>$D$3*12,0,C61-E62) -> 463271.04 | D62: =IF(C61<0.001,0,-IPMT(((1+$D$2/2)^(1/6)-1),B62,$D$3*12,$D$1)) -> 1344.9914 | E62: =IF($D$3*12<=B62,C61,-PPMT(((1+$D$2/2)^(1/6)-1),B62,$D$3*12,$D$1)) -> 1220.0099
B63: 45 | C63: =IF(B63>$D$3*12,0,C62-E63) -> 462047.5 | D63: =IF(C62<0.001,0,-IPMT(((1+$D$2/2)^(1/6)-1),B63,$D$3*12,$D$1)) -> 1341.4587 | E63: =IF($D$3*12<=B63,C62,-PPMT(((1+$D$2/2)^(1/6)-1),B63,$D$3*12,$D$1)) -> 1223.5426
B64: 46 | C64: =IF(B64>$D$3*12,0,C63-E64) -> 460820.41 | D64: =IF(C63<0.001,0,-IPMT(((1+$D$2/2)^(1/6)-1),B64,$D$3*12,$D$1)) -> 1337.9158 | E64: =IF($D$3*12<=B64,C63,-PPMT(((1+$D$2/2)^(1/6)-1),B64,$D$3*12,$D$1)) -> 1227.0855
B65: 47 | C65: =IF(B65>$D$3*12,0,C64-E65) -> 459589.77 | D65: =IF(C64<0.001,0,-IPMT(((1+$D$2/2)^(1/6)-1),B65,$D$3*12,$D$1)) -> 1334.3626 | E65: =IF($D$3*12<=B65,C64,-PPMT(((1+$D$2/2)^(1/6)-1),B65,$D$3*12,$D$1)) -> 1230.6387
B66: 48 | C66: =IF(B66>$D$3*12,0,C65-E66) -> 458355.57 | D66: =IF(C65<0.001,0,-IPMT(((1+$D$2/2)^(1/6)-1),B66,$D$3*12,$D$1)) -> 1330.7992 | E66: =IF($D$3*12<=B66,C65,-PPMT(((1+$D$2/2)^(1/6)-1),B66,$D$3*12,$D$1)) -> 1234.2022
B67: Total après 4 ans | D67: =SUM(D55:D66) -> 16202.53 | E67: =SUM(E55:E66) -> 14577.486
B68: 49 | C68: =IF(B68>$D$3*12,0,C66-E68) -> 457117.79 | D68: =IF(C66<0.001,0,-IPMT(((1+$D$2/2)^(1/6)-1),B68,$D$3*12,$D$1)) -> 1327.2254 | E68: =IF($D$3*12<=B68,C66,-PPMT(((1+$D$2/2)^(1/6)-1),B68,$D$3*12,$D$1)) -> 1237.776
B69: 50 | C69: =IF(B69>$D$3*12,0,C68-E69) -> 455876.43 | D69: =IF(C68<0.001,0,-IPMT(((1+$D$2/2)^(1/6)-1),B69,$D$3*12,$D$1)) -> 1323.6412 | E69: =IF($D$3*12<=B69,C68,-PPMT(((1+$D$2/2)^(1/6)-1),B69,$D$3*12,$D$1)) -> 1241.3601
B70: 51 | C70: =IF(B70>$D$3*12,0,C69-E70) -> 454631.48 | D70: =IF(C69<0.001,0,-IPMT(((1+$D$2/2)^(1/6)-1),B70,$D$3*12,$D$1)) -> 1320.0467 | E70: =IF($D$3*12<=B70,C69,-PPMT(((1+$D$2/2)^(1/6)-1),B70,$D$3*12,$D$1)) -> 1244.9546
B71: 52 | C71: =IF(B71>$D$3*12,0,C70-E71) -> 453382.92 | D71: =IF(C70<0.001,0,-IPMT(((1+$D$2/2)^(1/6)-1),B71,$D$3*12,$D$1)) -> 1316.4418 | E71: =IF($D$3*12<=B71,C70,-PPMT(((1+$D$2/2)^(1/6)-1),B71,$D$3*12,$D$1)) -> 1248.5595
B72: 53 | C72: =IF(B72>$D$3*12,0,C71-E72) -> 452130.74 | D72: =IF(C71<0.001,0,-IPMT(((1+$D$2/2)^(1/6)-1),B72,$D$3*12,$D$1)) -> 1312.8264 | E72: =IF($D$3*12<=B72,C71,-PPMT(((1+$D$2/2)^(1/6)-1),B72,$D$3*12,$D$1)) -> 1252.1749
B73: 54 | C73: =IF(B73>$D$3*12,0,C72-E73) -> 450874.94 | D73: =IF(C72<0.001,0,-IPMT(((1+$D$2/2)^(1/6)-1),B73,$D$3*12,$D$1)) -> 1309.2006 | E73: =IF($D$3*12<=B73,C72,-PPMT(((1+$D$2/2)^(1/6)-1),B73,$D$3*12,$D$1)) -> 1255.8007
B74: 55 | C74: =IF(B74>$D$3*12,0,C73-E74) -> 449615.51 | D74: =IF(C73<0.001,0,-IPMT(((1+$D$2/2)^(1/6)-1),B74,$D$3*12,$D$1)) -> 1305.5643 | E74: =IF($D$3*12<=B74,C73,-PPMT(((1+$D$2/2)^(1/6)-1),B74,$D$3*12,$D$1)) -> 1259.437
B75: 56 | C75: =IF(B75>$D$3*12,0,C74-E75) -> 448352.42 | D75: =IF(C74<0.001,0,-IPMT(((1+$D$2/2)^(1/6)-1),B75,$D$3*12,$D$1)) -> 1301.9174 | E75: =IF($D$3*12<=B75,C74,-PPMT(((1+$D$2/2)^(1/6)-1),B75,$D$3*12,$D$1)) -> 1263.0839
B76: 57 | C76: =IF(B76>$D$3*12,0,C75-E76) -> 447085.68 | D76: =IF(C75<0.001,0,-IPMT(((1+$D$2/2)^(1/6)-1),B76,$D$3*12,$D$1)) -> 1298.26 | E76: =IF($D$3*12<=B76,C75,-PPMT(((1+$D$2/2)^(1/6)-1),B76,$D$3*12,$D$1)) -> 1266.7413
B77: 58 | C77: =IF(B77>$D$3*12,0,C76-E77) -> 445815.27 | D77: =IF(C76<0.001,0,-IPMT(((1+$D$2/2)^(1/6)-1),B77,$D$3*12,$D$1)) -> 1294.592 | E77: =IF($D$3*12<=B77,C76,-PPMT(((1+$D$2/2)^(1/6)-1),B77,$D$3*12,$D$1)) -> 1270.4093
B78: 59 | C78: =IF(B78>$D$3*12,0,C77-E78) -> 444541.18 | D78: =IF(C77<0.001,0,-IPMT(((1+$D$2/2)^(1/6)-1),B78,$D$3*12,$D$1)) -> 1290.9134 | E78: =IF($D$3*12<=B78,C77,-PPMT(((1+$D$2/2)^(1/6)-1),B78,$D$3*12,$D$1)) -> 1274.0879
B79: 60 | C79: =IF(B79>$D$3*12,0,C78-E79) -> 443263.41 | D79: =IF(C78<0.001,0,-IPMT(((1+$D$2/2)^(1/6)-1),B79,$D$3*12,$D$1)) -> 1287.2241 | E79: =IF($D$3*12<=B79,C78,-PPMT(((1+$D$2/2)^(1/6)-1),B79,$D$3*12,$D$1)) -> 1277.7772
B80: Total après 5 ans | D80: =SUM(D68:D79) -> 15687.853 | E80: =SUM(E68:E79) -> 15092.163
B81: 61 | C81: =IF(B81>$D$3*12,0,C79-E81) -> 441981.93 | D81: =IF(C79<0.001,0,-IPMT(((1+$D$2/2)^(1/6)-1),B81,$D$3*12,$D$1)) -> 1283.5241 | E81: =IF($D$3*12<=B81,C79,-PPMT(((1+$D$2/2)^(1/6)-1),B81,$D$3*12,$D$1)) -> 1281.4772
B82: 62 | C82: =IF(B82>$D$3*12,0,C81-E82) -> 440696.74 | D82: =IF(C81<0.001,0,-IPMT(((1+$D$2/2)^(1/6)-1),B82,$D$3*12,$D$1)) -> 1279.8135 | E82: =IF($D$3*12<=B82,C81,-PPMT(((1+$D$2/2)^(1/6)-1),B82,$D$3*12,$D$1)) -> 1285.1879
B83: 63 | C83: =IF(B83>$D$3*12,0,C82-E83) -> 439407.83 | D83: =IF(C82<0.001,0,-IPMT(((1+$D$2/2)^(1/6)-1),B83,$D$3*12,$D$1)) -> 1276.092 | E83: =IF($D$3*12<=B83,C82,-PPMT(((1+$D$2/2)^(1/6)-1),B83,$D$3*12,$D$1)) -> 1288.9093
B84: 64 | C84: =IF(B84>$D$3*12,0,C83-E84) -> 438115.19 | D84: =IF(C83<0.001,0,-IPMT(((1+$D$2/2)^(1/6)-1),B84,$D$3*12,$D$1)) -> 1272.3599 | E84: =IF($D$3*12<=B84,C83,-PPMT(((1+$D$2/2)^(1/6)-1),B84,$D$3*12,$D$1)) -> 1292.6415
B85: 65 | C85: =IF(B85>$D$3*12,0,C84-E85) -> 436818.81 | D85: =IF(C84<0.001,0,-IPMT(((1+$D$2/2)^(1/6)-1),B85,$D$3*12,$D$1)) -> 1268.6168 | E85: =IF($D$3*12<=B85,C84,-PPMT(((1+$D$2/2)^(1/6)-1),B85,$D$3*12,$D$1)) -> 1296.3845
B86: 66 | C86: =IF(B86>$D$3*12,0,C85-E86) -> 435518.67 | D86: =IF(C85<0.001,0,-IPMT(((1+$D$2/2)^(1/6)-1),B86,$D$3*12,$D$1)) -> 1264.863 | E86: =IF($D$3*12<=B86,C85,-PPMT(((1+$D$2/2)^(1/6)-1),B86,$D$3*12,$D$1)) -> 1300.1383
B87: 67 | C87: =IF(B87>$D$3*12,0,C86-E87) -> 434214.77 | D87: =IF(C86<0.001,0,-IPMT(((1+$D$2/2)^(1/6)-1),B87,$D$3*12,$D$1)) -> 1261.0983 | E87: =IF($D$3*12<=B87,C86,-PPMT(((1+$D$2/2)^(1/6)-1),B87,$D$3*12,$D$1)) -> 1303.903
B88: 68 | C88: =IF(B88>$D$3*12,0,C87-E88) -> 432907.09 | D88: =IF(C87<0.001,0,-IPMT(((1+$D$2/2)^(1/6)-1),B88,$D$3*12,$D$1)) -> 1257.3227 | E88: =IF($D$3*12<=B88,C87,-PPMT(((1+$D$2/2)^(1/6)-1),B88,$D$3*12,$D$1)) -> 1307.6787
B89: 69 | C89: =IF(B89>$D$3*12,0,C88-E89) -> 431595.62 | D89: =IF(C88<0.001,0,-IPMT(((1+$D$2/2)^(1/6)-1),B89,$D$3*12,$D$1)) -> 1253.5361 | E89: =IF($D$3*12<=B89,C88,-PPMT(((1+$D$2/2)^(1/6)-1),B89,$D$3*12,$D$1)) -> 1311.4652
B90: 70 | C90: =IF(B90>$D$3*12,0,C89-E90) -> 430280.36 | D90: =IF(C89<0.001,0,-IPMT(((1+$D$2/2)^(1/6)-1),B90,$D$3*12,$D$1)) -> 1249.7386 | E90: =IF($D$3*12<=B90,C89,-PPMT(((1+$D$2/2)^(1/6)-1),B90,$D$3*12,$D$1)) -> 1315.2627
B91: 71 | C91: =IF(B91>$D$3*12,0,C90-E91) -> 428961.29 | D91: =IF(C90<0.001,0,-IPMT(((1+$D$2/2)^(1/6)-1),B91,$D$3*12,$D$1)) -> 1245.9301 | E91: =IF($D$3*12<=B91,C90,-PPMT(((1+$D$2/2)^(1/6)-1),B91,$D$3*12,$D$1)) -> 1319.0712
B92: 72 | C92: =IF(B92>$D$3*12,0,C91-E92) -> 427638.4 | D92: =IF(C91<0.001,0,-IPMT(((1+$D$2/2)^(1/6)-1),B92,$D$3*12,$D$1)) -> 1242.1106 | E92: =IF($D$3*12<=B92,C91,-PPMT(((1+$D$2/2)^(1/6)-1),B92,$D$3*12,$D$1)) -> 1322.8907
B93: Total après 6 ans | D93: =SUM(D81:D92) -> 15155.006 | E93: =SUM(E81:E92) -> 15625.01
B94: 73 | C94: =IF(B94>$D$3*12,0,C92-E94) -> 426311.68 | D94: =IF(C92<0.001,0,-IPMT(((1+$D$2/2)^(1/6)-1),B94,$D$3*12,$D$1)) -> 1238.28 | E94: =IF($D$3*12<=B94,C92,-PPMT(((1+$D$2/2)^(1/6)-1),B94,$D$3*12,$D$1)) -> 1326.7213
B95: 74 | C95: =IF(B95>$D$3*12,0,C94-E95) -> 424981.11 | D95: =IF(C94<0.001,0,-IPMT(((1+$D$2/2)^(1/6)-1),B95,$D$3*12,$D$1)) -> 1234.4383 | E95: =IF($D$3*12<=B95,C94,-PPMT(((1+$D$2/2)^(1/6)-1),B95,$D$3*12,$D$1)) -> 1330.563
B96: 75 | C96: =IF(B96>$D$3*12,0,C95-E96) -> 423646.7 | D96: =IF(C95<0.001,0,-IPMT(((1+$D$2/2)^(1/6)-1),B96,$D$3*12,$D$1)) -> 1230.5855 | E96: =IF($D$3*12<=B96,C95,-PPMT(((1+$D$2/2)^(1/6)-1),B96,$D$3*12,$D$1)) -> 1334.4158
B97: 76 | C97: =IF(B97>$D$3*12,0,C96-E97) -> 422308.42 | D97: =IF(C96<0.001,0,-IPMT(((1+$D$2/2)^(1/6)-1),B97,$D$3*12,$D$1)) -> 1226.7215 | E97: =IF($D$3*12<=B97,C96,-PPMT(((1+$D$2/2)^(1/6)-1),B97,$D$3*12,$D$1)) -> 1338.2798
B98: 77 | C98: =IF(B98>$D$3*12,0,C97-E98) -> 420966.26 | D98: =IF(C97<0.001,0,-IPMT(((1+$D$2/2)^(1/6)-1),B98,$D$3*12,$D$1)) -> 1222.8464 | E98: =IF($D$3*12<=B98,C97,-PPMT(((1+$D$2/2)^(1/6)-1),B98,$D$3*12,$D$1)) -> 1342.155
B99: 78 | C99: =IF(B99>$D$3*12,0,C98-E99) -> 419620.22 | D99: =IF(C98<0.001,0,-IPMT(((1+$D$2/2)^(1/6)-1),B99,$D$3*12,$D$1)) -> 1218.96 | E99: =IF($D$3*12<=B99,C98,-PPMT(((1+$D$2/2)^(1/6)-1),B99,$D$3*12,$D$1)) -> 1346.0413
B100: 79 | C100: =IF(B100>$D$3*12,0,C99-E100) -> 418270.28 | D100: =IF(C99<0.001,0,-IPMT(((1+$D$2/2)^(1/6)-1),B100,$D$3*12,$D$1)) -> 1215.0624 | E100: =IF($D$3*12<=B100,C99,-PPMT(((1+$D$2/2)^(1/6)-1),B100,$D$3*12,$D$1)) -> 1349.939
B101: 80 | C101: =IF(B101>$D$3*12,0,C100-E101) -> 416916.43 | D101: =IF(C100<0.001,0,-IPMT(((1+$D$2/2)^(1/6)-1),B101,$D$3*12,$D$1)) -> 1211.1535 | E101: =IF($D$3*12<=B101,C100,-PPMT(((1+$D$2/2)^(1/6)-1),B101,$D$3*12,$D$1)) -> 1353.8479
...

Sheet Flux financier avec SCHL
A1: ANNÉE D'EXPLOITATION | C1: Achat (année 0) | D1: Année 1 | E1: Année 2 | F1: Année 3 | G1: Année 4 | H1: Année 5 | I1: Année 6 | J1: Année 7 | K1: Année 8 | L1: Année 9 | M1: Année 10 | N1: Année 11 | O1: Année 12 | P1: Année 13 | Q1: Année 14 | R1: Année 15 | S1: Année 16 | T1: Année 17 | U1: Année 18 | V1: Année 19 | W1: Année 20 | X1: Année 21 | Y1: Année 22 | Z1: Année 23 | AA1: Année 24 | AB1: Année 25
A2: Taux d'inflation annuel & plus-value | B2: 0.024
A3: Revenus annuel bruts EFFECTIFS + taux d'inflation annuel | D3: =' Exemple avec SCHL'!B38 -> 50666.4 | E3: =(B2*'Flux financier avec SCHL'!D3)+'Flux financier avec SCHL'!D3 -> 51882.394 | F3: =(B2*'Flux financier avec SCHL'!E3)+'Flux financier avec SCHL'!E3 -> 53127.571 | G3: =(B2*'Flux financier avec SCHL'!F3)+'Flux financier avec SCHL'!F3 -> 54402.633 | H3: =(B2*'Flux financier avec SCHL'!G3)+'Flux financier avec SCHL'!G3 -> 55708.296 | I3: =(B2*'Flux financier avec SCHL'!H3)+'Flux financier avec SCHL'!H3 -> 57045.295 | J3: =(B2*'Flux financier avec SCHL'!I3)+'Flux financier avec SCHL'!I3 -> 58414.382 | K3: =(B2*'Flux financier avec SCHL'!J3)+'Flux financier avec SCHL'!J3 -> 59816.327 | L3: =(B2*'Flux financier avec SCHL'!K3)+'Flux financier avec SCHL'!K3 -> 61251.919 | M3: =(B2*'Flux financier avec SCHL'!L3)+'Flux financier avec SCHL'!L3 -> 62721.965 | N3: =(B2*'Flux financier avec SCHL'!M3)+'Flux financier avec SCHL'!M3 -> 64227.292 | O3: =(B2*'Flux financier avec SCHL'!N3)+'Flux financier avec SCHL'!N3 -> 65768.747 | P3: =(B2*'Flux financier avec SCHL'!O3)+'Flux financier avec SCHL'!O3 -> 67347.197 | Q3: =(B2*'Flux financier avec SCHL'!P3)+'Flux financier avec SCHL'!P3 -> 68963.53 | R3: =(B2*'Flux financier avec SCHL'!Q3)+'Flux financier avec SCHL'!Q3 -> 70618.655 | S3: =(B2*'Flux financier avec SCHL'!R3)+'Flux financier avec SCHL'!R3 -> 72313.502 | T3: =(B2*'Flux financier avec SCHL'!S3)+'Flux financier avec SCHL'!S3 -> 74049.027 | U3: =(B2*'Flux financier avec SCHL'!T3)+'Flux financier avec SCHL'!T3 -> 75826.203 | V3: =(B2*'Flux financier avec SCHL'!U3)+'Flux financier avec SCHL'!U3 -> 77646.032 | W3: =(B2*'Flux financier avec SCHL'!V3)+'Flux financier avec SCHL'!V3 -> 79509.537 | X3: =(B2*'Flux financier avec SCHL'!W3)+'Flux financier avec SCHL'!W3 -> 81417.766 | Y3: =(B2*'Flux financier avec SCHL'!X3)+'Flux financier avec SCHL'!X3 -> 83371.792 | Z3: =(B2*'Flux financier avec SCHL'!Y3)+'Flux financier avec SCHL'!Y3 -> 85372.715 | AA3: =(B2*'Flux financier avec SCHL'!Z3)+'Flux financier avec SCHL'!Z3 -> 87421.66 | AB3: =(B2*'Flux financier avec SCHL'!AA3)+'Flux financier avec SCHL'!AA3 -> 89519.78
A4: Hypothèque | C4: =' Exemple avec SCHL'!B21 -> 513750
A5: Valeur de revente | C5: =AB6 -> 1239337.2
A6: Plus-value annuelle de l'immeuble | C6: =C5/C20 -> 1.8092514 | D6: =C20*B2+C20 -> 701440 | E6: =D6*B2+D6 -> 718274.56 | F6: =E6*B2+E6 -> 735513.15 | G6: =F6*B2+F6 -> 753165.47 | H6: =G6*B2+G6 -> 771241.44 | I6: =H6*B2+H6 -> 789751.23 | J6: =I6*B2+I6 -> 808705.26 | K6: =J6*B2+J6 -> 828114.19 | L6: =K6*B2+K6 -> 847988.93 | M6: =L6*B2+L6 -> 868340.66 | N6: =M6*B2+M6 -> 889180.84 | O6: =N6*B2+N6 -> 910521.18 | P6: =O6*B2+O6 -> 932373.69 | Q6: =P6*B2+P6 -> 954750.65 | R6: =Q6*B2+Q6 -> 977664.67 | S6: =R6*B2+R6 -> 1001128.6 | T6: =S6*B2+S6 -> 1025155.7 | U6: =T6*B2+T6 -> 1049759.4 | V6: =U6*B2+U6 -> 1074953.7 | W6: =V6*B2+V6 -> 1100752.6 | X6: =W6*B2+W6 -> 1127170.6 | Y6: =X6*B2+X6 -> 1154222.7 | Z6: =Y6*B2+Y6 -> 1181924.1 | AA6: =Z6*B2+Z6 -> 1210290.2 | AB6: =AA6*B2+AA6 -> 1239337.2
A7: Remboursement du capital sur l'hypothèque (annuel) | B7: =D7/' Exemple avec SCHL'!B18 -> 0.076708864 | D7: ='Financement avec SCHL'!E28 -> 13136.393 | E7: ='Financement avec SCHL'!E41 -> 13600.19 | F7: ='Financement avec SCHL'!E54 -> 14080.361 | G7: ='Financement avec SCHL'!E67 -> 14577.486 | H7: ='Financement avec SCHL'!E80 -> 15092.163 | I7: ='Financement avec SCHL'!E93 -> 15625.01 | J7: ='Financement avec SCHL'!E106 -> 16176.671 | K7: ='Financement avec SCHL'!E119 -> 16747.808 | L7: ='Financement avec SCHL'!E132 -> 17339.111 | M7: ='Financement avec SCHL'!E145 -> 17951.29 | N7: ='Financement avec SCHL'!E158 -> 18585.082 | O7: ='Financement avec SCHL'!E171 -> 19241.252 | P7: ='Financement avec SCHL'!E184 -> 19920.588 | Q7: ='Financement avec SCHL'!E197 -> 20623.91 | R7: ='Financement avec SCHL'!E210 -> 21352.062 | S7: ='Financement avec SCHL'!E223 -> 22105.924 | T7: ='Financement avec SCHL'!E236 -> 22886.401 | U7: ='Financement avec SCHL'!E249 -> 23694.434 | V7: ='Financement avec SCHL'!E262 -> 24530.996 | W7: ='Financement avec SCHL'!E275 -> 25397.093 | X7: ='Financement avec SCHL'!E288 -> 26293.769 | Y7: ='Financement avec SCHL'!E301 -> 27222.104 | Z7: ='Financement avec SCHL'!E314 -> 28183.214 | AA7: ='Financement avec SCHL'!E327 -> 29178.258 | AB7: ='Financement avec SCHL'!E340 -> 30208.432
A8: Remboursement cumulative du capital sur l'hypothèque (capitalisation) | B8: =C4/(C4+D18+E18+F18+G18+H18+I18+J18+K18+L18+M18+N18+O18+P18+Q18+R18+S18+T18+U18+V18+W18+X18+Y18+Z18+AA18+AB18) -> 0.66764098 | D8: =D7 -> 13136.393 | E8: =D7+E7 -> 26736.583 | F8: =E8+F7 -> 40816.944 | G8: =F8+G7 -> 55394.43 | H8: =G8+H7 -> 70486.593 | I8: =H8+I7 -> 86111.603 | J8: =I8+J7 -> 102288.27 | K8: =J8+K7 -> 119036.08 | L8: =K8+L7 -> 136375.19 | M8: =L8+M7 -> 154326.48 | ... AB8: =AA8+AB7 -> 513750
A9: Rendement annuel sur la mise de fond (cash flow + capitalisation + plus-value) | D9: =D24+'Financement avec SCHL'!E28+('Flux financier avec SCHL'!D6-'Flux financier avec SCHL'!C20) -> 23335.05 | E9: =E24+'Financement avec SCHL'!E41+('Flux financier avec SCHL'!E6-'Flux financier avec SCHL'!D6) -> 25841.944 | F9: =F24+'Financement avec SCHL'!E54+('Flux financier avec SCHL'!F6-'Flux financier avec SCHL'!E6) -> 27354.639 | G9: =G24+'Financement avec SCHL'!E67+('Flux financier avec SCHL'!G6-'Flux financier avec SCHL'!F6) -> 28909.066 | H9: =H24+'Financement avec SCHL'!E80+('Flux financier avec SCHL'!H6-'Flux financier avec SCHL'!G6) -> 30506.421 | I9: =I24+'Financement avec SCHL'!E93+('Flux financier avec SCHL'!I6-'Flux financier avec SCHL'!H6) -> 32147.931 | J9: =J24+'Financement avec SCHL'!E106+('Flux financier avec SCHL'!J6-'Flux financier avec SCHL'!I6) -> 33834.862 | K9: =K24+'Financement avec SCHL'!E119+('Flux financier avec SCHL'!K6-'Flux financier avec SCHL'!J6) -> 35568.517 | L9: =L24+'Financement avec SCHL'!E132+('Flux financier avec SCHL'!L6-'Flux financier avec SCHL'!K6) -> 37350.237 | M9: =M24+'Financement avec SCHL'!E145+('Flux financier avec SCHL'!M6-'Flux financier avec SCHL'!L6) -> 39181.403 | N9: =N24+'Financement avec SCHL'!E158+('Flux financier avec SCHL'!N6-'Flux financier avec SCHL'!M6) -> 41063.439 | O9: =O24+'Financement avec SCHL'!E171+('Flux financier avec SCHL'!O6-'Flux financier avec SCHL'!N6) -> 42997.809 | P9: =P24+'Financement avec SCHL'!E184+('Flux financier avec SCHL'!P6-'Flux financier avec SCHL'!O6) -> 44986.024 | Q9: =Q24+'Financement avec SCHL'!E197+('Flux financier avec SCHL'!Q6-'Flux financier avec SCHL'!P6) -> 47029.636 | R9: =R24+'Financement avec SCHL'!E210+('Flux financier avec SCHL'!R6-'Flux financier avec SCHL'!Q6) -> 49130.246 | S9: =S24+'Financement avec SCHL'!E223+('Flux financier avec SCHL'!S6-'Flux financier avec SCHL'!R6) -> 51289.504 | T9: =T24+'Financement avec SCHL'!E236+('Flux financier avec SCHL'!T6-'Flux financier avec SCHL'!S6) -> 53509.108 | U9: =U24+'Financement avec SCHL'!E249+('Flux financier avec SCHL'!U6-'Flux financier avec SCHL'!T6) -> 55790.806 | V9: =V24+'Financement avec SCHL'!E262+('Flux financier avec SCHL'!V6-'Flux financier avec SCHL'!U6) -> 58136.401 | W9: =W24+'Financement avec SCHL'!E275+('Flux financier avec SCHL'!W6-'Flux financier avec SCHL'!V6) -> 60547.749 | X9: =X24+'Financement avec SCHL'!E288+('Flux financier avec SCHL'!X6-'Flux financier avec SCHL'!W6) -> 63026.761 | Y9: =Y24+'Financement avec SCHL'!E301+('Flux financier avec SCHL'!Y6-'Flux financier avec SCHL'!X6) -> 65575.408 | Z9: =Z24+'Financement avec SCHL'!E314+('Flux financier avec SCHL'!Z6-'Flux financier avec SCHL'!Y6) -> 68195.718 | AA9: =AA24+'Financement avec SCHL'!E327+('Flux financier avec SCHL'!AA6-'Flux financier avec SCHL'!Z6) -> 70889.782 | AB9: =AB24+'Financement avec SCHL'!E340+('Flux financier avec SCHL'!AB6-'Flux financier avec SCHL'!AA6) -> 73659.754
A10: Équité | D10: =(D6*' Exemple avec SCHL'!B14)-'Financement avec SCHL'!C27 -> 25466.393 | E10: =(E6*' Exemple avec SCHL'!B14)-'Financement avec SCHL'!C40 -> 51692.503 | F10: =(F6*' Exemple avec SCHL'!B14)-'Financement avec SCHL'!C53 -> 78701.806 | G10: =(G6*' Exemple avec SCHL'!B14)-'Financement avec SCHL'!C66 -> 106518.53 | H10: =(H6*' Exemple avec SCHL'!B14)-'Financement avec SCHL'!C79 -> 135167.67 | I10: =(I6*' Exemple avec SCHL'!B14)-'Financement avec SCHL'!C92 -> 164675.03 | J10: =(J6*' Exemple avec SCHL'!B14)-'Financement avec SCHL'!C105 -> 195067.22 | K10: =(K6*' Exemple avec SCHL'!B14)-'Financement avec SCHL'!C118 -> 226371.72 | L10: =(L6*' Exemple avec SCHL'!B14)-'Financement avec SCHL'!C131 -> 258616.89 | M10: =(M6*' Exemple avec SCHL'!B14)-'Financement avec SCHL'!C144 -> 291831.98 | N10: =(N6*' Exemple avec SCHL'!B14)-'Financement avec SCHL'!C157 -> 326047.19 | O10: =(O6*' Exemple avec SCHL'!B14)-'Financement avec SCHL'!C170 -> 361293.7 | P10: =(P6*' Exemple avec SCHL'!B14)-'Financement avec SCHL'!C183 -> 397603.67 | Q10: =(Q6*' Exemple avec SCHL'!B14)-'Financement avec SCHL'!C196 -> 435010.3 | R10: =(R6*' Exemple avec SCHL'!B14)-'Financement avec SCHL'!C209 -> 473547.88 | S10: =(S6*' Exemple avec SCHL'!B14)-'Financement avec SCHL'!C222 -> 513251.77 | T10: =(T6*' Exemple avec SCHL'!B14)-'Financement avec SCHL'!C235 -> 554158.48 | U10: =(U6*' Exemple avec SCHL'!B14)-'Financement avec SCHL'!C248 -> 596305.72 | V10: =(V6*' Exemple avec SCHL'!B14)-'Financement avec SCHL'!C261 -> 639732.38 | W10: =(W6*' Exemple avec SCHL'!B14)-'Financement avec SCHL'!C274 -> 684478.64 | X10: =(X6*' Exemple avec SCHL'!B14)-'Financement avec SCHL'!C287 -> 730585.96 | Y10: =(Y6*' Exemple avec SCHL'!B14)-'Financement avec SCHL'!C300 -> 778097.13 | Z10: =(Z6*' Exemple avec SCHL'!B14)-'Financement avec SCHL'!C313 -> 827056.36 | AA10: =(AA6*' Exemple avec SCHL'!B14)-'Financement avec SCHL'!C326 -> 877509.25 | AB10: =(AB6*' Exemple avec SCHL'!B14)-'Financement avec SCHL'!C339 -> 929502.9
A11: FLUX POSITIFS | C11: =C4 -> 513750 | D11: =D3 -> 50666.4 | E11: =E3 -> 51882.394 | F11: =F3 -> 53127.571 | G11: =G3 -> 54402.633 | H11: =H3 -> 55708.296 | I11: =I3 -> 57045.295 | J11: =J3 -> 58414.382 | K11: =K3 -> 59816.327 | ... AB11: =AB3 -> 89519.78
A13: DÉPENSES ANNUELLES
A14: Dépenses annuelles (sans Fonds de prévoyance + taux d'inflation annuel) | C14: =D14+E14+F14+G14+H14+I14+J14+K14+L14+M14+N14+O14+P14+Q14+R14+S14+T14+U14+V14+W14+X14+Y14+Z14+AA14+AB14 -> 675263.37 | D14: =SUM(' Exemple avec SCHL'!E10:E18)+SUM(' Exemple avec SCHL'!E21:E37) -> 20026.312 | E14: =D14*B2+'Flux financier avec SCHL'!D14 -> 20506.943 | F14: =E14*B2+'Flux financier avec SCHL'!E14 -> 20999.11 | G14: =F14*B2+'Flux financier avec SCHL'!F14 -> 21503.089 | H14: =G14*B2+'Flux financier avec SCHL'!G14 -> 22019.163 | I14: =H14*B2+'Flux financier avec SCHL'!H14 -> 22547.623 | J14: =I14*B2+'Flux financier avec SCHL'!I14 -> 23088.766 | K14: =J14*B2+'Flux financier avec SCHL'!J14 -> 23642.896 | L14: =K14*B2+'Flux financier avec SCHL'!K14 -> 24210.326 | M14: =L14*B2+'Flux financier avec SCHL'!L14 -> 24791.373 | N14: =M14*B2+'Flux financier avec SCHL'!M14 -> 25386.366 | O14: =N14*B2+'Flux financier avec SCHL'!N14 -> 25995.639 | P14: =O14*B2+'Flux financier avec SCHL'!O14 -> 26619.535 | Q14: =P14*B2+'Flux financier avec SCHL'!P14 -> 27258.403 | R14: =Q14*B2+'Flux financier avec SCHL'!Q14 -> 27912.605 | S14: =R14*B2+'Flux financier avec SCHL'!R14 -> 28582.508 | T14: =S14*B2+'Flux financier avec SCHL'!S14 -> 29268.488 | U14: =T14*B2+'Flux financier avec SCHL'!T14 -> 29970.931 | V14: =U14*B2+'Flux financier avec SCHL'!U14 -> 30690.234 | W14: =V14*B2+'Flux financier avec SCHL'!V14 -> 31426.799 | X14: =W14*B2+'Flux financier avec SCHL'!W14 -> 32181.043 | Y14: =X14*B2+'Flux financier avec SCHL'!X14 -> 32953.388 | Z14: =Y14*B2+'Flux financier avec SCHL'!Y14 -> 33744.269 | AA14: =Z14*B2+'Flux financier avec SCHL'!Z14 -> 34554.131 | AB14: =AA14*B2+'Flux financier avec SCHL'!AA14 -> 35383.431
A15: Fonds de prévoyance (avec un taux d'inflation annuel) | C15: =D15+E15+F15+G15+H15+I15+J15+K15+L15+M15+N15+O15+P15+Q15+R15+S15+T15+U15+V15+W15+X15+Y15+Z15+AA15+AB15 -> 170841.06 | D15: =' Exemple avec SCHL'!E19 -> 5066.64 | E15: =B2*'Flux financier avec SCHL'!D15+'Flux financier avec SCHL'!D15 -> 5188.2394 | F15: =B2*'Flux financier avec SCHL'!E15+'Flux financier avec SCHL'!E15 -> 5312.7571 | G15: =B2*'Flux financier avec SCHL'!F15+'Flux financier avec SCHL'!F15 -> 5440.2633 | H15: =B2*'Flux financier avec SCHL'!G15+'Flux financier avec SCHL'!G15 -> 5570.8296 | I15: =B2*'Flux financier avec SCHL'!H15+'Flux financier avec SCHL'!H15 -> 5704.5295 | J15: =B2*'Flux financier avec SCHL'!I15+'Flux financier avec SCHL'!I15 -> 5841.4382 | K15: =B2*'Flux financier avec SCHL'!J15+'Flux financier avec SCHL'!J15 -> 5981.6327 | L15: =B2*'Flux financier avec SCHL'!K15+'Flux financier avec SCHL'!K15 -> 6125.1919 | M15: =B2*'Flux financier avec SCHL'!L15+'Flux financier avec SCHL'!L15 -> 6272.1965 | N15: =B2*'Flux financier avec SCHL'!M15+'Flux financier avec SCHL'!M15 -> 6422.7292 | O15: =B2*'Flux financier avec SCHL'!N15+'Flux financier avec SCHL'!N15 -> 6576.8747 | P15: =B2*'Flux financier avec SCHL'!O15+'Flux financier avec SCHL'!O15 -> 6734.7197 | Q15: =B2*'Flux financier avec SCHL'!P15+'Flux financier avec SCHL'!P15 -> 6896.353 | R15: =B2*'Flux financier avec SCHL'!Q15+'Flux financier avec SCHL'!Q15 -> 7061.8655 | S15: =B2*'Flux financier avec SCHL'!R15+'Flux financier avec SCHL'!R15 -> 7231.3502 | T15: =B2*'Flux financier avec SCHL'!S15+'Flux financier avec SCHL'!S15 -> 7404.9027 | U15: =B2*'Flux financier avec SCHL'!T15+'Flux financier avec SCHL'!T15 -> 7582.6203 | V15: =B2*'Flux financier avec SCHL'!U15+'Flux financier avec SCHL'!U15 -> 7764.6032 | W15: =B2*'Flux financier avec SCHL'!V15+'Flux financier avec SCHL'!V15 -> 7950.9537 | X15: =B2*'Flux financier avec SCHL'!W15+'Flux financier avec SCHL'!W15 -> 8141.7766 | Y15: =B2*'Flux financier avec SCHL'!X15+'Flux financier avec SCHL'!X15 -> 8337.1792 | Z15: =B2*'Flux financier avec SCHL'!Y15+'Flux financier avec SCHL'!Y15 -> 8537.2715 | AA15: =B2*'Flux financier avec SCHL'!Z15+'Flux financier avec SCHL'!Z15 -> 8742.166 | AB15: =B2*'Flux financier avec SCHL'!AA15+'Flux financier avec SCHL'!AA15 -> 8951.978
A16: TOTAL des dépenses annuelles | C16: =D16+E16+F16+G16+H16+I16+J16+K16+L16+M16+N16+O16+P16+Q16+R16+S16+T16+U16+V16+W16+X16+Y16+Z16+AA16+AB16 -> 846104.43 | D16: =D14+D15 -> 25092.952 | E16: =E14+E15 -> 25695.183 | F16: =F14+F15 -> 26311.867 | G16: =G14+G15 -> 26943.352 | H16: =H14+H15 -> 27589.992 | I16: =I14+I15 -> 28252.152 | J16: =J14+J15 -> 28930.204 | K16: =K14+K15 -> 29624.529 | ... AB16: =AB14+AB15 -> 44335.409
A17: Dépenses capitalisables lors de la présumé vente de l'immeuble | C17: =' Exemple avec SCHL'!H34+' Exemple avec SCHL'!H35+' Exemple avec SCHL'!H39+' Exemple avec SCHL'!H40+' Exemple avec SCHL'!H42+' Exemple avec SCHL'!H43+' Exemple avec SCHL'!H44+' Exemple avec SCHL'!H45+' Exemple avec SCHL'!H46+' Exemple avec SCHL'!H47+' Exemple avec SCHL'!H48+' Exemple avec SCHL'!H49 -> 11645
A18: Intérêts sur l'hypothèque | B18: =C18/C4 -> 0.497811 | C18: =D18+E18+F18+G18+H18+I18+J18+K18+L18+M18+N18+O18+P18+Q18+R18+S18+T18+U18+V18+W18+X18+Y18+Z18+AA18+AB18 -> 255750.4 | D18: ='Financement avec SCHL'!D28 -> 17643.623 | E18: ='Financement avec SCHL'!D41 -> 17179.826 | F18: ='Financement avec SCHL'!D54 -> 16699.655 | G18: ='Financement avec SCHL'!D67 -> 16202.53 | H18: ='Financement avec SCHL'!D80 -> 15687.853 | I18: ='Financement avec SCHL'!D93 -> 15155.006 | J18: ='Financement avec SCHL'!D106 -> 14603.345 | K18: ='Financement avec SCHL'!D119 -> 14032.208 | L18: ='Financement avec SCHL'!D132 -> 13440.905 | M18: ='Financement avec SCHL'!D145 -> 12828.726 | N18: ='Financement avec SCHL'!D158 -> 12194.934 | O18: ='Financement avec SCHL'!D171 -> 11538.764 | P18: ='Financement avec SCHL'!D184 -> 10859.428 | Q18: ='Financement avec SCHL'!D197 -> 10156.106 | R18: ='Financement avec SCHL'!D210 -> 9427.9535 | S18: ='Financement avec SCHL'!D223 -> 8674.0923 | T18: ='Financement avec SCHL'!D236 -> 7893.615 | U18: ='Financement avec SCHL'!D249 -> 7085.582 | V18: ='Financement avec SCHL'!D262 -> 6249.0204 | W18: ='Financement avec SCHL'!D275 -> 5382.923 | X18: ='Financement avec SCHL'!D288 -> 4486.2468 | Y18: ='Financement avec SCHL'!D301 -> 3557.9125 | Z18: ='Financement avec SCHL'!D314 -> 2596.8021 | AA18: ='Financement avec SCHL'!D327 -> 1601.7585 | AB18: ='Financement avec SCHL'!D340 -> 571.58361
A19: Dépenses fixes lors de l'acquisition de l'immeuble | C19: =' Exemple avec SCHL'!H36+' Exemple avec SCHL'!H37+' Exemple avec SCHL'!H38+' Exemple avec SCHL'!H41 -> 1034.775
A20: Investissement principal | C20: =' Exemple avec SCHL'!B16 -> 685000
A21: Assurance prêt (Taxe TVQ) + Droits d'évaluation des logements SCHL (frais dossier) | C21: =' Exemple avec SCHL'!B20 -> 0
A22: FLUX NÉGATIFS | C22: =C17+C19+C20+C21 -> 697679.78 | D22: =D16+D18+C19+D7 -> 56907.743 | E22: =E16+E18+E7 -> 56475.199 | F22: =F16+F18+F7 -> 57091.883 | G22: =G16+G18+G7 -> 57723.368 | H22: =H16+H18+H7 -> 58370.008 | I22: =I16+I18+I7 -> 59032.168 | J22: =J16+J18+J7 -> 59710.22 | K22: =K16+K18+K7 -> 60404.545 | L22: =L16+L18+L7 -> 61115.534 | ... AB22: =AB16+AB18+AB7 -> 75115.425
A24: ENCAISSE NET ANNUEL (CASH-FLOW) (avant impôt) | C24: =C11-C22 -> -183929.78 | D24: =D11-D22 -> -6241.343 | E24: =E11-E22 -> -4592.8052 | F24: =F11-F22 -> -3964.3122 | G24: =G11-G22 -> -3320.7353 | H24: =H11-H22 -> -2661.7126 | I24: =I11-I22 -> -1986.8733 | J24: =J11-J22 -> -1295.8378 | ... AB24: =AB11-AB22 -> 14404.356
A25: ENCAISSE NET ANNUEL (CASH-FLOW) (après impôt) | D25: =D24-D32 -> -6241.343 | E25: =E24-E32 -> -4592.8052 | F25: =F24-F32 -> -3964.3122 | G25: =G24-G32 -> -3320.7353 | H25: =H24-H32 -> -2661.7126 | I25: =I24-I32 -> -1986.8733 | J25: =J24-J32 -> -1295.8378 | K25: =K24-K32 -> -588.21757 | ... AB25: =AB24-AB32 -> 10083.049
A27: IMPÔTS
A28: Résultats bruts | D28: =D11-(D16+D18) -> 7929.8249 | E28: =E11-(E16+E18) -> 9007.3844 | F28: =F11-(F16+F18) -> 10116.049 | G28: =G11-(G16+G18) -> 11256.751 | H28: =H11-(H16+H18) -> 12430.45 | I28: =I11-(I16+I18) -> 13638.137 | J28: =J11-(J16+J18) -> 14880.833 | K28: =K11-(K16+K18) -> 16159.591 | ... S28: =S11-(S16+S18) -> 27825.552 | T28: =T11-(T812+T18) -> 66155.412 | U28: =U11-(U16+U18) -> 31187.069 | V28: =V11-(V16+V18) -> 32942.175 | W28: =W11-(W16+W18) -> 34748.861 | X28: =X11-(X16+X18) -> 36608.7 | Y28: =Y11-(Y16+Y18) -> 38523.313 | Z28: =Z11-(Z16+Z18) -> 40494.373 | AA28: =AA11-(AA16+AA18) -> 42523.604 | AB28: =AB11-(AB16+AB18) -> 44612.788
A29: Amortissement (4% de l'évaluation municipale de la bâtisse) | D29: =D40 -> 0 | E29: =E40 -> 0 | F29: =F40 -> 0 | G29: =G40 -> 0 | H29: =H40 -> 0 | I29: =I40 -> 0 | J29: =J40 -> 0 | K29: =K40 -> 0 | ... AB29: =AB40 -> 0
A30: Total | D30: =D28-D29 -> 7929.8249 | E30: =E28-E29 -> 9007.3844 | F30: =F28-F29 -> 10116.049 | G30: =G28-G29 -> 11256.751 | H30: =H28-H29 -> 12430.45 | I30: =I28-I29 -> 13638.137 | J30: =J28-J29 -> 14880.833 | K30: =K28-K29 -> 16159.591 | ... AB30: =AB28-AB29 -> 44612.788
A31: Pertes reportées (ajouter lors de la vente) | C31: =D31+E31+F31+G31+H31+I31+J31+K31+L31+M31+N31+O31+P31+Q31+R31+S31+T31+U31+V31+W31+X31+Y31+Z31+AA31+AB31 -> -24651.837 | D31: =IF(D25>0,0,D25) -> -6241.343 | E31: =IF(E25>0,0,E25) -> -4592.8052 | F31: =IF(F25>0,0,F25) -> -3964.3122 | G31: =IF(G25>0,0,G25) -> -3320.7353 | H31: =IF(H25>0,0,H25) -> -2661.7126 | I31: =IF(I25>0,0,I25) -> -1986.8733 | J31: =IF(J25>0,0,J25) -> -1295.8378 | K31: =IF(K25>0,0,K25) -> -588.21757 | ... AB31: =IF(AB25>0,0,AB25) -> 0
A32: Impôts NET à payer sur les revenus annuels | B32: 0.3 | D32: =(IF(D24<0,0,D24))*$B$32 -> 0 | E32: =(IF(E24<0,0,E24))*$B$32 -> 0 | F32: =(IF(F24<0,0,F24))*$B$32 -> 0 | G32: =(IF(G24<0,0,G24))*$B$32 -> 0 | H32: =(IF(H24<0,0,H24))*$B$32 -> 0 | I32: =(IF(I24<0,0,I24))*$B$32 -> 0 | J32: =(IF(J24<0,0,J24))*$B$32 -> 0 | K32: =(IF(K24<0,0,K24))*$B$32 -> 0 | ... AB32: =(IF(AB24<0,0,AB24))*$B$32 -> 4321.3067
A33: Montant sur lequel l'impôt est calculé et payable lors de la vente de l'immeuble | C33: =(((C5-C20)/2)+(C41)-(C17-C31)) -> 240871.77
A34: Montant à remettre à l'impôt lors de la vente de l'immeuble | B34: 0.5 | C34: =C33*B34 -> 120435.88
A35: Profit NET après impôt dans mes poches | C35: =(((C5-C20)-C34)) -> 433901.32
A37: AMORTISSEMENT
A38: Solde restante de l'amortissement sur immeuble | C38: =' Exemple avec SCHL'!B48 -> 793000 | D38: =' Exemple avec SCHL'!E56 -> 793000 | E38: =' Exemple avec SCHL'!E57 -> 793000 | F38: =' Exemple avec SCHL'!E58 -> 793000 | G38: =' Exemple avec SCHL'!E59 -> 793000 | H38: =' Exemple avec SCHL'!E60 -> 793000 | I38: =' Exemple avec SCHL'!E61 -> 793000 | J38: =' Exemple avec SCHL'!E62 -> 793000 | K38: =' Exemple avec SCHL'!E63 -> 793000 | L38: =' Exemple avec SCHL'!E64 -> 793000 | M38: =' Exemple avec SCHL'!E65 -> 793000 | N38: =' Exemple avec SCHL'!E66 -> 793000 | O38: =' Exemple avec SCHL'!E67 -> 793000 | P38: =' Exemple avec SCHL'!E68 -> 793000 | Q38: =' Exemple avec SCHL'!E69 -> 793000 | R38: =' Exemple avec SCHL'!E70 -> 793000 | S38: =' Exemple avec SCHL'!E71 -> 793000 | T38: =' Exemple avec SCHL'!E72 -> 793000 | U38: =' Exemple avec SCHL'!E73 -> 793000 | V38: =' Exemple avec SCHL'!E74 -> 793000 | W38: =' Exemple avec SCHL'!E75 -> 793000 | X38: =' Exemple avec SCHL'!E76 -> 793000 | Y38: =' Exemple avec SCHL'!E77 -> 793000 | Z38: =' Exemple avec SCHL'!E78 -> 793000 | AA38: =' Exemple avec SCHL'!E79 -> 793000 | AB38: =' Exemple avec SCHL'!E80 -> 793000
A39: Prime SCHL | D39: =C21/5 -> 0 | E39: =C21/5 -> 0 | F39: =C21/5 -> 0 | G39: =C21/5 -> 0 | H39: =C21/5 -> 0
A40: Amortissement sur l'immeuble (par année) | D40: =' Exemple avec SCHL'!D56 -> 0 | E40: =' Exemple avec SCHL'!D57 -> 0 | F40: =' Exemple avec SCHL'!D58 -> 0 | G40: =' Exemple avec SCHL'!D59 -> 0 | H40: =' Exemple avec SCHL'!D60 -> 0 | I40: =' Exemple avec SCHL'!D61 -> 0 | J40: =' Exemple avec SCHL'!D62 -> 0 | K40: =' Exemple avec SCHL'!D63 -> 0 | L40: =' Exemple avec SCHL'!D64 -> 0 | M40: =' Exemple avec SCHL'!D65 -> 0 | N40: =' Exemple avec SCHL'!D66 -> 0 | O40: =' Exemple avec SCHL'!D67 -> 0 | P40: =' Exemple avec SCHL'!D68 -> 0 | Q40: =' Exemple avec SCHL'!D69 -> 0 | R40: =' Exemple avec SCHL'!D70 -> 0 | S40: =' Exemple avec SCHL'!D71 -> 0 | T40: =' Exemple avec SCHL'!D72 -> 0 | U40: =' Exemple avec SCHL'!D73 -> 0 | V40: =' Exemple avec SCHL'!D74 -> 0 | W40: =' Exemple avec SCHL'!D75 -> 0 | X40: =' Exemple avec SCHL'!D76 -> 0 | Y40: =' Exemple avec SCHL'!D77 -> 0 | Z40: =' Exemple avec SCHL'!D78 -> 0 | AA40: =' Exemple avec SCHL'!D79 -> 0 | AB40: =' Exemple avec SCHL'!D80 -> 0
A41: Total amortissable (immeuble + SCHL) - Ajouter au gain en capital lors de la vente | C41: =D41+E41+F41+G41+H41+I41+J41+K41+L41+M41+N41+O41+P41+Q41+R41+S41+T41+U41+V41+W41+X41+Y41+Z41+AA41+AB41 -> 0 | D41: =D39+D40 -> 0 | E41: =E39+E40 -> 0 | F41: =F39+F40 -> 0 | G41: =G39+G40 -> 0 | H41: =H39+H40 -> 0 | I41: =I39+I40 -> 0 | J41: =J39+J40 -> 0 | K41: =K39+K40 -> 0 | ... AB41: =AB39+AB40 -> 0

Sheet  Exemple sans SCHL
B1: Identification de l'immeuble | F1: =' Exemple avec SCHL'!F1:I1 -> DROITS DE MUTATION (taxe de bienvenue)
A2: =' Exemple avec SCHL'!A2 -> Date: | B2: =' Exemple avec SCHL'!B2:D2 -> 0 | F2: =' Exemple avec SCHL'!F2:H2 -> Si l'immeuble est à Montréal, inscrire < 1 > =========> | I2: =' Exemple avec SCHL'!I2:I3 -> 0
A3: =' Exemple avec SCHL'!A3 -> Adresse complète: | B3: =' Exemple avec SCHL'!B3:D3 -> 0 | F3: =' Exemple avec SCHL'!F3:H3 -> Si l'immeuble est hors Montréal, inscrire < 0 > =======>
A4: =' Exemple avec SCHL'!A4 -> Ville: | B4: =' Exemple avec SCHL'!B4:D4 -> 0 | F4: =' Exemple avec SCHL'!F4:H4 -> Montant sur lequel est calculé le droit de mutation | I4: =MAX(B16,B47) -> 793000
A5: =' Exemple avec SCHL'!A5 -> Code postal: | B5: =' Exemple avec SCHL'!B5:D5 -> 0 | F5: =' Exemple avec SCHL'!F5:H5 -> Prix d'achat | I5: =B16 -> 685000
F6: =' Exemple avec SCHL'!F6:H6 -> Total évaluation municipale de l'immeuble | I6: =B47 -> 793000
G8: =' Exemple avec SCHL'!G8:H8 -> www.patricemenard.com/indice
A10: =' Exemple avec SCHL'!A10 -> Valeur marchande de l'immeuble (référence à 13x les revenus) | B10: =' Exemple avec SCHL'!B10 -> 708240 | C10: =' Exemple avec SCHL'!C10 -> 13 | D10: =' Exemple avec SCHL'!D10 -> Taxes municipales (10% à 16%) | E10: =' Exemple avec SCHL'!E10 -> 7376 | F10: =E10/B36 -> 0.14557971 | G10: =' Exemple avec SCHL'!G10 -> TGA Juste Valeur Machande (JVM) | H10: =' Exemple avec SCHL'!H10 -> 0.042
A11: =' Exemple avec SCHL'!A11 -> Juste Valeur Marchande de l'immeuble | B11: =' Exemple avec SCHL'!B11 -> 537463.05 | C11: =' Exemple avec SCHL'!C11 -> 10.607879 | D11: =' Exemple avec SCHL'!D11 -> Taxes scolaires (2% à 4%) | E11: =' Exemple avec SCHL'!E11 -> 655 | F11: =E11/B36 -> 0.0129277 | G11: =' Exemple avec SCHL'!G11 -> TGA Juste Valeur Machande (indice résultat) | H11: =' Exemple avec SCHL'!H11 -> 0.032953939
A12: =' Exemple avec SCHL'!A12 -> Valeur Économique de l'immeuble | B12: =PV('Financement sans SCHL'!D2/12,'Financement sans SCHL'!D3*12,'Financement sans SCHL'!D4,0,1) -> -513855.67 | C12: =' Exemple avec SCHL'!C12 -> 10.141942 | D12: =' Exemple avec SCHL'!D12 -> Assurance (3% à 5%) | E12: =' Exemple avec SCHL'!E12 -> 2386 | F12: =E12/B36 -> 0.047092353 | G12: =' Exemple avec SCHL'!G12 -> TGA Valeur Économique (indice résultat) | H12: =ABS((B39/B12)) -> 0.04392955
A13: =' Exemple avec SCHL'!A13 -> Valeur Paritaire de l'immeuble | B13: =' Exemple avec SCHL'!B13 -> 587211.86 | C13: =' Exemple avec SCHL'!C13 -> 11.589769 | D13: =' Exemple avec SCHL'!D13 -> Chauffage | E13: =' Exemple avec SCHL'!E13 -> 0 | F13: =E13/B36 -> 0 | G13: =' Exemple avec SCHL'!G13 -> TGA Paritaire (indice résultat) | H13: =' Exemple avec SCHL'!H13 -> 0.038441744
A14: =' Exemple avec SCHL'!A14 -> Financement de la banque | B14: =IF(AND(B22>1,B22<5),80%,IF(B22>4,75%,)) -> 0.75 | D14: =' Exemple avec SCHL'!D14 -> Électricité, gaz, huile | E14: =' Exemple avec SCHL'!E14 -> 4506 | F14: =E14/B36 -> 0.088934679
A15: =' Exemple avec SCHL'!A15 -> Montant que la banque va financer entre JVM et VÉ | B15: =MIN(0-B12,B11) -> 513855.67 | D15: =' Exemple avec SCHL'!D15 -> Partie commune (1%) | E15: =' Exemple avec SCHL'!E15 -> 0 | F15: =E15/B36 -> 0 | G15: =' Exemple avec SCHL'!G15 -> Ratio de couverture de la dette | H15: =B39/B40 -> 0.73338
A16: =' Exemple avec SCHL'!A16 -> Prix d'achat | B16: 685000 | D16: =' Exemple avec SCHL'!D16 -> Conciergerie (2% à 5%) | E16: =' Exemple avec SCHL'!E16 -> 750 | F16: =E16/B36 -> 0.014802709
A17: =' Exemple avec SCHL'!A17 -> Prix par logement | B17: =' Exemple avec SCHL'!B17 -> 114166.67 | D17: =' Exemple avec SCHL'!D17 -> Entretien (4% à 8%) | E17: =' Exemple avec SCHL'!E17 -> 0 | F17: =E17/B36 -> 0 | G17: =' Exemple avec SCHL'!G17 -> Ratio minimum d'occupation (TMO) | H17: =(E38+B40)/B36 -> 1.1619726
A18: =' Exemple avec SCHL'!A18 -> Mise de fonds initiale | B18: =B16*C18 -> 171250 | C18: =1-B14 -> 0.25 | D18: =' Exemple avec SCHL'!D18 -> Administration (3% à 5%) | E18: =' Exemple avec SCHL'!E18 -> 1519.992 | F18: =E18/B36 -> 0.03
A19: =' Exemple avec SCHL'!A21 -> GRAND TOTAL du montant de l'hypothèque à financer | B19: =B16-B18 -> 513750 | D19: =' Exemple avec SCHL'!D19 -> Fonds de prévoyance (10%) | E19: =' Exemple avec SCHL'!E19 -> 5066.64 | F19: =E19/B36 -> 0.1 | G19: =' Exemple avec SCHL'!G19 -> Ratio prix d’achat / Évaluation municipale | H19: =' Exemple avec SCHL'!H19 -> 0.86380832
D20: =' Exemple avec SCHL'!D20 -> Réserve | E20: =' Exemple avec SCHL'!E20 -> 3000 | F20: =E20/B36 -> 0.059210838
B21: =' Exemple avec SCHL'!B23 -> Revenus | D21: =' Exemple avec SCHL'!D21 -> Frais de gestion (5% à 10%) | E21: =' Exemple avec SCHL'!E21 -> 2533.32 | F21: =E21/B36 -> 0.05 | G21: =' Exemple avec SCHL'!G21 -> Taux de Rentabilité Interne (TRI) | H21: =IRR('Flux financier sans SCHL'!C23:AB23,0) -> -0.028354176
A22: =' Exemple avec SCHL'!A24 -> Nombre de logement dans l'immeuble | B22: =' Exemple avec SCHL'!B24 -> 6 | D22: =' Exemple avec SCHL'!D22 -> Publicité (2%) | E22: =' Exemple avec SCHL'!E22 -> 0 | F22: =E22/B36 -> 0
A23: =' Exemple avec SCHL'!A25 -> Prix de location ACTUEL par logement (mensuel) | B23: =' Exemple avec SCHL'!B25 -> 756.66667 | D23: =' Exemple avec SCHL'!D23 -> Eau | E23: =' Exemple avec SCHL'!E23 -> 0 | F23: =E23/B36 -> 0 | G23: =' Exemple avec SCHL'!G23 -> Valeur Actuelle Nette (VAN) | H23: =NPV(H10,'Flux financier sans SCHL'!C23:AB23)+'Flux financier sans SCHL'!C23 -> -328773.52
A24: =' Exemple avec SCHL'!A26 -> Revenu total ACTUEL de location (mensuel) | B24: =' Exemple avec SCHL'!B26 -> 4540 | D24: =' Exemple avec SCHL'!D24 -> Égout | E24: =' Exemple avec SCHL'!E24 -> 0 | F24: =E24/B36 -> 0
A25: =' Exemple avec SCHL'!A27 -> Revenu total ACTUEL de location (annuel) | B25: =' Exemple avec SCHL'!B27 -> 54480 | D25: =' Exemple avec SCHL'!D25 -> Déneigement | E25: =' Exemple avec SCHL'!E25 -> 300 | F25: =E25/B36 -> 0.0059210838 | G25: =' Exemple avec SCHL'!G25 -> Délai de récupération MDF (payback) | H25: =B18/B43 -> -20.867432 | I25: =' Exemple avec SCHL'!I25 -> ans
A26: =' Exemple avec SCHL'!A28 -> Nouveau revenu de location ANNUEL (suite au renouvellement de bail) | B26: =' Exemple avec SCHL'!B28 -> 54480 | C26: =' Exemple avec SCHL'!C28 -> 0 | D26: =' Exemple avec SCHL'!D26 -> Gazon | E26: =' Exemple avec SCHL'!E26 -> 0 | F26: =E26/B36 -> 0
A27: =' Exemple avec SCHL'!A29 -> Prix du loyer ACTUEL du marché (mensuel) | B27: =' Exemple avec SCHL'!B29 -> 756.67 | C27: =' Exemple avec SCHL'!C29 -> Mapliv | D27: =' Exemple avec SCHL'!D27 -> Vidange | E27: =' Exemple avec SCHL'!E27 -> 0 | F27: =E27/B36 -> 0 | G27: =' Exemple avec SCHL'!G27 -> MRB (Multiplicateur de revenu brut) | H27: =' Exemple avec SCHL'!H27 -> 12.573421
A28: =' Exemple avec SCHL'!A30 -> Nouveau revenu total de loyer du marché (mensuel) | B28: =' Exemple avec SCHL'!B30 -> 4540.02 | C28: =' Exemple avec SCHL'!C30 -> 4.4052863e-06 | D28: =' Exemple avec SCHL'!D28 -> Buanderie | E28: =' Exemple avec SCHL'!E28 -> 0 | F28: =E28/B36 -> 0
A29: =' Exemple avec SCHL'!A31 -> Nouveau revenu de location annuel (optimisé du marché) | B29: =' Exemple avec SCHL'!B31 -> 54480.24 | D29: =' Exemple avec SCHL'!D29 -> Cabanons | E29: =' Exemple avec SCHL'!E29 -> 0 | F29: =E29/B36 -> 0 | G29: =' Exemple avec SCHL'!G29 -> MRN (Multiplicateur de revenu net) | H29: =' Exemple avec SCHL'!H29 -> 30.345386
A30: =' Exemple avec SCHL'!A32 -> Optimisation de la valeur de l'immeuble | B30: =' Exemple avec SCHL'!B32 -> 3.0176211 | D30: =' Exemple avec SCHL'!D30 -> Garage | E30: =' Exemple avec SCHL'!E30 -> 0 | F30: =E30/B36 -> 0
A31: =' Exemple avec SCHL'!A33 -> Nouvelle valeur marchande de l'immeuble selon le MRB | B31: =' Exemple avec SCHL'!B33 -> 685003.02 | C31: =' Exemple avec SCHL'!C33 -> 4.4052863e-06 | D31: =' Exemple avec SCHL'!D31 -> Remise | E31: =' Exemple avec SCHL'!E31 -> 0 | F31: =E31/B36 -> 0
D32: =' Exemple avec SCHL'!D32 -> Stationnements | E32: =' Exemple avec SCHL'!E32 -> 0 | F32: =E32/B36 -> 0
A33: =' Exemple avec SCHL'!A35 -> Total des revenus annuel bruts POTENTIELS | B33: =B36+B34+B35 -> 54480 | D33: =' Exemple avec SCHL'!D33 -> Ascenseurs | E33: =' Exemple avec SCHL'!E33 -> 0 | F33: =E33/B36 -> 0 | G33: =' Exemple avec SCHL'!G33 -> DÉPENSES FIXES D'ACQUISITION | J33: =' Exemple avec SCHL'!J33 -> Capitalisable = X
A34: =' Exemple avec SCHL'!A36 -> Taux d'inoccupation des logements (3% à 8%) | B34: =' Exemple avec SCHL'!B36 -> 2724 | C34: =' Exemple avec SCHL'!C36 -> 0.05 | D34: =' Exemple avec SCHL'!D34 -> Entretien piscine | E34: =' Exemple avec SCHL'!E34 -> 0 | F34: =E34/B36 -> 0 | G34: =' Exemple avec SCHL'!G34 -> Droits de mutations (taxe de bienvenue) | H34: =IF(I2=1,ROUND(+(IF(I4<50000.01,I4*0.005,0))+(IF((AND(I4>50000,I4<250000.01)),250+(I4-50000)*0.01,0))+(IF((AND(I4>250000,I4<500000.01)),2250+(I4-250000)*0.015,0))+ (IF((AND(I4>500000,I4<1000000.01)),6000+(I4-500000)*0.02,0))+(IF(I4>1000000,16000+(I4-1000000)*0.025,0)),2),ROUND(+(IF(I4<50000.01,I4*0.005,0))+(IF((AND(I4>50000,I4<250000.01)),250+(I4-50000)*0.01,0))+(IF(I4>250000,2250+(I4-250000)*0.015,0)),2)) -> 10395 | I34: =H34/H48 -> 0.89265779 | J34: =' Exemple avec SCHL'!J34 -> X
A35: =' Exemple avec SCHL'!A37 -> Mauvaises créances (1% à 3%) | B35: =' Exemple avec SCHL'!B37 -> 1089.6 | C35: =' Exemple avec SCHL'!C37 -> 0.02 | D35: =' Exemple avec SCHL'!D35 -> Location chauffe-eau | E35: =' Exemple avec SCHL'!E35 -> 0 | F35: =E35/B36 -> 0 | G35: =' Exemple avec SCHL'!G35 -> Frais de notaire | H35: =' Exemple avec SCHL'!H35 -> 1250 | I35: =H35/H48 -> 0.10734221 | J35: =' Exemple avec SCHL'!J35 -> X
A36: =' Exemple avec SCHL'!A38 -> Total des revenus annuel bruts EFFECTIFS | B36: =(B24*12)-B34-B35 -> 50666.4 | D36: =' Exemple avec SCHL'!D36 -> Électroménagers | E36: =' Exemple avec SCHL'!E36 -> 0 | F36: =E36/B36 -> 0 | G36: =' Exemple avec SCHL'!G38 -> Ajustement de taxes municipale & scolaire | H36: =' Exemple avec SCHL'!H38 -> 0 | I36: =H36/H48 -> 0 | J36: =' Exemple avec SCHL'!J38 -> Dépense
D37: =' Exemple avec SCHL'!D37 -> Divers (1% à 5%) | E37: =' Exemple avec SCHL'!E37 -> 0 | F37: =E37/B36 -> 0 | G37: =' Exemple avec SCHL'!G39 -> Certificat de localisation | H37: =' Exemple avec SCHL'!H39 -> 0 | I37: =H37/H48 -> 0 | J37: =' Exemple avec SCHL'!J39 -> X
A38: =' Exemple avec SCHL'!A40 -> Dépenses annuelles (frais d'exploitation) | B38: =E10+E11+E12+E13+E14+E15+E16+E17+E18+E19+E20+E21+E22+E23+E24+E25+E26+E27+E28+E29+E30+E31+E32+E33+E34+E35+E36+E37 -> 28092.952 | C38: =B38/B36 -> 0.55446908 | D38: =' Exemple avec SCHL'!D38 -> TOTAL DES DÉPENSES | E38: =B38 -> 28092.952 | F38: =C38 -> 0.55446908 | G38: =' Exemple avec SCHL'!G40 -> Infrastructures | H38: =' Exemple avec SCHL'!H40 -> 0 | I38: =H38/H48 -> 0 | J38: =' Exemple avec SCHL'!J40 -> X
A39: =' Exemple avec SCHL'!A41 -> Revenu net d'opération | B39: =B36-B38 -> 22573.448 | C39: =B39/B36 -> 0.44553092 | G39: =' Exemple avec SCHL'!G41 -> Déménagement | H39: =' Exemple avec SCHL'!H41 -> 0 | I39: =H39/H48 -> 0 | J39: =' Exemple avec SCHL'!J41 -> Dépense
A40: =' Exemple avec SCHL'!A42 -> Dette (capital & intérêts) | B40: ='Financement sans SCHL'!D28+'Financement sans SCHL'!E28 -> 30780.016 | C40: =B40/B36 -> 0.60750351 | G40: =' Exemple avec SCHL'!G42 -> Inspection du bâtiment | H40: =' Exemple avec SCHL'!H42 -> 0 | I40: =H40/H48 -> 0 | J40: =' Exemple avec SCHL'!J42 -> X
A41: =' Exemple avec SCHL'!A43 -> Encaisse net (cash flow) PAR LOGEMENT | B41: =B42/B22 -> -113.98011 | C41: =C42/12 -> -0.00033278865 | G41: =' Exemple avec SCHL'!G43 -> Évaluateur agréé | H41: =' Exemple avec SCHL'!H43 -> 0 | I41: =H41/H48 -> 0 | J41: =' Exemple avec SCHL'!J43 -> X
A42: =' Exemple avec SCHL'!A44 -> Encaisse net (cash flow) MENSUEL | B42: =B43/12 -> -683.88067 | C42: =C43/12 -> -0.0039934637 | G42: =' Exemple avec SCHL'!G44 -> Test de pyrite | H42: =' Exemple avec SCHL'!H44 -> 0 | I42: =H42/H48 -> 0 | J42: =' Exemple avec SCHL'!J44 -> X
A43: =' Exemple avec SCHL'!A45 -> Encaisse net (cash flow) ANNUEL | B43: =B39-B40 -> -8206.568 | C43: =B43/B18 -> -0.047921565 | G43: =' Exemple avec SCHL'!G45 -> Test d'amiante | H43: =' Exemple avec SCHL'!H45 -> 0 | I43: =H43/H48 -> 0 | J43: =' Exemple avec SCHL'!J45 -> X
G44: =' Exemple avec SCHL'!G46 -> Test d'environnement / Sol | H44: =' Exemple avec SCHL'!H46 -> 0 | I44: =H44/H48 -> 0 | J44: =' Exemple avec SCHL'!J46 -> X
A45: =' Exemple avec SCHL'!A47 -> Évaluation municipale du terrain | B45: =' Exemple avec SCHL'!B47 -> 0 | G45: =' Exemple avec SCHL'!G47 -> Frais d'incorporation | H45: =' Exemple avec SCHL'!H47 -> 0 | I45: =H45/H48 -> 0 | J45: =' Exemple avec SCHL'!J47 -> X
A46: =' Exemple avec SCHL'!A48 -> Évaluation municipale de la bâtisse | B46: =' Exemple avec SCHL'!B48 -> 793000 | G46: =' Exemple avec SCHL'!G48 -> Autres | H46: =' Exemple avec SCHL'!H48 -> 0 | I46: =H46/H48 -> 0 | J46: =' Exemple avec SCHL'!J48 -> X
A47: =' Exemple avec SCHL'!A49 -> Total évaluation municipale de l'immeuble | B47: =B45+B46 -> 793000 | G47: =' Exemple avec SCHL'!G49 -> Réparations à l'acquisition | H47: =' Exemple avec SCHL'!H49 -> 0 | I47: =H47/H48 -> 0 | J47: =' Exemple avec SCHL'!J49 -> X
A48: =' Exemple avec SCHL'!A50 -> Ratio valeur bâtisse / Valeur total | B48: =B46/(B45+B46) -> 1 | G48: TOTAL A PAYER DES AUTRES DÉPENSES | H48: =SUM(H34:H47) -> 11645 | I48: =H48/H48 -> 1
A49: =' Exemple avec SCHL'!A51 -> Valeur calcul amortissement | B49: =B48*B16 -> 685000
G50: A FAIRE AVANT L'ACHAT DU BÂTIMENT
G51: Inspection du batiment avec une responsabilité civile
A52: =' Exemple avec SCHL'!A54:B54 -> Total de l'amortissement que je peux prendre (4% MAX) | G52: Preuve des bails
A53: =' Exemple avec SCHL'!A55 -> Évaluation municipale de la bâtisse (4%) | B53: =B46 -> 793000 | D53: =' Exemple avec SCHL'!D55 -> Amortissement qui a été pris | E53: =' Exemple avec SCHL'!E55 -> Solde | G53: Preuve des réparations
A54: =' Exemple avec SCHL'!A56 -> Année 1 | B54: =B53*0.02 -> 15860 | D54: =' Exemple avec SCHL'!D56 -> 0 | E54: =B53-D54 -> 793000 | G54: Preuve de l'APCHQ (si valide)
A55: =' Exemple avec SCHL'!A57 -> Année 2 | B55: =E54*0.04 -> 31720 | D55: =' Exemple avec SCHL'!D57 -> 0 | E55: =E54-D55 -> 793000 | G55: Déclaration du vendeur
A56: =' Exemple avec SCHL'!A58 -> Année 3 | B56: =E55*0.04 -> 31720 | D56: =' Exemple avec SCHL'!D58 -> 0 | E56: =E55-D56 -> 793000 | G56: Déclaration de l'agent immobilier
A57: =' Exemple avec SCHL'!A59 -> Année 4 | B57: =E56*0.04 -> 31720 | D57: =' Exemple avec SCHL'!D59 -> 0 | E57: =E56-D57 -> 793000 | G57: Conditionnel au financement et autres conditions
A58: =' Exemple avec SCHL'!A60 -> Année 5 | B58: =E57*0.04 -> 31720 | D58: =' Exemple avec SCHL'!D60 -> 0 | E58: =E57-D58 -> 793000
A59: =' Exemple avec SCHL'!A61 -> Année 6 | B59: =E58*0.04 -> 31720 | D59: =' Exemple avec SCHL'!D61 -> 0 | E59: =E58-D59 -> 793000 | G59: COUVERTURE DE LA DETTE | H59: RATIO | I59: MISE DE FOND | J59: AMORTISSEMENT
A60: =' Exemple avec SCHL'!A62 -> Année 7 | B60: =E59*0.04 -> 31720 | D60: =' Exemple avec SCHL'!D62 -> 0 | E60: =E59-D60 -> 793000 | G60: PROPRIÉTAIRE OCCUPANT AVEC SCHL
A61: =' Exemple avec SCHL'!A63 -> Année 8 | B61: =E60*0.04 -> 31720 | D61: =' Exemple avec SCHL'!D63 -> 0 | E61: =E60-D61 -> 793000 | G61: Duplex | H61: ATD | I61: 0.05 | J61: 25 ans
A62: =' Exemple avec SCHL'!A64 -> Année 9 | B62: =E61*0.04 -> 31720 | D62: =' Exemple avec SCHL'!D64 -> 0 | E62: =E61-D62 -> 793000 | G62: Triplex | H62: ATD | I62: 0.1 | J62: 25 ans
A63: =' Exemple avec SCHL'!A65 -> Année 10 | B63: =E62*0.04 -> 31720 | D63: =' Exemple avec SCHL'!D65 -> 0 | E63: =E62-D63 -> 793000 | G63: Quadruplex | H63: ATD | I63: 0.1 | J63: 25 ans
A64: =' Exemple avec SCHL'!A66 -> Année 11 | B64: =E63*0.04 -> 31720 | D64: =' Exemple avec SCHL'!D66 -> 0 | E64: =E63-D64 -> 793000 | G64: RÈGLES DE FINANCEMENT
A65: =' Exemple avec SCHL'!A67 -> Année 12 | B65: =E64*0.04 -> 31720 | D65: =' Exemple avec SCHL'!D67 -> 0 | E65: =E64-D65 -> 793000 | G65: Salaire et ratio d'emprunt (ABD 39% ou ATD 44%)
A66: =' Exemple avec SCHL'!A68 -> Année 13 | B66: =E65*0.04 -> 31720 | D66: =' Exemple avec SCHL'!D68 -> 0 | E66: =E65-D66 -> 793000 | G66: Valeur de l'immeuble MRB (Multiplicateur de revenu brut)
A67: =' Exemple avec SCHL'!A69 -> Année 14 | B67: =E66*0.04 -> 31720 | D67: =' Exemple avec SCHL'!D69 -> 0 | E67: =E66-D67 -> 793000 | G67: 5-6 logements | H67: 1.10% à 1.30% | I67: 0.15 | J67: jusqu'à 40 ans
A68: =' Exemple avec SCHL'!A70 -> Année 15 | B68: =E67*0.04 -> 31720 | D68: =' Exemple avec SCHL'!D70 -> 0 | E68: =E67-D68 -> 793000 | G68: RÈGLES DE FINANCEMENT: Valeur MRB (Multiplicateur de revenu brut)
A69: =' Exemple avec SCHL'!A71 -> Année 16 | B69: =E68*0.04 -> 31720 | D69: =' Exemple avec SCHL'!D71 -> 0 | E69: =E68-D69 -> 793000 | G69: 7 logements et plus | H69: 1.10% à 1.30% | I69: 0.15 | J69: jusqu'à 40 ans
A70: =' Exemple avec SCHL'!A72 -> Année 17 | B70: =E69*0.04 -> 31720 | D70: =' Exemple avec SCHL'!D72 -> 0 | E70: =E69-D70 -> 793000 | G70: RÈGLES DE FINANCEMENT: Valeur économique, valeur marchande ou coût de reconstruction
A71: =' Exemple avec SCHL'!A73 -> Année 18 | B71: =E70*0.04 -> 31720 | D71: =' Exemple avec SCHL'!D73 -> 0 | E71: =E70-D71 -> 793000
A72: =' Exemple avec SCHL'!A74 -> Année 19 | B72: =E71*0.04 -> 31720 | D72: =' Exemple avec SCHL'!D74 -> 0 | E72: =E71-D72 -> 793000 | G72: COUVERTURE DE LA DETTE | H72: RATIO | I72: MISE DE FOND | J72: AMORTISSEMENT
A73: =' Exemple avec SCHL'!A75 -> Année 20 | B73: =E72*0.04 -> 31720 | D73: =' Exemple avec SCHL'!D75 -> 0 | E73: =E72-D73 -> 793000 | G73: PROPRIÉTAIRE NON-OCCUPANT AVEC SCHL
A74: =' Exemple avec SCHL'!A76 -> Année 21 | B74: =E73*0.04 -> 31720 | D74: =' Exemple avec SCHL'!D76 -> 0 | E74: =E73-D74 -> 793000 | G74: Duplex | H74: ATD | I74: 0.2 | J74: 25 ans
A75: =' Exemple avec SCHL'!A77 -> Année 22 | B75: =E74*0.04 -> 31720 | D75: =' Exemple avec SCHL'!D77 -> 0 | E75: =E74-D75 -> 793000 | G75: Triplex | H75: ATD | I75: 0.2 | J75: 25 ans
A76: =' Exemple avec SCHL'!A78 -> Année 23 | B76: =E75*0.04 -> 31720 | D76: =' Exemple avec SCHL'!D78 -> 0 | E76: =E75-D76 -> 793000 | G76: Quadruplex | H76: ATD | I76: 0.2 | J76: 25 ans
A77: =' Exemple avec SCHL'!A79 -> Année 24 | B77: =E76*0.04 -> 31720 | D77: =' Exemple avec SCHL'!D79 -> 0 | E77: =E76-D77 -> 793000 | G77: RÈGLES DE FINANCEMENT
A78: =' Exemple avec SCHL'!A80 -> Année 25 | B78: =E77*0.04 -> 31720 | D78: =' Exemple avec SCHL'!D80 -> 0 | E78: =E77-D78 -> 793000 | G78: Salaire et ratio d'emprunt (ABD 39% ou ATD 44%)
A79: =' Exemple avec SCHL'!A81 -> Année 26 | B79: =E78*0.04 -> 31720 | D79: =' Exemple avec SCHL'!D81 -> 0 | E79: =E78-D79 -> 793000 | G79: Valeur de l'immeuble MRB (Multiplicateur de revenu brut)
A80: =' Exemple avec SCHL'!A82 -> Année 27 | B80: =E79*0.04 -> 31720 | D80: =' Exemple avec SCHL'!D82 -> 0 | E80: =E79-D80 -> 793000 | G80: 5-6 logements | H80: 1.10% à 1.30% | I80: 0.25 | J80: 25 ans
A81: =' Exemple avec SCHL'!A83 -> Année 28 | B81: =E80*0.04 -> 31720 | D81: =' Exemple avec SCHL'!D83 -> 0 | E81: =E80-D81 -> 793000 | G81: RÈGLES DE FINANCEMENT: Valeur économique, valeur marchande ou coût de reconstruction
A82: =' Exemple avec SCHL'!A84 -> Année 29 | B82: =E81*0.04 -> 31720 | D82: =' Exemple avec SCHL'!D84 -> 0 | E82: =E81-D82 -> 793000 | G82: 7 logements et plus | H82: 1.10% à 1.30% | I82: 0.15 | J82: jusqu'à 40 ans
A83: =' Exemple avec SCHL'!A85 -> Année 30 | B83: =E82*0.04 -> 31720 | D83: =' Exemple avec SCHL'!D85 -> 0 | E83: =E82-D83 -> 793000 | G83: RÈGLES DE FINANCEMENT: Valeur économique, valeur marchande ou coût de reconstruction
A84: =' Exemple avec SCHL'!A86 -> Année 31 | B84: =E83*0.04 -> 31720 | D84: =' Exemple avec SCHL'!D86 -> 0 | E84: =E83-D84 -> 793000
A85: Total amortissement | B85: =E84*0.04 -> 31720 | D85: =SUM(D54:D77) -> 0 | G85: COUVERTURE DE LA DETTE | H85: RATIO | I85: MISE DE FOND | J85: AMORTISSEMENT
G86: PROPRIÉTAIRE OCCUPANT (PRÊT CONVENTIONNEL)
G87: Duplex | H87: ATD | I87: 0.2 | J87: jusqu'à 30 ans
B88: https://www.ratehub.ca/calculatrice-hypothecaire | G88: Triplex | H88: ATD | I88: 0.2 | J88: jusqu'à 30 ans
G89: Quadruplex | H89: ATD | I89: 0.2 | J89: jusqu'à 30 ans
B90: https://support.office.com/fr-fr/excel | G90: RÈGLES DE FINANCEMENT
G91: Salaire et ratio d'emprunt (ABD 39% ou ATD 44%)
G92: Valeur de l'immeuble MRB (Multiplicateur de revenu brut)
G93: 5-6 logements | H93: 1.10% à 1.30% | I93: 0.25 | J93: 25 ans
G94: RÈGLES DE FINANCEMENT: Valeur MRB (Multiplicateur de revenu brut)
G95: 7 logements et plus | H95: 1.10% à 1.30% | I95: 0.25 | J95: 25 ans
G96: RÈGLES DE FINANCEMENT: Valeur économique, valeur marchande ou coût de reconstruction
G98: COUVERTURE DE LA DETTE | H98: RATIO | I98: MISE DE FOND | J98: AMORTISSEMENT
G99: PROPRIÉTAIRE NON-OCCUPANT (PRÊT CONVENTIONNEL)
G100: Duplex | H100: ATD | I100: 0.2 | J100: 25 ans
G101: Triplex | H101: ATD | I101: 0.2 | J101: 25 ans
G102: Quadruplex | H102: ATD | I102: 0.2 | J102: 25 ans
G103: RÈGLES DE FINANCEMENT
...

Sheet Financement sans SCHL
B1: ='Financement avec SCHL'!B1 -> Montant de l'hypothèque à financer | D1: =' Exemple sans SCHL'!B19 -> 513750 | G1: COUVERTURE DE LA DETTE | H1: RATIO | I1: MISE DE FOND | J1: AMORTISSEMENT
B2: ='Financement avec SCHL'!B2 -> Taux d'intérêt annuel | D2: ='Financement avec SCHL'!D2 -> 0.035 | G2: PROPRIÉTAIRE OCCUPANT AVEC SCHL
B3: ='Financement avec SCHL'!B3 -> Période d'amortissement | D3: 25 | E3: ='Financement avec SCHL'!E3 -> ans | G3: Duplex | H3: ATD | I3: 0.05 | J3: 25 ans
B4: ='Financement avec SCHL'!B4 -> Versement mensuel | D4: =SUM(D16:E16) -> 2565.0013 | G4: Triplex | H4: ATD | I4: 0.1 | J4: 25 ans
B5: ='Financement avec SCHL'!B5 -> Total des intérêts payé (10 ans) | D5: =IF(D3=10,D28+D41+D54+D67+D80+D93+D106+D119+D132+D145,0) -> 0 | G5: Quadruplex | H5: ATD | I5: 0.1 | J5: 25 ans
B6: ='Financement avec SCHL'!B6 -> Total des intérêts payé (15 ans) | D6: =IF(D3=15,D28+D41+D54+D67+D80+D93+D106+D119+D132+D145+D158+D171+D184+D197+D210,0) -> 0 | G6: RÈGLES DE FINANCEMENT
B7: ='Financement avec SCHL'!B7 -> Total des intérêts payé (20 ans) | D7: =IF(D3=20,D28+D41+D54+D67+D80+D93+D106+D119+D132+D145+D158+D171+D184+D197+D210+D223+D236+D249+D262+D275,0) -> 0 | G7: Salaire et ratio d'emprunt (ABD 39% ou ATD 44%)
B8: ='Financement avec SCHL'!B8 -> Total des intérêts payé (25 ans) | D8: =IF(D3=25,D28+D41+D54+D67+D80+D93+D106+D119+D132+D145+D158+D171+D184+D197+D210+D223+D236+D249+D262+D275+D288+D301+D314+D327+D340,0) -> 255750.4 | G8: Valeur de l'immeuble MRB (Multiplicateur de revenu brut)
B9: ='Financement avec SCHL'!B9 -> Total des intérêts payé (30 ans) | D9: =IF(D3=30,D28+D41+D54+D67+D80+D93+D106+D119+D132+D145+D158+D171+D184+D197+D210+D223+D236+D249+D262+D275+D288+D301+D314+D327+D340+D353+D366+D379+D392+D405,0) -> 0 | G9: 5-6 logements | H9: 1.10% à 1.30% | I9: 0.15 | J9: jusqu'à 40 ans
B10: ='Financement avec SCHL'!B10 -> Total des intérêts payé (35 ans) | D10: =IF(D3=35,D28+D41+D54+D67+D80+D93+D106+D119+D132+D145+D158+D171+D184+D197+D210+D223+D236+D249+D262+D275+D288+D301+D314+D327+D340+D353+D366+D379+D392+D405+D418+D431+D444+D457+D470,0) -> 0 | G10: RÈGLES DE FINANCEMENT: Valeur MRB (Multiplicateur de revenu brut)
B11: ='Financement avec SCHL'!B11 -> Total des intérêts payé (40 ans) | D11: =IF(D3=40,D28+D41+D54+D67+D80+D93+D106+D119+D132+D145+D158+D171+D184+D197+D210+D223+D236+D249+D262+D275+D288+D301+D314+D327+D340+D353+D366+D379+D392+D405+D418+D431+D444+D457+D470+D483+D496+D509+D522+D535,0) -> 0 | G11: 7 logements et plus | H11: 1.10% à 1.30% | I11: 0.15 | J11: jusqu'à 40 ans
B12: ='Financement avec SCHL'!B12 -> Total payé sur la période d'amortissement (capital et intérêts) | D12: =D1+D28+D41+D54+D67+D80+D93+D106+D119+D132+D145+D158+D171+D184+D197+D210+D223+D236+D249+D262+D275+D288+D301+D314+D327+D340+D353+D366+D379+D392+D405+D418+D431+D444+D457+D470+D483+D496+D509+D522+D535 -> 769500.4 | G12: RÈGLES DE FINANCEMENT: Valeur économique, valeur marchande ou coût de reconstruction
G14: PROPRIÉTAIRE NON-OCCUPANT AVEC SCHL
B15: ='Financement avec SCHL'!B15 -> Période (versements) | C15: ='Financement avec SCHL'!C15 -> Balance due fin période | D15: ='Financement avec SCHL'!D15 -> Intérêts | E15: ='Financement avec SCHL'!E15 -> Capital | G15: Duplex | H15: ATD | I15: 0.2 | J15: 25 ans
B16: ='Financement avec SCHL'!B16 -> 1 | C16: =IF(B16>$D$3*12,0,D1-E16) -> 512672.63 | D16: =IF($D$1<0.001,0,-IPMT(((1+$D$2/2)^(1/6)-1),B16,$D$3*12,$D$1)) -> 1487.6268 | E16: =IF($D$3*12<=B16,D1,-PPMT(((1+$D$2/2)^(1/6)-1),B16,$D$3*12,$D$1)) -> 1077.3745 | G16: Triplex | H16: ATD | I16: 0.2 | J16: 25 ans
B17: ='Financement avec SCHL'!B17 -> 2 | C17: =IF(B17>$D$3*12,0,C16-E17) -> 511592.13 | D17: =IF($D$1<0.001,0,-IPMT(((1+$D$2/2)^(1/6)-1),B17,$D$3*12,$D$1)) -> 1484.5071 | E17: =IF($D$3*12<=B17,C16,-PPMT(((1+$D$2/2)^(1/6)-1),B17,$D$3*12,$D$1)) -> 1080.4942 | G17: Quadruplex | H17: ATD | I17: 0.2 | J17: 25 ans
B18: ='Financement avec SCHL'!B18 -> 3 | C18: =IF(B18>$D$3*12,0,C17-E18) -> 510508.51 | D18: =IF($D$1<0.001,0,-IPMT(((1+$D$2/2)^(1/6)-1),B18,$D$3*12,$D$1)) -> 1481.3784 | E18: =IF($D$3*12<=B18,C17,-PPMT(((1+$D$2/2)^(1/6)-1),B18,$D$3*12,$D$1)) -> 1083.6229 | G18: RÈGLES DE FINANCEMENT
B19: ='Financement avec SCHL'!B19 -> 4 | C19: =IF(B19>$D$3*12,0,C18-E19) -> 509421.75 | D19: =IF($D$1<0.001,0,-IPMT(((1+$D$2/2)^(1/6)-1),B19,$D$3*12,$D$1)) -> 1478.2407 | E19: =IF($D$3*12<=B19,C18,-PPMT(((1+$D$2/2)^(1/6)-1),B19,$D$3*12,$D$1)) -> 1086.7607 | G19: Salaire et ratio d'emprunt (ABD 39% ou ATD 44%)
B20: ='Financement avec SCHL'!B20 -> 5 | C20: =IF(B20>$D$3*12,0,C19-E20) -> 508331.84 | D20: =IF($D$1<0.001,0,-IPMT(((1+$D$2/2)^(1/6)-1),B20,$D$3*12,$D$1)) -> 1475.0938 | E20: =IF($D$3*12<=B20,C19,-PPMT(((1+$D$2/2)^(1/6)-1),B20,$D$3*12,$D$1)) -> 1089.9075 | G20: Valeur de l'immeuble MRB (Multiplicateur de revenu brut)
B21: ='Financement avec SCHL'!B21 -> 6 | C21: =IF(B21>$D$3*12,0,C20-E21) -> 507238.78 | D21: =IF($D$1<0.001,0,-IPMT(((1+$D$2/2)^(1/6)-1),B21,$D$3*12,$D$1)) -> 1471.9379 | E21: =IF($D$3*12<=B21,C20,-PPMT(((1+$D$2/2)^(1/6)-1),B21,$D$3*12,$D$1)) -> 1093.0635 | G21: 5-6 logements | H21: 1.10% à 1.30% | I21: 0.25 | J21: 25 ans
B22: ='Financement avec SCHL'!B22 -> 7 | C22: =IF(B22>$D$3*12,0,C21-E22) -> 506142.55 | D22: =IF($D$1<0.001,0,-IPMT(((1+$D$2/2)^(1/6)-1),B22,$D$3*12,$D$1)) -> 1468.7728 | E22: =IF($D$3*12<=B22,C21,-PPMT(((1+$D$2/2)^(1/6)-1),B22,$D$3*12,$D$1)) -> 1096.2286 | G22: RÈGLES DE FINANCEMENT: Valeur économique, valeur marchande ou coût de reconstruction
B23: ='Financement avec SCHL'!B23 -> 8 | C23: =IF(B23>$D$3*12,0,C22-E23) -> 505043.15 | D23: =IF($D$1<0.001,0,-IPMT(((1+$D$2/2)^(1/6)-1),B23,$D$3*12,$D$1)) -> 1465.5985 | E23: =IF($D$3*12<=B23,C22,-PPMT(((1+$D$2/2)^(1/6)-1),B23,$D$3*12,$D$1)) -> 1099.4028 | G23: 7 logements et plus | H23: 1.10% à 1.30% | I23: 0.15 | J23: jusqu'à 40 ans
B24: ='Financement avec SCHL'!B24 -> 9 | C24: =IF(B24>$D$3*12,0,C23-E24) -> 503940.56 | D24: =IF($D$1<0.001,0,-IPMT(((1+$D$2/2)^(1/6)-1),B24,$D$3*12,$D$1)) -> 1462.415 | E24: =IF($D$3*12<=B24,C23,-PPMT(((1+$D$2/2)^(1/6)-1),B24,$D$3*12,$D$1)) -> 1102.5863 | G24: RÈGLES DE FINANCEMENT: Valeur économique, valeur marchande ou coût de reconstruction
B25: ='Financement avec SCHL'!B25 -> 10 | C25: =IF(B25>$D$3*12,0,C24-E25) -> 502834.78 | D25: =IF($D$1<0.001,0,-IPMT(((1+$D$2/2)^(1/6)-1),B25,$D$3*12,$D$1)) -> 1459.2224 | E25: =IF($D$3*12<=B25,C24,-PPMT(((1+$D$2/2)^(1/6)-1),B25,$D$3*12,$D$1)) -> 1105.779
B26: ='Financement avec SCHL'!B26 -> 11 | C26: =IF(B26>$D$3*12,0,C25-E26) -> 501725.8 | D26: =IF($D$1<0.001,0,-IPMT(((1+$D$2/2)^(1/6)-1),B26,$D$3*12,$D$1)) -> 1456.0204 | E26: =IF($D$3*12<=B26,C25,-PPMT(((1+$D$2/2)^(1/6)-1),B26,$D$3*12,$D$1)) -> 1108.9809 | G26: COUVERTURE DE LA DETTE | H26: RATIO | I26: MISE DE FOND | J26: AMORTISSEMENT
B27: ='Financement avec SCHL'!B27 -> 12 | C27: =IF(B27>$D$3*12,0,C26-E27) -> 500613.61 | D27: =IF($D$1<0.001,0,-IPMT(((1+$D$2/2)^(1/6)-1),B27,$D$3*12,$D$1)) -> 1452.8092 | E27: =IF($D$3*12<=B27,C26,-PPMT(((1+$D$2/2)^(1/6)-1),B27,$D$3*12,$D$1)) -> 1112.1921 | G27: PROPRIÉTAIRE OCCUPANT (PRÊT CONVENTIONNEL)
B28: ='Financement avec SCHL'!B28 -> Total après 1 an | D28: =SUM(D16:D27) -> 17643.623 | E28: =SUM(E16:E27) -> 13136.393 | G28: Duplex | H28: ATD | I28: 0.2 | J28: jusqu'à 30 ans
B29: ='Financement avec SCHL'!B29 -> 13 | C29: =IF(B29>$D$3*12,0,C27-E29) -> 499498.19 | D29: =IF(C27<0.001,0,-IPMT(((1+$D$2/2)^(1/6)-1),B29,$D$3*12,$D$1)) -> 1449.5888 | E29: =IF($D$3*12<=B29,C27,-PPMT(((1+$D$2/2)^(1/6)-1),B29,$D$3*12,$D$1)) -> 1115.4126 | G29: Triplex | H29: ATD | I29: 0.2 | J29: jusqu'à 30 ans
B30: ='Financement avec SCHL'!B30 -> 14 | C30: =IF(B30>$D$3*12,0,C29-E30) -> 498379.55 | D30: =IF(C29<0.001,0,-IPMT(((1+$D$2/2)^(1/6)-1),B30,$D$3*12,$D$1)) -> 1446.3589 | E30: =IF($D$3*12<=B30,C29,-PPMT(((1+$D$2/2)^(1/6)-1),B30,$D$3*12,$D$1)) -> 1118.6424 | G30: Quadruplex | H30: ATD | I30: 0.2 | J30: jusqu'à 30 ans
B31: ='Financement avec SCHL'!B31 -> 15 | C31: =IF(B31>$D$3*12,0,C30-E31) -> 497257.67 | D31: =IF(C30<0.001,0,-IPMT(((1+$D$2/2)^(1/6)-1),B31,$D$3*12,$D$1)) -> 1443.1198 | E31: =IF($D$3*12<=B31,C30,-PPMT(((1+$D$2/2)^(1/6)-1),B31,$D$3*12,$D$1)) -> 1121.8816 | G31: RÈGLES DE FINANCEMENT
B32: ='Financement avec SCHL'!B32 -> 16 | C32: =IF(B32>$D$3*12,0,C31-E32) -> 496132.54 | D32: =IF(C31<0.001,0,-IPMT(((1+$D$2/2)^(1/6)-1),B32,$D$3*12,$D$1)) -> 1439.8712 | E32: =IF($D$3*12<=B32,C31,-PPMT(((1+$D$2/2)^(1/6)-1),B32,$D$3*12,$D$1)) -> 1125.1301 | G32: Salaire et ratio d'emprunt (ABD 39% ou ATD 44%)
B33: ='Financement avec SCHL'!B33 -> 17 | C33: =IF(B33>$D$3*12,0,C32-E33) -> 495004.15 | D33: =IF(C32<0.001,0,-IPMT(((1+$D$2/2)^(1/6)-1),B33,$D$3*12,$D$1)) -> 1436.6133 | E33: =IF($D$3*12<=B33,C32,-PPMT(((1+$D$2/2)^(1/6)-1),B33,$D$3*12,$D$1)) -> 1128.3881 | G33: Valeur de l'immeuble MRB (Multiplicateur de revenu brut)
B34: ='Financement avec SCHL'!B34 -> 18 | C34: =IF(B34>$D$3*12,0,C33-E34) -> 493872.5 | D34: =IF(C33<0.001,0,-IPMT(((1+$D$2/2)^(1/6)-1),B34,$D$3*12,$D$1)) -> 1433.3459 | E34: =IF($D$3*12<=B34,C33,-PPMT(((1+$D$2/2)^(1/6)-1),B34,$D$3*12,$D$1)) -> 1131.6554 | G34: 5-6 logements | H34: 1.10% à 1.30% | I34: 0.25 | J34: 25 ans
B35: ='Financement avec SCHL'!B35 -> 19 | C35: =IF(B35>$D$3*12,0,C34-E35) -> 492737.56 | D35: =IF(C34<0.001,0,-IPMT(((1+$D$2/2)^(1/6)-1),B35,$D$3*12,$D$1)) -> 1430.069 | E35: =IF($D$3*12<=B35,C34,-PPMT(((1+$D$2/2)^(1/6)-1),B35,$D$3*12,$D$1)) -> 1134.9323 | G35: RÈGLES DE FINANCEMENT: Valeur MRB (Multiplicateur de revenu brut)
B36: ='Financement avec SCHL'!B36 -> 20 | C36: =IF(B36>$D$3*12,0,C35-E36) -> 491599.35 | D36: =IF(C35<0.001,0,-IPMT(((1+$D$2/2)^(1/6)-1),B36,$D$3*12,$D$1)) -> 1426.7827 | E36: =IF($D$3*12<=B36,C35,-PPMT(((1+$D$2/2)^(1/6)-1),B36,$D$3*12,$D$1)) -> 1138.2186 | G36: 7 logements et plus | H36: 1.10% à 1.30% | I36: 0.25 | J36: 25 ans
B37: ='Financement avec SCHL'!B37 -> 21 | C37: =IF(B37>$D$3*12,0,C36-E37) -> 490457.83 | D37: =IF(C36<0.001,0,-IPMT(((1+$D$2/2)^(1/6)-1),B37,$D$3*12,$D$1)) -> 1423.4868 | E37: =IF($D$3*12<=B37,C36,-PPMT(((1+$D$2/2)^(1/6)-1),B37,$D$3*12,$D$1)) -> 1141.5145 | G37: RÈGLES DE FINANCEMENT: Valeur économique, valeur marchande ou coût de reconstruction
B38: ='Financement avec SCHL'!B38 -> 22 | C38: =IF(B38>$D$3*12,0,C37-E38) -> 489313.01 | D38: =IF(C37<0.001,0,-IPMT(((1+$D$2/2)^(1/6)-1),B38,$D$3*12,$D$1)) -> 1420.1815 | E38: =IF($D$3*12<=B38,C37,-PPMT(((1+$D$2/2)^(1/6)-1),B38,$D$3*12,$D$1)) -> 1144.8199
B39: ='Financement avec SCHL'!B39 -> 23 | C39: =IF(B39>$D$3*12,0,C38-E39) -> 488164.88 | D39: =IF(C38<0.001,0,-IPMT(((1+$D$2/2)^(1/6)-1),B39,$D$3*12,$D$1)) -> 1416.8665 | E39: =IF($D$3*12<=B39,C38,-PPMT(((1+$D$2/2)^(1/6)-1),B39,$D$3*12,$D$1)) -> 1148.1348 | G39: PROPRIÉTAIRE NON-OCCUPANT (PRÊT CONVENTIONNEL)
B40: ='Financement avec SCHL'!B40 -> 24 | C40: =IF(B40>$D$3*12,0,C39-E40) -> 487013.42 | D40: =IF(C39<0.001,0,-IPMT(((1+$D$2/2)^(1/6)-1),B40,$D$3*12,$D$1)) -> 1413.5419 | E40: =IF($D$3*12<=B40,C39,-PPMT(((1+$D$2/2)^(1/6)-1),B40,$D$3*12,$D$1)) -> 1151.4594 | G40: Duplex | H40: ATD | I40: 0.2 | J40: 25 ans
B41: ='Financement avec SCHL'!B41 -> Total après 2 ans | D41: =SUM(D29:D40) -> 17179.826 | E41: =SUM(E29:E40) -> 13600.19 | G41: Triplex | H41: ATD | I41: 0.2 | J41: 25 ans
B42: ='Financement avec SCHL'!B42 -> 25 | C42: =IF(B42>$D$3*12,0,C40-E42) -> 485858.62 | D42: =IF(C40<0.001,0,-IPMT(((1+$D$2/2)^(1/6)-1),B42,$D$3*12,$D$1)) -> 1410.2077 | E42: =IF($D$3*12<=B42,C40,-PPMT(((1+$D$2/2)^(1/6)-1),B42,$D$3*12,$D$1)) -> 1154.7936 | G42: Quadruplex | H42: ATD | I42: 0.2 | J42: 25 ans
B43: ='Financement avec SCHL'!B43 -> 26 | C43: =IF(B43>$D$3*12,0,C42-E43) -> 484700.49 | D43: =IF(C42<0.001,0,-IPMT(((1+$D$2/2)^(1/6)-1),B43,$D$3*12,$D$1)) -> 1406.8639 | E43: =IF($D$3*12<=B43,C42,-PPMT(((1+$D$2/2)^(1/6)-1),B43,$D$3*12,$D$1)) -> 1158.1375 | G43: RÈGLES DE FINANCEMENT
B44: ='Financement avec SCHL'!B44 -> 27 | C44: =IF(B44>$D$3*12,0,C43-E44) -> 483539 | D44: =IF(C43<0.001,0,-IPMT(((1+$D$2/2)^(1/6)-1),B44,$D$3*12,$D$1)) -> 1403.5103 | E44: =IF($D$3*12<=B44,C43,-PPMT(((1+$D$2/2)^(1/6)-1),B44,$D$3*12,$D$1)) -> 1161.491 | G44: Salaire et ratio d'emprunt (ABD 39% ou ATD 44%)
B45: ='Financement avec SCHL'!B45 -> 28 | C45: =IF(B45>$D$3*12,0,C44-E45) -> 482374.14 | D45: =IF(C44<0.001,0,-IPMT(((1+$D$2/2)^(1/6)-1),B45,$D$3*12,$D$1)) -> 1400.1471 | E45: =IF($D$3*12<=B45,C44,-PPMT(((1+$D$2/2)^(1/6)-1),B45,$D$3*12,$D$1)) -> 1164.8542 | G45: Valeur de l'immeuble MRB (Multiplicateur de revenu brut)
B46: ='Financement avec SCHL'!B46 -> 29 | C46: =IF(B46>$D$3*12,0,C45-E46) -> 481205.91 | D46: =IF(C45<0.001,0,-IPMT(((1+$D$2/2)^(1/6)-1),B46,$D$3*12,$D$1)) -> 1396.7741 | E46: =IF($D$3*12<=B46,C45,-PPMT(((1+$D$2/2)^(1/6)-1),B46,$D$3*12,$D$1)) -> 1168.2272 | G46: 5-6 logements | H46: 1.10% à 1.30% | I46: 0.25 | J46: 25 ans
B47: ='Financement avec SCHL'!B47 -> 30 | C47: =IF(B47>$D$3*12,0,C46-E47) -> 480034.3 | D47: =IF(C46<0.001,0,-IPMT(((1+$D$2/2)^(1/6)-1),B47,$D$3*12,$D$1)) -> 1393.3914 | E47: =IF($D$3*12<=B47,C46,-PPMT(((1+$D$2/2)^(1/6)-1),B47,$D$3*12,$D$1)) -> 1171.61 | G47: RÈGLES DE FINANCEMENT: Valeur MRB (Multiplicateur de revenu brut)
B48: ='Financement avec SCHL'!B48 -> 31 | C48: =IF(B48>$D$3*12,0,C47-E48) -> 478859.3 | D48: =IF(C47<0.001,0,-IPMT(((1+$D$2/2)^(1/6)-1),B48,$D$3*12,$D$1)) -> 1389.9988 | E48: =IF($D$3*12<=B48,C47,-PPMT(((1+$D$2/2)^(1/6)-1),B48,$D$3*12,$D$1)) -> 1175.0025 | G48: 7 logements et plus | H48: 1.10% à 1.30% | I48: 0.25 | J48: 25 ans
B49: ='Financement avec SCHL'!B49 -> 32 | C49: =IF(B49>$D$3*12,0,C48-E49) -> 477680.9 | D49: =IF(C48<0.001,0,-IPMT(((1+$D$2/2)^(1/6)-1),B49,$D$3*12,$D$1)) -> 1386.5965 | E49: =IF($D$3*12<=B49,C48,-PPMT(((1+$D$2/2)^(1/6)-1),B49,$D$3*12,$D$1)) -> 1178.4049 | G49: RÈGLES DE FINANCEMENT: Valeur économique, valeur marchande ou coût de reconstruction
B50: ='Financement avec SCHL'!B50 -> 33 | C50: =IF(B50>$D$3*12,0,C49-E50) -> 476499.08 | D50: =IF(C49<0.001,0,-IPMT(((1+$D$2/2)^(1/6)-1),B50,$D$3*12,$D$1)) -> 1383.1843 | E50: =IF($D$3*12<=B50,C49,-PPMT(((1+$D$2/2)^(1/6)-1),B50,$D$3*12,$D$1)) -> 1181.8171
B51: ='Financement avec SCHL'!B51 -> 34 | C51: =IF(B51>$D$3*12,0,C50-E51) -> 475313.84 | D51: =IF(C50<0.001,0,-IPMT(((1+$D$2/2)^(1/6)-1),B51,$D$3*12,$D$1)) -> 1379.7622 | E51: =IF($D$3*12<=B51,C50,-PPMT(((1+$D$2/2)^(1/6)-1),B51,$D$3*12,$D$1)) -> 1185.2392
B52: ='Financement avec SCHL'!B52 -> 35 | C52: =IF(B52>$D$3*12,0,C51-E52) -> 474125.17 | D52: =IF(C51<0.001,0,-IPMT(((1+$D$2/2)^(1/6)-1),B52,$D$3*12,$D$1)) -> 1376.3301 | E52: =IF($D$3*12<=B52,C51,-PPMT(((1+$D$2/2)^(1/6)-1),B52,$D$3*12,$D$1)) -> 1188.6712
B53: ='Financement avec SCHL'!B53 -> 36 | C53: =IF(B53>$D$3*12,0,C52-E53) -> 472933.06 | D53: =IF(C52<0.001,0,-IPMT(((1+$D$2/2)^(1/6)-1),B53,$D$3*12,$D$1)) -> 1372.8882 | E53: =IF($D$3*12<=B53,C52,-PPMT(((1+$D$2/2)^(1/6)-1),B53,$D$3*12,$D$1)) -> 1192.1131
B54: ='Financement avec SCHL'!B54 -> Total après 3 ans | D54: =SUM(D42:D53) -> 16699.655 | E54: =SUM(E42:E53) -> 14080.361
B55: ='Financement avec SCHL'!B55 -> 37 | C55: =IF(B55>$D$3*12,0,C53-E55) -> 471737.49 | D55: =IF(C53<0.001,0,-IPMT(((1+$D$2/2)^(1/6)-1),B55,$D$3*12,$D$1)) -> 1369.4363 | E55: =IF($D$3*12<=B55,C53,-PPMT(((1+$D$2/2)^(1/6)-1),B55,$D$3*12,$D$1)) -> 1195.565
B56: ='Financement avec SCHL'!B56 -> 38 | C56: =IF(B56>$D$3*12,0,C55-E56) -> 470538.46 | D56: =IF(C55<0.001,0,-IPMT(((1+$D$2/2)^(1/6)-1),B56,$D$3*12,$D$1)) -> 1365.9744 | E56: =IF($D$3*12<=B56,C55,-PPMT(((1+$D$2/2)^(1/6)-1),B56,$D$3*12,$D$1)) -> 1199.0269
B57: ='Financement avec SCHL'!B57 -> 39 | C57: =IF(B57>$D$3*12,0,C56-E57) -> 469335.97 | D57: =IF(C56<0.001,0,-IPMT(((1+$D$2/2)^(1/6)-1),B57,$D$3*12,$D$1)) -> 1362.5025 | E57: =IF($D$3*12<=B57,C56,-PPMT(((1+$D$2/2)^(1/6)-1),B57,$D$3*12,$D$1)) -> 1202.4989
B58: ='Financement avec SCHL'!B58 -> 40 | C58: =IF(B58>$D$3*12,0,C57-E58) -> 468129.98 | D58: =IF(C57<0.001,0,-IPMT(((1+$D$2/2)^(1/6)-1),B58,$D$3*12,$D$1)) -> 1359.0205 | E58: =IF($D$3*12<=B58,C57,-PPMT(((1+$D$2/2)^(1/6)-1),B58,$D$3*12,$D$1)) -> 1205.9809
B59: ='Financement avec SCHL'!B59 -> 41 | C59: =IF(B59>$D$3*12,0,C58-E59) -> 466920.51 | D59: =IF(C58<0.001,0,-IPMT(((1+$D$2/2)^(1/6)-1),B59,$D$3*12,$D$1)) -> 1355.5284 | E59: =IF($D$3*12<=B59,C58,-PPMT(((1+$D$2/2)^(1/6)-1),B59,$D$3*12,$D$1)) -> 1209.4729
B60: ='Financement avec SCHL'!B60 -> 42 | C60: =IF(B60>$D$3*12,0,C59-E60) -> 465707.54 | D60: =IF(C59<0.001,0,-IPMT(((1+$D$2/2)^(1/6)-1),B60,$D$3*12,$D$1)) -> 1352.0262 | E60: =IF($D$3*12<=B60,C59,-PPMT(((1+$D$2/2)^(1/6)-1),B60,$D$3*12,$D$1)) -> 1212.9751
B61: ='Financement avec SCHL'!B61 -> 43 | C61: =IF(B61>$D$3*12,0,C60-E61) -> 464491.05 | D61: =IF(C60<0.001,0,-IPMT(((1+$D$2/2)^(1/6)-1),B61,$D$3*12,$D$1)) -> 1348.5139 | E61: =IF($D$3*12<=B61,C60,-PPMT(((1+$D$2/2)^(1/6)-1),B61,$D$3*12,$D$1)) -> 1216.4874
B62: ='Financement avec SCHL'!B62 -> 44 | C62: =IF(B62>$D$3*12,0,C61-E62) -> 463271.04 | D62: =IF(C61<0.001,0,-IPMT(((1+$D$2/2)^(1/6)-1),B62,$D$3*12,$D$1)) -> 1344.9914 | E62: =IF($D$3*12<=B62,C61,-PPMT(((1+$D$2/2)^(1/6)-1),B62,$D$3*12,$D$1)) -> 1220.0099
B63: ='Financement avec SCHL'!B63 -> 45 | C63: =IF(B63>$D$3*12,0,C62-E63) -> 462047.5 | D63: =IF(C62<0.001,0,-IPMT(((1+$D$2/2)^(1/6)-1),B63,$D$3*12,$D$1)) -> 1341.4587 | E63: =IF($D$3*12<=B63,C62,-PPMT(((1+$D$2/2)^(1/6)-1),B63,$D$3*12,$D$1)) -> 1223.5426
B64: ='Financement avec SCHL'!B64 -> 46 | C64: =IF(B64>$D$3*12,0,C63-E64) -> 460820.41 | D64: =IF(C63<0.001,0,-IPMT(((1+$D$2/2)^(1/6)-1),B64,$D$3*12,$D$1)) -> 1337.9158 | E64: =IF($D$3*12<=B64,C63,-PPMT(((1+$D$2/2)^(1/6)-1),B64,$D$3*12,$D$1)) -> 1227.0855
B65: ='Financement avec SCHL'!B65 -> 47 | C65: =IF(B65>$D$3*12,0,C64-E65) -> 459589.77 | D65: =IF(C64<0.001,0,-IPMT(((1+$D$2/2)^(1/6)-1),B65,$D$3*12,$D$1)) -> 1334.3626 | E65: =IF($D$3*12<=B65,C64,-PPMT(((1+$D$2/2)^(1/6)-1),B65,$D$3*12,$D$1)) -> 1230.6387
B66: ='Financement avec SCHL'!B66 -> 48 | C66: =IF(B66>$D$3*12,0,C65-E66) -> 458355.57 | D66: =IF(C65<0.001,0,-IPMT(((1+$D$2/2)^(1/6)-1),B66,$D$3*12,$D$1)) -> 1330.7992 | E66: =IF($D$3*12<=B66,C65,-PPMT(((1+$D$2/2)^(1/6)-1),B66,$D$3*12,$D$1)) -> 1234.2022
B67: ='Financement avec SCHL'!B67 -> Total après 4 ans | D67: =SUM(D55:D66) -> 16202.53 | E67: =SUM(E55:E66) -> 14577.486
B68: ='Financement avec SCHL'!B68 -> 49 | C68: =IF(B68>$D$3*12,0,C66-E68) -> 457117.79 | D68: =IF(C66<0.001,0,-IPMT(((1+$D$2/2)^(1/6)-1),B68,$D$3*12,$D$1)) -> 1327.2254 | E68: =IF($D$3*12<=B68,C66,-PPMT(((1+$D$2/2)^(1/6)-1),B68,$D$3*12,$D$1)) -> 1237.776
B69: ='Financement avec SCHL'!B69 -> 50 | C69: =IF(B69>$D$3*12,0,C68-E69) -> 455876.43 | D69: =IF(C68<0.001,0,-IPMT(((1+$D$2/2)^(1/6)-1),B69,$D$3*12,$D$1)) -> 1323.6412 | E69: =IF($D$3*12<=B69,C68,-PPMT(((1+$D$2/2)^(1/6)-1),B69,$D$3*12,$D$1)) -> 1241.3601
B70: ='Financement avec SCHL'!B70 -> 51 | C70: =IF(B70>$D$3*12,0,C69-E70) -> 454631.48 | D70: =IF(C69<0.001,0,-IPMT(((1+$D$2/2)^(1/6)-1),B70,$D$3*12,$D$1)) -> 1320.0467 | E70: =IF($D$3*12<=B70,C69,-PPMT(((1+$D$2/2)^(1/6)-1),B70,$D$3*12,$D$1)) -> 1244.9546
B71: ='Financement avec SCHL'!B71 -> 52 | C71: =IF(B71>$D$3*12,0,C70-E71) -> 453382.92 | D71: =IF(C70<0.001,0,-IPMT(((1+$D$2/2)^(1/6)-1),B71,$D$3*12,$D$1)) -> 1316.4418 | E71: =IF($D$3*12<=B71,C70,-PPMT(((1+$D$2/2)^(1/6)-1),B71,$D$3*12,$D$1)) -> 1248.5595
B72: ='Financement avec SCHL'!B72 -> 53 | C72: =IF(B72>$D$3*12,0,C71-E72) -> 452130.74 | D72: =IF(C71<0.001,0,-IPMT(((1+$D$2/2)^(1/6)-1),B72,$D$3*12,$D$1)) -> 1312.8264 | E72: =IF($D$3*12<=B72,C71,-PPMT(((1+$D$2/2)^(1/6)-1),B72,$D$3*12,$D$1)) -> 1252.1749
B73: ='Financement avec SCHL'!B73 -> 54 | C73: =IF(B73>$D$3*12,0,C72-E73) -> 450874.94 | D73: =IF(C72<0.001,0,-IPMT(((1+$D$2/2)^(1/6)-1),B73,$D$3*12,$D$1)) -> 1309.2006 | E73: =IF($D$3*12<=B73,C72,-PPMT(((1+$D$2/2)^(1/6)-1),B73,$D$3*12,$D$1)) -> 1255.8007
B74: ='Financement avec SCHL'!B74 -> 55 | C74: =IF(B74>$D$3*12,0,C73-E74) -> 449615.51 | D74: =IF(C73<0.001,0,-IPMT(((1+$D$2/2)^(1/6)-1),B74,$D$3*12,$D$1)) -> 1305.5643 | E74: =IF($D$3*12<=B74,C73,-PPMT(((1+$D$2/2)^(1/6)-1),B74,$D$3*12,$D$1)) -> 1259.437
B75: ='Financement avec SCHL'!B75 -> 56 | C75: =IF(B75>$D$3*12,0,C74-E75) -> 448352.42 | D75: =IF(C74<0.001,0,-IPMT(((1+$D$2/2)^(1/6)-1),B75,$D$3*12,$D$1)) -> 1301.9174 | E75: =IF($D$3*12<=B75,C74,-PPMT(((1+$D$2/2)^(1/6)-1),B75,$D$3*12,$D$1)) -> 1263.0839
B76: ='Financement avec SCHL'!B76 -> 57 | C76: =IF(B76>$D$3*12,0,C75-E76) -> 447085.68 | D76: =IF(C75<0.001,0,-IPMT(((1+$D$2/2)^(1/6)-1),B76,$D$3*12,$D$1)) -> 1298.26 | E76: =IF($D$3*12<=B76,C75,-PPMT(((1+$D$2/2)^(1/6)-1),B76,$D$3*12,$D$1)) -> 1266.7413
B77: ='Financement avec SCHL'!B77 -> 58 | C77: =IF(B77>$D$3*12,0,C76-E77) -> 445815.27 | D77: =IF(C76<0.001,0,-IPMT(((1+$D$2/2)^(1/6)-1),B77,$D$3*12,$D$1)) -> 1294.592 | E77: =IF($D$3*12<=B77,C76,-PPMT(((1+$D$2/2)^(1/6)-1),B77,$D$3*12,$D$1)) -> 1270.4093
B78: ='Financement avec SCHL'!B78 -> 59 | C78: =IF(B78>$D$3*12,0,C77-E78) -> 444541.18 | D78: =IF(C77<0.001,0,-IPMT(((1+$D$2/2)^(1/6)-1),B78,$D$3*12,$D$1)) -> 1290.9134 | E78: =IF($D$3*12<=B78,C77,-PPMT(((1+$D$2/2)^(1/6)-1),B78,$D$3*12,$D$1)) -> 1274.0879
B79: ='Financement avec SCHL'!B79 -> 60 | C79: =IF(B79>$D$3*12,0,C78-E79) -> 443263.41 | D79: =IF(C78<0.001,0,-IPMT(((1+$D$2/2)^(1/6)-1),B79,$D$3*12,$D$1)) -> 1287.2241 | E79: =IF($D$3*12<=B79,C78,-PPMT(((1+$D$2/2)^(1/6)-1),B79,$D$3*12,$D$1)) -> 1277.7772
B80: ='Financement avec SCHL'!B80 -> Total après 5 ans | D80: =SUM(D68:D79) -> 15687.853 | E80: =SUM(E68:E79) -> 15092.163
B81: ='Financement avec SCHL'!B81 -> 61 | C81: =IF(B81>$D$3*12,0,C79-E81) -> 441981.93 | D81: =IF(C79<0.001,0,-IPMT(((1+$D$2/2)^(1/6)-1),B81,$D$3*12,$D$1)) -> 1283.5241 | E81: =IF($D$3*12<=B81,C79,-PPMT(((1+$D$2/2)^(1/6)-1),B81,$D$3*12,$D$1)) -> 1281.4772
B82: ='Financement avec SCHL'!B82 -> 62 | C82: =IF(B82>$D$3*12,0,C81-E82) -> 440696.74 | D82: =IF(C81<0.001,0,-IPMT(((1+$D$2/2)^(1/6)-1),B82,$D$3*12,$D$1)) -> 1279.8135 | E82: =IF($D$3*12<=B82,C81,-PPMT(((1+$D$2/2)^(1/6)-1),B82,$D$3*12,$D$1)) -> 1285.1879
B83: ='Financement avec SCHL'!B83 -> 63 | C83: =IF(B83>$D$3*12,0,C82-E83) -> 439407.83 | D83: =IF(C82<0.001,0,-IPMT(((1+$D$2/2)^(1/6)-1),B83,$D$3*12,$D$1)) -> 1276.092 | E83: =IF($D$3*12<=B83,C82,-PPMT(((1+$D$2/2)^(1/6)-1),B83,$D$3*12,$D$1)) -> 1288.9093
B84: ='Financement avec SCHL'!B84 -> 64 | C84: =IF(B84>$D$3*12,0,C83-E84) -> 438115.19 | D84: =IF(C83<0.001,0,-IPMT(((1+$D$2/2)^(1/6)-1),B84,$D$3*12,$D$1)) -> 1272.3599 | E84: =IF($D$3*12<=B84,C83,-PPMT(((1+$D$2/2)^(1/6)-1),B84,$D$3*12,$D$1)) -> 1292.6415
B85: ='Financement avec SCHL'!B85 -> 65 | C85: =IF(B85>$D$3*12,0,C84-E85) -> 436818.81 | D85: =IF(C84<0.001,0,-IPMT(((1+$D$2/2)^(1/6)-1),B85,$D$3*12,$D$1)) -> 1268.6168 | E85: =IF($D$3*12<=B85,C84,-PPMT(((1+$D$2/2)^(1/6)-1),B85,$D$3*12,$D$1)) -> 1296.3845
B86: ='Financement avec SCHL'!B86 -> 66 | C86: =IF(B86>$D$3*12,0,C85-E86) -> 435518.67 | D86: =IF(C85<0.001,0,-IPMT(((1+$D$2/2)^(1/6)-1),B86,$D$3*12,$D$1)) -> 1264.863 | E86: =IF($D$3*12<=B86,C85,-PPMT(((1+$D$2/2)^(1/6)-1),B86,$D$3*12,$D$1)) -> 1300.1383
B87: ='Financement avec SCHL'!B87 -> 67 | C87: =IF(B87>$D$3*12,0,C86-E87) -> 434214.77 | D87: =IF(C86<0.001,0,-IPMT(((1+$D$2/2)^(1/6)-1),B87,$D$3*12,$D$1)) -> 1261.0983 | E87: =IF($D$3*12<=B87,C86,-PPMT(((1+$D$2/2)^(1/6)-1),B87,$D$3*12,$D$1)) -> 1303.903
B88: ='Financement avec SCHL'!B88 -> 68 | C88: =IF(B88>$D$3*12,0,C87-E88) -> 432907.09 | D88: =IF(C87<0.001,0,-IPMT(((1+$D$2/2)^(1/6)-1),B88,$D$3*12,$D$1)) -> 1257.3227 | E88: =IF($D$3*12<=B88,C87,-PPMT(((1+$D$2/2)^(1/6)-1),B88,$D$3*12,$D$1)) -> 1307.6787
B89: ='Financement avec SCHL'!B89 -> 69 | C89: =IF(B89>$D$3*12,0,C88-E89) -> 431595.62 | D89: =IF(C88<0.001,0,-IPMT(((1+$D$2/2)^(1/6)-1),B89,$D$3*12,$D$1)) -> 1253.5361 | E89: =IF($D$3*12<=B89,C88,-PPMT(((1+$D$2/2)^(1/6)-1),B89,$D$3*12,$D$1)) -> 1311.4652
B90: ='Financement avec SCHL'!B90 -> 70 | C90: =IF(B90>$D$3*12,0,C89-E90) -> 430280.36 | D90: =IF(C89<0.001,0,-IPMT(((1+$D$2/2)^(1/6)-1),B90,$D$3*12,$D$1)) -> 1249.7386 | E90: =IF($D$3*12<=B90,C89,-PPMT(((1+$D$2/2)^(1/6)-1),B90,$D$3*12,$D$1)) -> 1315.2627
B91: ='Financement avec SCHL'!B91 -> 71 | C91: =IF(B91>$D$3*12,0,C90-E91) -> 428961.29 | D91: =IF(C90<0.001,0,-IPMT(((1+$D$2/2)^(1/6)-1),B91,$D$3*12,$D$1)) -> 1245.9301 | E91: =IF($D$3*12<=B91,C90,-PPMT(((1+$D$2/2)^(1/6)-1),B91,$D$3*12,$D$1)) -> 1319.0712
B92: ='Financement avec SCHL'!B92 -> 72 | C92: =IF(B92>$D$3*12,0,C91-E92) -> 427638.4 | D92: =IF(C91<0.001,0,-IPMT(((1+$D$2/2)^(1/6)-1),B92,$D$3*12,$D$1)) -> 1242.1106 | E92: =IF($D$3*12<=B92,C91,-PPMT(((1+$D$2/2)^(1/6)-1),B92,$D$3*12,$D$1)) -> 1322.8907
B93: ='Financement avec SCHL'!B93 -> Total après 6 ans | D93: =SUM(D81:D92) -> 15155.006 | E93: =SUM(E81:E92) -> 15625.01
B94: ='Financement avec SCHL'!B94 -> 73 | C94: =IF(B94>$D$3*12,0,C92-E94) -> 426311.68 | D94: =IF(C92<0.001,0,-IPMT(((1+$D$2/2)^(1/6)-1),B94,$D$3*12,$D$1)) -> 1238.28 | E94: =IF($D$3*12<=B94,C92,-PPMT(((1+$D$2/2)^(1/6)-1),B94,$D$3*12,$D$1)) -> 1326.7213
B95: ='Financement avec SCHL'!B95 -> 74 | C95: =IF(B95>$D$3*12,0,C94-E95) -> 424981.11 | D95: =IF(C94<0.001,0,-IPMT(((1+$D$2/2)^(1/6)-1),B95,$D$3*12,$D$1)) -> 1234.4383 | E95: =IF($D$3*12<=B95,C94,-PPMT(((1+$D$2/2)^(1/6)-1),B95,$D$3*12,$D$1)) -> 1330.563
B96: ='Financement avec SCHL'!B96 -> 75 | C96: =IF(B96>$D$3*12,0,C95-E96) -> 423646.7 | D96: =IF(C95<0.001,0,-IPMT(((1+$D$2/2)^(1/6)-1),B96,$D$3*12,$D$1)) -> 1230.5855 | E96: =IF($D$3*12<=B96,C95,-PPMT(((1+$D$2/2)^(1/6)-1),B96,$D$3*12,$D$1)) -> 1334.4158
B97: ='Financement avec SCHL'!B97 -> 76 | C97: =IF(B97>$D$3*12,0,C96-E97) -> 422308.42 | D97: =IF(C96<0.001,0,-IPMT(((1+$D$2/2)^(1/6)-1),B97,$D$3*12,$D$1)) -> 1226.7215 | E97: =IF($D$3*12<=B97,C96,-PPMT(((1+$D$2/2)^(1/6)-1),B97,$D$3*12,$D$1)) -> 1338.2798
B98: ='Financement avec SCHL'!B98 -> 77 | C98: =IF(B98>$D$3*12,0,C97-E98) -> 420966.26 | D98: =IF(C97<0.001,0,-IPMT(((1+$D$2/2)^(1/6)-1),B98,$D$3*12,$D$1)) -> 1222.8464 | E98: =IF($D$3*12<=B98,C97,-PPMT(((1+$D$2/2)^(1/6)-1),B98,$D$3*12,$D$1)) -> 1342.155
B99: ='Financement avec SCHL'!B99 -> 78 | C99: =IF(B99>$D$3*12,0,C98-E99) -> 419620.22 | D99: =IF(C98<0.001,0,-IPMT(((1+$D$2/2)^(1/6)-1),B99,$D$3*12,$D$1)) -> 1218.96 | E99: =IF($D$3*12<=B99,C98,-PPMT(((1+$D$2/2)^(1/6)-1),B99,$D$3*12,$D$1)) -> 1346.0413
B100: ='Financement avec SCHL'!B100 -> 79 | C100: =IF(B100>$D$3*12,0,C99-E100) -> 418270.28 | D100: =IF(C99<0.001,0,-IPMT(((1+$D$2/2)^(1/6)-1),B100,$D$3*12,$D$1)) -> 1215.0624 | E100: =IF($D$3*12<=B100,C99,-PPMT(((1+$D$2/2)^(1/6)-1),B100,$D$3*12,$D$1)) -> 1349.939
B101: ='Financement avec SCHL'!B101 -> 80 | C101: =IF(B101>$D$3*12,0,C100-E101) -> 416916.43 | D101: =IF(C100<0.001,0,-IPMT(((1+$D$2/2)^(1/6)-1),B101,$D$3*12,$D$1)) -> 1211.1535 | E101: =IF($D$3*12<=B101,C100,-PPMT(((1+$D$2/2)^(1/6)-1),B101,$D$3*12,$D$1)) -> 1353.8479
...

Sheet Flux financier sans SCHL
A1: ='Flux financier avec SCHL'!A1 -> ANNÉE D'EXPLOITATION | C1: ='Flux financier avec SCHL'!C1 -> Achat (année 0) | D1: ='Flux financier avec SCHL'!D1 -> Année 1 | E1: ='Flux financier avec SCHL'!E1 -> Année 2 | F1: ='Flux financier avec SCHL'!F1 -> Année 3 | G1: ='Flux financier avec SCHL'!G1 -> Année 4 | H1: ='Flux financier avec SCHL'!H1 -> Année 5 | I1: ='Flux financier avec SCHL'!I1 -> Année 6 | J1: ='Flux financier avec SCHL'!J1 -> Année 7 | ... AB1: ='Flux financier avec SCHL'!AB1 -> Année 25
A2: ='Flux financier avec SCHL'!A2 -> Taux d'inflation annuel & plus-value | B2: ='Flux financier avec SCHL'!B2 -> 0.024
A3: ='Flux financier avec SCHL'!A3 -> Revenus annuel bruts EFFECTIFS + taux d'inflation annuel | D3: =' Exemple sans SCHL'!B36 -> 50666.4 | E3: =(B2*'Flux financier sans SCHL'!D3)+'Flux financier sans SCHL'!D3 -> 51882.394 | F3: =(B2*'Flux financier sans SCHL'!E3)+'Flux financier sans SCHL'!E3 -> 53127.571 | G3: =(B2*'Flux financier sans SCHL'!F3)+'Flux financier sans SCHL'!F3 -> 54402.633 | H3: =(B2*'Flux financier sans SCHL'!G3)+'Flux financier sans SCHL'!G3 -> 55708.296 | I3: =(B2*'Flux financier sans SCHL'!H3)+'Flux financier sans SCHL'!H3 -> 57045.295 | J3: =(B2*'Flux financier sans SCHL'!I3)+'Flux financier sans SCHL'!I3 -> 58414.382 | K3: =(B2*'Flux financier sans SCHL'!J3)+'Flux financier sans SCHL'!J3 -> 59816.327 | L3: =(B2*'Flux financier sans SCHL'!K3)+'Flux financier sans SCHL'!K3 -> 61251.919 | M3: =(B2*'Flux financier sans SCHL'!L3)+'Flux financier sans SCHL'!L3 -> 62721.965 | N3: =(B2*'Flux financier sans SCHL'!M3)+'Flux financier sans SCHL'!M3 -> 64227.292 | O3: =(B2*'Flux financier sans SCHL'!N3)+'Flux financier sans SCHL'!N3 -> 65768.747 | P3: =(B2*'Flux financier sans SCHL'!O3)+'Flux financier sans SCHL'!O3 -> 67347.197 | Q3: =(B2*'Flux financier sans SCHL'!P3)+'Flux financier sans SCHL'!P3 -> 68963.53 | R3: =(B2*'Flux financier sans SCHL'!Q3)+'Flux financier sans SCHL'!Q3 -> 70618.655 | S3: =(B2*'Flux financier sans SCHL'!R3)+'Flux financier sans SCHL'!R3 -> 72313.502 | T3: =(B2*'Flux financier sans SCHL'!S3)+'Flux financier sans SCHL'!S3 -> 74049.027 | U3: =(B2*'Flux financier sans SCHL'!T3)+'Flux financier sans SCHL'!T3 -> 75826.203 | V3: =(B2*'Flux financier sans SCHL'!U3)+'Flux financier sans SCHL'!U3 -> 77646.032 | W3: =(B2*'Flux financier sans SCHL'!V3)+'Flux financier sans SCHL'!V3 -> 79509.537 | X3: =(B2*'Flux financier sans SCHL'!W3)+'Flux financier sans SCHL'!W3 -> 81417.766 | Y3: =(B2*'Flux financier sans SCHL'!X3)+'Flux financier sans SCHL'!X3 -> 83371.792 | Z3: =(B2*'Flux financier sans SCHL'!Y3)+'Flux financier sans SCHL'!Y3 -> 85372.715 | AA3: =(B2*'Flux financier sans SCHL'!Z3)+'Flux financier sans SCHL'!Z3 -> 87421.66 | AB3: =(B2*'Flux financier sans SCHL'!AA3)+'Flux financier sans SCHL'!AA3 -> 89519.78
A4: ='Flux financier avec SCHL'!A4 -> Hypothèque | C4: =' Exemple sans SCHL'!B19 -> 513750
A5: ='Flux financier avec SCHL'!A5 -> Valeur de revente | C5: =AB6 -> 1239337.2
A6: ='Flux financier avec SCHL'!A6 -> Plus-value annuelle de l'immeuble | C6: =C5/C20 -> 1.8092514 | D6: =C20*B2+C20 -> 701440 | E6: =D6*B2+D6 -> 718274.56 | F6: =E6*B2+E6 -> 735513.15 | G6: =F6*B2+F6 -> 753165.47 | H6: =G6*B2+G6 -> 771241.44 | I6: =H6*B2+H6 -> 789751.23 | J6: =I6*B2+I6 -> 808705.26 | K6: =J6*B2+J6 -> 828114.19 | L6: =K6*B2+K6 -> 847988.93 | M6: =L6*B2+L6 -> 868340.66 | N6: =M6*B2+M6 -> 889180.84 | O6: =N6*B2+N6 -> 910521.18 | P6: =O6*B2+O6 -> 932373.69 | Q6: =P6*B2+P6 -> 954750.65 | R6: =Q6*B2+Q6 -> 977664.67 | S6: =R6*B2+R6 -> 1001128.6 | T6: =S6*B2+S6 -> 1025155.7 | U6: =T6*B2+T6 -> 1049759.4 | V6: =U6*B2+U6 -> 1074953.7 | W6: =V6*B2+V6 -> 1100752.6 | X6: =W6*B2+W6 -> 1127170.6 | Y6: =X6*B2+X6 -> 1154222.7 | Z6: =Y6*B2+Y6 -> 1181924.1 | AA6: =Z6*B2+Z6 -> 1210290.2 | AB6: =AA6*B2+AA6 -> 1239337.2
A7: ='Flux financier avec SCHL'!A7 -> Remboursement du capital sur l'hypothèque (annuel) | B7: =D7/' Exemple sans SCHL'!B18 -> 0.076708864 | D7: ='Financement sans SCHL'!E28 -> 13136.393 | E7: ='Financement sans SCHL'!E41 -> 13600.19 | F7: ='Financement sans SCHL'!E54 -> 14080.361 | G7: ='Financement sans SCHL'!E67 -> 14577.486 | H7: ='Financement sans SCHL'!E80 -> 15092.163 | I7: ='Financement sans SCHL'!E93 -> 15625.01 | J7: ='Financement sans SCHL'!E106 -> 16176.671 | K7: ='Financement sans SCHL'!E119 -> 16747.808 | L7: ='Financement sans SCHL'!E132 -> 17339.111 | M7: ='Financement sans SCHL'!E145 -> 17951.29 | N7: ='Financement sans SCHL'!E158 -> 18585.082 | O7: ='Financement sans SCHL'!E171 -> 19241.252 | P7: ='Financement sans SCHL'!E184 -> 19920.588 | Q7: ='Financement sans SCHL'!E197 -> 20623.91 | R7: ='Financement sans SCHL'!E210 -> 21352.062 | S7: ='Financement sans SCHL'!E223 -> 22105.924 | T7: ='Financement sans SCHL'!E236 -> 22886.401 | U7: ='Financement sans SCHL'!E249 -> 23694.434 | V7: ='Financement sans SCHL'!E262 -> 24530.996 | W7: ='Financement sans SCHL'!E275 -> 25397.093 | X7: ='Financement sans SCHL'!E288 -> 26293.769 | Y7: ='Financement sans SCHL'!E301 -> 27222.104 | Z7: ='Financement sans SCHL'!E314 -> 28183.214 | AA7: ='Financement sans SCHL'!E327 -> 29178.258 | AB7: ='Financement sans SCHL'!E340 -> 30208.432
A8: ='Flux financier avec SCHL'!A8 -> Remboursement cumulative du capital sur l'hypothèque (capitalisation) | B8: =C4/(C4+D18+E18+F18+G18+H18+I18+J18+K18+L18+M18+N18+O18+P18+Q18+R18+S18+T18+U18+V18+W18+X18+Y18+Z18+AA18+AB18) -> 0.66764098 | D8: =D7 -> 13136.393 | E8: =D8+E7 -> 26736.583 | F8: =E8+F7 -> 40816.944 | G8: =F8+G7 -> 55394.43 | H8: =G8+H7 -> 70486.593 | I8: =H8+I7 -> 86111.603 | J8: =I8+J7 -> 102288.27 | K8: =J8+K7 -> 119036.08 | L8: =K8+L7 -> 136375.19 | ... AB8: =AA8+AB7 -> 513750
A9: ='Flux financier avec SCHL'!A9 -> Rendement annuel sur la mise de fond (cash flow + capitalisation + plus-value) | D9: =D23+'Financement sans SCHL'!E28+('Flux financier sans SCHL'!D6-'Flux financier sans SCHL'!C20) -> 24369.825 | E9: =E23+'Financement sans SCHL'!E41+('Flux financier sans SCHL'!E6-'Flux financier sans SCHL'!D6) -> 25841.944 | F9: =F23+'Financement sans SCHL'!E54+('Flux financier sans SCHL'!F6-'Flux financier sans SCHL'!E6) -> 27354.639 | G9: =G23+'Financement sans SCHL'!E67+('Flux financier sans SCHL'!G6-'Flux financier sans SCHL'!F6) -> 28909.066 | H9: =H23+'Financement sans SCHL'!E80+('Flux financier sans SCHL'!H6-'Flux financier sans SCHL'!G6) -> 30506.421 | I9: =I23+'Financement sans SCHL'!E93+('Flux financier sans SCHL'!I6-'Flux financier sans SCHL'!H6) -> 32147.931 | J9: =J23+'Financement sans SCHL'!E106+('Flux financier sans SCHL'!J6-'Flux financier sans SCHL'!I6) -> 33834.862 | K9: =K23+'Financement sans SCHL'!E119+('Flux financier sans SCHL'!K6-'Flux financier sans SCHL'!J6) -> 35568.517 | L9: =L23+'Financement sans SCHL'!E132+('Flux financier sans SCHL'!L6-'Flux financier sans SCHL'!K6) -> 37350.237 | M9: =M23+'Financement sans SCHL'!E145+('Flux financier sans SCHL'!M6-'Flux financier sans SCHL'!L6) -> 39181.403 | N9: =N23+'Financement sans SCHL'!E158+('Flux financier sans SCHL'!N6-'Flux financier sans SCHL'!M6) -> 41063.439 | O9: =O23+'Financement sans SCHL'!E171+('Flux financier sans SCHL'!O6-'Flux financier sans SCHL'!N6) -> 42997.809 | P9: =P23+'Financement sans SCHL'!E184+('Flux financier sans SCHL'!P6-'Flux financier sans SCHL'!O6) -> 44986.024 | Q9: =Q23+'Financement sans SCHL'!E197+('Flux financier sans SCHL'!Q6-'Flux financier sans SCHL'!P6) -> 47029.636 | R9: =R23+'Financement sans SCHL'!E210+('Flux financier sans SCHL'!R6-'Flux financier sans SCHL'!Q6) -> 49130.246 | S9: =S23+'Financement sans SCHL'!E223+('Flux financier sans SCHL'!S6-'Flux financier sans SCHL'!R6) -> 51289.504 | T9: =T23+'Financement sans SCHL'!E236+('Flux financier sans SCHL'!T6-'Flux financier sans SCHL'!S6) -> 53509.108 | U9: =U23+'Financement sans SCHL'!E249+('Flux financier sans SCHL'!U6-'Flux financier sans SCHL'!T6) -> 55790.806 | V9: =V23+'Financement sans SCHL'!E262+('Flux financier sans SCHL'!V6-'Flux financier sans SCHL'!U6) -> 58136.401 | W9: =W23+'Financement sans SCHL'!E275+('Flux financier sans SCHL'!W6-'Flux financier sans SCHL'!V6) -> 60547.749 | X9: =X23+'Financement sans SCHL'!E288+('Flux financier sans SCHL'!X6-'Flux financier sans SCHL'!W6) -> 63026.761 | Y9: =Y23+'Financement sans SCHL'!E301+('Flux financier sans SCHL'!Y6-'Flux financier sans SCHL'!X6) -> 65575.408 | Z9: =Z23+'Financement sans SCHL'!E314+('Flux financier sans SCHL'!Z6-'Flux financier sans SCHL'!Y6) -> 68195.718 | AA9: =AA23+'Financement sans SCHL'!E327+('Flux financier sans SCHL'!AA6-'Flux financier sans SCHL'!Z6) -> 70889.782 | AB9: =AB23+'Financement sans SCHL'!E340+('Flux financier sans SCHL'!AB6-'Flux financier sans SCHL'!AA6) -> 73659.754
A10: ='Flux financier avec SCHL'!A10 -> Équité | D10: =(D6*' Exemple sans SCHL'!B14)-'Financement sans SCHL'!C27 -> 25466.393 | E10: =(E6*' Exemple sans SCHL'!B14)-'Financement sans SCHL'!C40 -> 51692.503 | F10: =(F6*' Exemple sans SCHL'!B14)-'Financement sans SCHL'!C53 -> 78701.806 | G10: =(G6*' Exemple sans SCHL'!B14)-'Financement sans SCHL'!C66 -> 106518.53 | H10: =(H6*' Exemple sans SCHL'!B14)-'Financement sans SCHL'!C79 -> 135167.67 | I10: =(I6*' Exemple sans SCHL'!B14)-'Financement sans SCHL'!C92 -> 164675.03 | J10: =(J6*' Exemple sans SCHL'!B14)-'Financement sans SCHL'!C105 -> 195067.22 | K10: =(K6*' Exemple sans SCHL'!B14)-'Financement sans SCHL'!C118 -> 226371.72 | L10: =(L6*' Exemple sans SCHL'!B14)-'Financement sans SCHL'!C131 -> 258616.89 | M10: =(M6*' Exemple sans SCHL'!B14)-'Financement sans SCHL'!C144 -> 291831.98 | N10: =(N6*' Exemple sans SCHL'!B14)-'Financement sans SCHL'!C157 -> 326047.19 | O10: =(O6*' Exemple sans SCHL'!B14)-'Financement sans SCHL'!C170 -> 361293.7 | P10: =(P6*' Exemple sans SCHL'!B14)-'Financement sans SCHL'!C183 -> 397603.67 | Q10: =(Q6*' Exemple sans SCHL'!B14)-'Financement sans SCHL'!C196 -> 435010.3 | R10: =(R6*' Exemple sans SCHL'!B14)-'Financement sans SCHL'!C209 -> 473547.88 | S10: =(S6*' Exemple sans SCHL'!B14)-'Financement sans SCHL'!C222 -> 513251.77 | T10: =(T6*' Exemple sans SCHL'!B14)-'Financement sans SCHL'!C235 -> 554158.48 | U10: =(U6*' Exemple sans SCHL'!B14)-'Financement sans SCHL'!C248 -> 596305.72 | V10: =(V6*' Exemple sans SCHL'!B14)-'Financement sans SCHL'!C261 -> 639732.38 | W10: =(W6*' Exemple sans SCHL'!B14)-'Financement sans SCHL'!C274 -> 684478.64 | X10: =(X6*' Exemple sans SCHL'!B14)-'Financement sans SCHL'!C287 -> 730585.96 | Y10: =(Y6*' Exemple sans SCHL'!B14)-'Financement sans SCHL'!C300 -> 778097.13 | Z10: =(Z6*' Exemple sans SCHL'!B14)-'Financement sans SCHL'!C313 -> 827056.36 | AA10: =(AA6*' Exemple sans SCHL'!B14)-'Financement sans SCHL'!C326 -> 877509.25 | AB10: =(AB6*' Exemple sans SCHL'!B14)-'Financement sans SCHL'!C339 -> 929502.9
A11: ='Flux financier avec SCHL'!A11 -> FLUX POSITIFS | C11: =C4 -> 513750 | D11: =D3 -> 50666.4 | E11: =E3 -> 51882.394 | F11: =F3 -> 53127.571 | G11: =G3 -> 54402.633 | H11: =H3 -> 55708.296 | I11: =I3 -> 57045.295 | J11: =J3 -> 58414.382 | K11: =K3 -> 59816.327 | ... AB11: =AB3 -> 89519.78
A13: ='Flux financier avec SCHL'!A13 -> DÉPENSES ANNUELLES
A14: ='Flux financier avec SCHL'!A14 -> Dépenses annuelles (sans Fonds de prévoyance + taux d'inflation annuel) | C14: =D14+E14+F14+G14+H14+I14+J14+K14+L14+M14+N14+O14+P14+Q14+R14+S14+T14+U14+V14+W14+X14+Y14+Z14+AA14+AB14 -> 675263.37 | D14: =SUM(' Exemple sans SCHL'!E10:E18)+SUM(' Exemple sans SCHL'!E21:E37) -> 20026.312 | E14: =D14*B2+'Flux financier sans SCHL'!D14 -> 20506.943 | F14: =E14*B2+'Flux financier sans SCHL'!E14 -> 20999.11 | G14: =F14*B2+'Flux financier sans SCHL'!F14 -> 21503.089 | H14: =G14*B2+'Flux financier sans SCHL'!G14 -> 22019.163 | I14: =H14*B2+'Flux financier sans SCHL'!H14 -> 22547.623 | J14: =I14*B2+'Flux financier sans SCHL'!I14 -> 23088.766 | K14: =J14*B2+'Flux financier sans SCHL'!J14 -> 23642.896 | L14: =K14*B2+'Flux financier sans SCHL'!K14 -> 24210.326 | M14: =L14*B2+'Flux financier sans SCHL'!L14 -> 24791.373 | N14: =M14*B2+'Flux financier sans SCHL'!M14 -> 25386.366 | O14: =N14*B2+'Flux financier sans SCHL'!N14 -> 25995.639 | P14: =O14*B2+'Flux financier sans SCHL'!O14 -> 26619.535 | Q14: =P14*B2+'Flux financier sans SCHL'!P14 -> 27258.403 | R14: =Q14*B2+'Flux financier sans SCHL'!Q14 -> 27912.605 | S14: =R14*B2+'Flux financier sans SCHL'!R14 -> 28582.508 | T14: =S14*B2+'Flux financier sans SCHL'!S14 -> 29268.488 | U14: =T14*B2+'Flux financier sans SCHL'!T14 -> 29970.931 | V14: =U14*B2+'Flux financier sans SCHL'!U14 -> 30690.234 | W14: =V14*B2+'Flux financier sans SCHL'!V14 -> 31426.799 | X14: =W14*B2+'Flux financier sans SCHL'!W14 -> 32181.043 | Y14: =X14*B2+'Flux financier sans SCHL'!X14 -> 32953.388 | Z14: =Y14*B2+'Flux financier sans SCHL'!Y14 -> 33744.269 | AA14: =Z14*B2+'Flux financier sans SCHL'!Z14 -> 34554.131 | AB14: =AA14*B2+'Flux financier sans SCHL'!AA14 -> 35383.431
A15: ='Flux financier avec SCHL'!A15 -> Fonds de prévoyance (avec un taux d'inflation annuel) | C15: =D15+E15+F15+G15+H15+I15+J15+K15+L15+M15+N15+O15+P15+Q15+R15+S15+T15+U15+V15+W15+X15+Y15+Z15+AA15+AB15 -> 170841.06 | D15: =' Exemple sans SCHL'!E19 -> 5066.64 | E15: =B2*'Flux financier sans SCHL'!D15+'Flux financier sans SCHL'!D15 -> 5188.2394 | F15: =B2*'Flux financier sans SCHL'!E15+'Flux financier sans SCHL'!E15 -> 5312.7571 | G15: =B2*'Flux financier sans SCHL'!F15+'Flux financier sans SCHL'!F15 -> 5440.2633 | H15: =B2*'Flux financier sans SCHL'!G15+'Flux financier sans SCHL'!G15 -> 5570.8296 | I15: =B2*'Flux financier sans SCHL'!H15+'Flux financier sans SCHL'!H15 -> 5704.5295 | J15: =B2*'Flux financier sans SCHL'!I15+'Flux financier sans SCHL'!I15 -> 5841.4382 | K15: =B2*'Flux financier sans SCHL'!J15+'Flux financier sans SCHL'!J15 -> 5981.6327 | L15: =B2*'Flux financier sans SCHL'!K15+'Flux financier sans SCHL'!K15 -> 6125.1919 | M15: =B2*'Flux financier sans SCHL'!L15+'Flux financier sans SCHL'!L15 -> 6272.1965 | N15: =B2*'Flux financier sans SCHL'!M15+'Flux financier sans SCHL'!M15 -> 6422.7292 | O15: =B2*'Flux financier sans SCHL'!N15+'Flux financier sans SCHL'!N15 -> 6576.8747 | P15: =B2*'Flux financier sans SCHL'!O15+'Flux financier sans SCHL'!O15 -> 6734.7197 | Q15: =B2*'Flux financier sans SCHL'!P15+'Flux financier sans SCHL'!P15 -> 6896.353 | R15: =B2*'Flux financier sans SCHL'!Q15+'Flux financier sans SCHL'!Q15 -> 7061.8655 | S15: =B2*'Flux financier sans SCHL'!R15+'Flux financier sans SCHL'!R15 -> 7231.3502 | T15: =B2*'Flux financier sans SCHL'!S15+'Flux financier sans SCHL'!S15 -> 7404.9027 | U15: =B2*'Flux financier sans SCHL'!T15+'Flux financier sans SCHL'!T15 -> 7582.6203 | V15: =B2*'Flux financier sans SCHL'!U15+'Flux financier sans SCHL'!U15 -> 7764.6032 | W15: =B2*'Flux financier sans SCHL'!V15+'Flux financier sans SCHL'!V15 -> 7950.9537 | X15: =B2*'Flux financier sans SCHL'!W15+'Flux financier sans SCHL'!W15 -> 8141.7766 | Y15: =B2*'Flux financier sans SCHL'!X15+'Flux financier sans SCHL'!X15 -> 8337.1792 | Z15: =B2*'Flux financier sans SCHL'!Y15+'Flux financier sans SCHL'!Y15 -> 8537.2715 | AA15: =B2*'Flux financier sans SCHL'!Z15+'Flux financier sans SCHL'!Z15 -> 8742.166 | AB15: =B2*'Flux financier sans SCHL'!AA15+'Flux financier sans SCHL'!AA15 -> 8951.978
A16: ='Flux financier avec SCHL'!A16 -> TOTAL des dépenses annuelles | C16: =D16+E16+F16+G16+H16+I16+J16+K16+L16+M16+N16+O16+P16+Q16+R16+S16+T16+U16+V16+W16+X16+Y16+Z16+AA16+AB16 -> 846104.43 | D16: =D14+D15 -> 25092.952 | E16: =E14+E15 -> 25695.183 | F16: =F14+F15 -> 26311.867 | G16: =G14+G15 -> 26943.352 | H16: =H14+H15 -> 27589.992 | I16: =I14+I15 -> 28252.152 | J16: =J14+J15 -> 28930.204 | K16: =K14+K15 -> 29624.529 | ... AB16: =AB14+AB15 -> 44335.409
A17: ='Flux financier avec SCHL'!A17 -> Dépenses capitalisables lors de la présumé vente de l'immeuble | C17: =' Exemple sans SCHL'!H34+' Exemple sans SCHL'!H35+' Exemple sans SCHL'!H37+' Exemple sans SCHL'!H38+' Exemple sans SCHL'!H40+' Exemple sans SCHL'!H41+' Exemple sans SCHL'!H42+' Exemple sans SCHL'!H43+' Exemple sans SCHL'!H44+' Exemple sans SCHL'!H45+' Exemple sans SCHL'!H46+' Exemple sans SCHL'!H47 -> 11645
A18: ='Flux financier avec SCHL'!A18 -> Intérêts sur l'hypothèque | B18: =C18/C4 -> 0.497811 | C18: =D18+E18+F18+G18+H18+I18+J18+K18+L18+M18+N18+O18+P18+Q18+R18+S18+T18+U18+V18+W18+X18+Y18+Z18+AA18+AB18 -> 255750.4 | D18: ='Financement sans SCHL'!D28 -> 17643.623 | E18: ='Financement sans SCHL'!D41 -> 17179.826 | F18: ='Financement sans SCHL'!D54 -> 16699.655 | G18: ='Financement sans SCHL'!D67 -> 16202.53 | H18: ='Financement sans SCHL'!D80 -> 15687.853 | I18: ='Financement sans SCHL'!D93 -> 15155.006 | J18: ='Financement sans SCHL'!D106 -> 14603.345 | K18: ='Financement sans SCHL'!D119 -> 14032.208 | L18: ='Financement sans SCHL'!D132 -> 13440.905 | M18: ='Financement sans SCHL'!D145 -> 12828.726 | N18: ='Financement sans SCHL'!D158 -> 12194.934 | O18: ='Financement sans SCHL'!D171 -> 11538.764 | P18: ='Financement sans SCHL'!D184 -> 10859.428 | Q18: ='Financement sans SCHL'!D197 -> 10156.106 | R18: ='Financement sans SCHL'!D210 -> 9427.9535 | S18: ='Financement sans SCHL'!D223 -> 8674.0923 | T18: ='Financement sans SCHL'!D236 -> 7893.615 | U18: ='Financement sans SCHL'!D249 -> 7085.582 | V18: ='Financement sans SCHL'!D262 -> 6249.0204 | W18: ='Financement sans SCHL'!D275 -> 5382.923 | X18: ='Financement sans SCHL'!D288 -> 4486.2468 | Y18: ='Financement sans SCHL'!D301 -> 3557.9125 | Z18: ='Financement sans SCHL'!D314 -> 2596.8021 | AA18: ='Financement sans SCHL'!D327 -> 1601.7585 | AB18: ='Financement sans SCHL'!D340 -> 571.58361
A19: ='Flux financier avec SCHL'!A19 -> Dépenses fixes lors de l'acquisition de l'immeuble | C19: =' Exemple sans SCHL'!H36+' Exemple sans SCHL'!H39 -> 0
A20: ='Flux financier avec SCHL'!A20 -> Investissement principal | C20: =' Exemple sans SCHL'!B16 -> 685000
A21: ='Flux financier avec SCHL'!A22 -> FLUX NÉGATIFS | C21: =C17+C19+C20 -> 696645 | D21: =D16+D18+C19+D7 -> 55872.968 | E21: =E16+E18+E7 -> 56475.199 | F21: =F16+F18+F7 -> 57091.883 | G21: =G16+G18+G7 -> 57723.368 | H21: =H16+H18+H7 -> 58370.008 | I21: =I16+I18+I7 -> 59032.168 | J21: =J16+J18+J7 -> 59710.22 | K21: =K16+K18+K7 -> 60404.545 | L21: =L16+L18+L7 -> 61115.534 | ... AB21: =AB16+AB18+AB7 -> 75115.425
A23: ='Flux financier avec SCHL'!A24 -> ENCAISSE NET ANNUEL (CASH-FLOW) (avant impôt) | C23: =C11-C21 -> -182895 | D23: =D11-D21 -> -5206.568 | E23: =E11-E21 -> -4592.8052 | F23: =F11-F21 -> -3964.3122 | G23: =G11-G21 -> -3320.7353 | H23: =H11-H21 -> -2661.7126 | I23: =I11-I21 -> -1986.8733 | J23: =J11-J21 -> -1295.8378 | ... AB23: =AB11-AB21 -> 14404.356
A24: ='Flux financier avec SCHL'!A25 -> ENCAISSE NET ANNUEL (CASH-FLOW) (après impôt) | D24: =D23-D31 -> -5206.568 | E24: =E23-E31 -> -4592.8052 | F24: =F23-F31 -> -3964.3122 | G24: =G23-G31 -> -3320.7353 | H24: =H23-H31 -> -2661.7126 | I24: =I23-I31 -> -1986.8733 | J24: =J23-J31 -> -1295.8378 | K24: =K23-K31 -> -588.21757 | ... AB24: =AB23-AB31 -> 10083.049
A26: ='Flux financier avec SCHL'!A27 -> IMPÔTS
A27: ='Flux financier avec SCHL'!A28 -> Résultats bruts | D27: =D11-(D16+D18) -> 7929.8249 | E27: =E11-(E16+E18) -> 9007.3844 | F27: =F11-(F16+F18) -> 10116.049 | G27: =G11-(G16+G18) -> 11256.751 | H27: =H11-(H16+H18) -> 12430.45 | I27: =I11-(I16+I18) -> 13638.137 | J27: =J11-(J16+J18) -> 14880.833 | K27: =K11-(K16+K18) -> 16159.591 | ... S27: =S11-(S16+S18) -> 27825.552 | T27: =T11-(T809+T18) -> 66155.412 | U27: =U11-(U16+U18) -> 31187.069 | V27: =V11-(V16+V18) -> 32942.175 | W27: =W11-(W16+W18) -> 34748.861 | X27: =X11-(X16+X18) -> 36608.7 | Y27: =Y11-(Y16+Y18) -> 38523.313 | Z27: =Z11-(Z16+Z18) -> 40494.373 | AA27: =AA11-(AA16+AA18) -> 42523.604 | AB27: =AB11-(AB16+AB18) -> 44612.788
A28: ='Flux financier avec SCHL'!A29 -> Amortissement (4% de l'évaluation municipale de la bâtisse) | D28: =D38 -> 0 | E28: =E38 -> 0 | F28: =F38 -> 0 | G28: =G38 -> 0 | H28: =H38 -> 0 | I28: =I38 -> 0 | J28: =J38 -> 0 | K28: =K38 -> 0 | ... AB28: =AB38 -> 0
A29: ='Flux financier avec SCHL'!A30 -> Total | D29: =D27-D28 -> 7929.8249 | E29: =E27-E28 -> 9007.3844 | F29: =F27-F28 -> 10116.049 | G29: =G27-G28 -> 11256.751 | H29: =H27-H28 -> 12430.45 | I29: =I27-I28 -> 13638.137 | J29: =J27-J28 -> 14880.833 | K29: =K27-K28 -> 16159.591 | ... AB29: =AB27-AB28 -> 44612.788
A30: ='Flux financier avec SCHL'!A31 -> Pertes reportées (ajouter lors de la vente) | C30: =D30+E30+F30+G30+H30+I30+J30+K30+L30+M30+N30+O30+P30+Q30+R30+S30+T30+U30+V30+W30+X30+Y30+Z30+AA30+AB30 -> -23617.062 | D30: =IF(D24>0,0,D24) -> -5206.568 | E30: =IF(E24>0,0,E24) -> -4592.8052 | F30: =IF(F24>0,0,F24) -> -3964.3122 | G30: =IF(G24>0,0,G24) -> -3320.7353 | H30: =IF(H24>0,0,H24) -> -2661.7126 | I30: =IF(I24>0,0,I24) -> -1986.8733 | J30: =IF(J24>0,0,J24) -> -1295.8378 | K30: =IF(K24>0,0,K24) -> -588.21757 | ... AB30: =IF(AB24>0,0,AB24) -> 0
A31: ='Flux financier avec SCHL'!A32 -> Impôts NET à payer sur les revenus annuels | B31: 0.3 | D31: =(IF(D23<0,0,D23))*$B$31 -> 0 | E31: =(IF(E23<0,0,E23))*$B$31 -> 0 | F31: =(IF(F23<0,0,F23))*$B$31 -> 0 | G31: =(IF(G23<0,0,G23))*$B$31 -> 0 | H31: =(IF(H23<0,0,H23))*$B$31 -> 0 | I31: =(IF(I23<0,0,I23))*$B$31 -> 0 | J31: =(IF(J23<0,0,J23))*$B$31 -> 0 | K31: =(IF(K23<0,0,K23))*$B$31 -> 0 | ... AB31: =(IF(AB23<0,0,AB23))*$B$31 -> 4321.3067
A32: ='Flux financier avec SCHL'!A33 -> Montant sur lequel l'impôt est calculé et payable lors de la vente de l'immeuble | C32: =(((C5-C20)/2)+(C38)-(C17-C30)) -> 241906.54
A33: ='Flux financier avec SCHL'!A34 -> Montant à remettre à l'impôt lors de la vente de l'immeuble | B33: 0.5 | C33: =C32*B33 -> 120953.27
A34: ='Flux financier avec SCHL'!A35 -> Profit NET après impôt dans mes poches | C34: =(((C5-C20)-C33)) -> 433383.93
A36: ='Flux financier avec SCHL'!A37 -> AMORTISSEMENT
A37: ='Flux financier avec SCHL'!A38 -> Solde restante de l'amortissement sur immeuble | C37: =' Exemple sans SCHL'!B46 -> 793000 | D37: =' Exemple sans SCHL'!E54 -> 793000 | E37: =' Exemple sans SCHL'!E55 -> 793000 | F37: =' Exemple sans SCHL'!E56 -> 793000 | G37: =' Exemple sans SCHL'!E57 -> 793000 | H37: =' Exemple sans SCHL'!E58 -> 793000 | I37: =' Exemple sans SCHL'!E59 -> 793000 | J37: =' Exemple sans SCHL'!E60 -> 793000 | K37: =' Exemple sans SCHL'!E61 -> 793000 | L37: =' Exemple sans SCHL'!E62 -> 793000 | M37: =' Exemple sans SCHL'!E63 -> 793000 | N37: =' Exemple sans SCHL'!E64 -> 793000 | O37: =' Exemple sans SCHL'!E65 -> 793000 | P37: =' Exemple sans SCHL'!E66 -> 793000 | Q37: =' Exemple sans SCHL'!E67 -> 793000 | R37: =' Exemple sans SCHL'!E68 -> 793000 | S37: =' Exemple sans SCHL'!E69 -> 793000 | T37: =' Exemple sans SCHL'!E70 -> 793000 | U37: =' Exemple sans SCHL'!E71 -> 793000 | V37: =' Exemple sans SCHL'!E72 -> 793000 | W37: =' Exemple sans SCHL'!E73 -> 793000 | X37: =' Exemple sans SCHL'!E74 -> 793000 | Y37: =' Exemple sans SCHL'!E75 -> 793000 | Z37: =' Exemple sans SCHL'!E76 -> 793000 | AA37: =' Exemple sans SCHL'!E77 -> 793000 | AB37: =' Exemple sans SCHL'!E78 -> 793000
A38: Total amortissable (ajouter au gain en capital lors de la vente) | C38: =D38+E38+F38+G38+H38+I38+J38+K38+L38+M38+N38+O38+P38+Q38+R38+S38+T38+U38+V38+W38+X38+Y38+Z38+AA38+AB38 -> 0 | D38: =' Exemple sans SCHL'!D54 -> 0 | E38: =' Exemple sans SCHL'!D55 -> 0 | F38: =' Exemple sans SCHL'!D56 -> 0 | G38: =' Exemple sans SCHL'!D57 -> 0 | H38: =' Exemple sans SCHL'!D58 -> 0 | I38: =' Exemple sans SCHL'!D59 -> 0 | J38: =' Exemple sans SCHL'!D60 -> 0 | K38: =' Exemple sans SCHL'!D61 -> 0 | L38: =' Exemple sans SCHL'!D62 -> 0 | M38: =' Exemple sans SCHL'!D63 -> 0 | N38: =' Exemple sans SCHL'!D64 -> 0 | O38: =' Exemple sans SCHL'!D65 -> 0 | P38: =' Exemple sans SCHL'!D66 -> 0 | Q38: =' Exemple sans SCHL'!D67 -> 0 | R38: =' Exemple sans SCHL'!D68 -> 0 | S38: =' Exemple sans SCHL'!D69 -> 0 | T38: =' Exemple sans SCHL'!D70 -> 0 | U38: =' Exemple sans SCHL'!D71 -> 0 | V38: =' Exemple sans SCHL'!D72 -> 0 | W38: =' Exemple sans SCHL'!D73 -> 0 | X38: =' Exemple sans SCHL'!D74 -> 0 | Y38: =' Exemple sans SCHL'!D75 -> 0 | Z38: =' Exemple sans SCHL'!D76 -> 0 | AA38: =' Exemple sans SCHL'!D77 -> 0 | AB38: =' Exemple sans SCHL'!D78 -> 0

Sheet Ratio endettement (ABD & ATD)
A1: Ratio endettement - ABD (Amortissement brut de la dette) | B1: Montant mensuel | C1: Résultat %
A2: Versement hypothécaire (Capital et intérêts) | B2: 600 | C2: =(B2+B3+B4+B5)/B6 -> 0.30948718
A3: Taxes foncières (Municipale et Scolaires) | B3: 340
A4: Chauffage | B4: 267
A5: Frais de condo | B5: 0
A6: Revenus mensuels | B6: 3900
A8: Ratio endettement - ATD (Amortissement total de la dette) | B8: =B1 -> Montant mensuel | C8: =C1 -> Résultat %
A9: =A2 -> Versement hypothécaire (Capital et intérêts) | B9: =B2 -> 600 | C9: =(B9+B10+B11+B12+B13+B14+B15+B16+B17)/B18 -> 0.43974359
A10: =A3 -> Taxes foncières (Municipale et Scolaires) | B10: =B3 -> 340
A11: =A4 -> Chauffage | B11: =B4 -> 267
A12: =A5 -> Frais de condo | B12: =B5 -> 0
A13: Cartes de crédit | B13: 0
A14: Prêt automobile | B14: 508
A15: Prêts personnels ou tous autres prêts | B15: 0
A16: Marge de crédit | B16: 0
A17: Pension alimentaire | B17: 0
A18: =A6 -> Revenus mensuels | B18: =B6 -> 3900
A21: Excellent: 760 et plus
A22: Très bon: 725-759
A23: Bon: 660-724
A24: Correct: 560-659
A25: Mauvais: en dessous de 560
